Workbook
Name \A: #REF!
Name \A: #REF!
Name \A: #REF!
Name \A: #REF!
Name \A: #REF!
Name \A: #REF!
Name \A: #REF!
Name \A: #REF!
Name \A: #REF!
Name \A: #REF!
Name \g: #REF!
Name \g: #REF!
Name \g: #REF!
Name \g: #REF!
Name \g: #REF!
Name \g: #REF!
Name \g: #REF!
Name \g: #REF!
Name \g: #REF!
Name \g: #REF!
Name \S: #REF!
Name \S: #REF!
Name \S: #REF!
Name \S: #REF!
Name \S: #REF!
Name \S: #REF!
Name \S: #REF!
Name \S: #REF!
Name \S: #REF!
Name \S: #REF!
Name ACTIVATE: #REF!
Name ACTIVATE: #REF!
Name ACTIVATE: #REF!
Name ACTIVATE: #REF!
Name ACTIVATE: #REF!
Name ACTIVATE: #REF!
Name ACTIVATE: #REF!
Name ACTIVATE: #REF!
Name ACTIVATE: #REF!
Name ACTIVATE: #REF!
Name ASSUMPT: #REF!
Name ASSUMPT: #REF!
Name ASSUMPT: #REF!
Name ASSUMPT: #REF!
Name ASSUMPT: #REF!
Name ASSUMPT: #REF!
Name ASSUMPT: #REF!
Name ASSUMPT: #REF!
Name ASSUMPT: #REF!
Name ASSUMPT: #REF!
Name ASSUMPTIONS: #REF!
Name ASSUMPTIONS: #REF!
Name ASSUMPTIONS: #REF!
Name ASSUMPTIONS: #REF!
Name ASSUMPTIONS: #REF!
Name ASSUMPTIONS: #REF!
Name ASSUMPTIONS: #REF!
Name ASSUMPTIONS: #REF!
Name ASSUMPTIONS: #REF!
Name ASSUMPTIONS: #REF!

Sheet Datos
A1: Versión 06 | B1: A.1 Estados Unidos: PIB nominal y real, deflactor, PIB per cápita | J1: Estados Unidos Indice de precios mayoreo | N1: Estados Unidos Indice de precios consumidor | R1: A.3 Estados Unidos: Tasas de interes | V1: A. 4 Estados Unidos: Fiscal | W1: A.5 UK: Precio del petróleo | Y1: B. Indicadores demográficos; México | AG1: C.1 PIB real en millones de pesos de 1950 y Deflactor del PIB | AK1: C.2 PIB nominal mp | AM1: C.3 Productividad | AN1: C.4 PIB Potencial y brecha del producto | AR1: C.5 PIB nominal y per cápita en dólares | AV1: C.6 Coeficiente incremental capital-producto (ICOR) | AX1: C.7.1 Ahorro e Inversión (Con Gobierno Federal) | BM1: C7.2 Ahorro e inversión (Con Sector Público) | BV1: D.1 Precios mayoreo/consumidor y Costo de la vida obrera | CB1: D.3 Tasa de interés | CC1: D.4 Tipo de cambio | CK1: D.5 Salarios | CP1: D.6 Términos de intercambio | CR1: E. Balanza de pagos en m/d | DR1: F.1 Finanzas públicas del Gobierno Federal | DX1: F.2 Finanzas públicas del Sector Público | ED1: F.3 Deuda externa | EG1: Base monetaria | EZ1: Financiamiento por fuente y destino, sin banca | FL1: Oferta monetaria, M1 y M2, Multiplicador bancario, Inversa de la velocidad del dinero y su inversa | FX1: Base monetaria con ajuste de valores encaje | GF1: Reservas Internacionales
A2: Año | B2: Población personas | C2: PIB Real Base 2012 | D2: PIB Real % | E2: PIB Nominal md | F2: PIB Nominal % | G2: Deflactor del PIB (2012=100) | H2: Deflactor del PIB % | I2: PIB per cápita US dollars | J2: IPM Inf prom 1950=100 | K2: IPM Inf % prom 1950=100 | L2: IPM Inf fin 1950=100 | M2: IPM Inf % fin 1950=100 | N2: IPC promedio 1950=100 | O2: IPC % promedio 1950=101 | P2: IPC fin 1950=100 | Q2: IPC % fin 1950=10 | R2: Prime Fin | S2: Prime Prom | T2: 3M Treasury Fin | U2: 3M Treasury prom | V2: Balance fiscal % del PIB | W2: Barril de petróleo en US$ | X2: Petróleo UK % | Y2: Población personas | Z2: Población personas % | AA2: Población urbana personas | AB2: Población urbana en % del total | AC2: Población rural personas | AD2: Población rural en % del total | AE2: Población Ocupada/Distinta de PEA | AF2: Población Ocupada/Distinta de PEA | AG2: PIB real en m/p de 1950 | AH2: PIB real t/c | AI2: PIB Deflactor 1950=100 | AJ2: PIB Deflactor % | AK2: PIB Nominal en m/p | AL2: PIB Nominal t/c | AM2: Productividad: PIB real/Pob ocupada= m/p por persona | AN2: 1929-1982 PIB Potencial Base 1950 | AO2: PIB Potencial Índice 1950=100 | AP2: PIB Potencial t/c | AQ2: Brecha del producto (potencial-obs) | AR2: PIB Nominal en m/d | AS2: PIB Nominal en dólares t/c | AT2: PIB per cápita en dólares | AU2: PIB per cápita en dólares t/c | AV2: Coeficiente incremental capital producto (ICOR) | AW2: Coeficiente incremental capital producto (ICOR) ajustada HP | AX2: Inversión nominal en mp | AY2: Inversión nominal en t/c | AZ2: Inversión privada nominal en mp | BA2: Inversión privada nominal en t/c | BB2: Inversión nominal gobierno en mp | BC2: Inversión nominal gobierno en t/c | BD2: Inversión nominal en % del PIB | BE2: Ahorro externo % del PIB | BF2: Ahorro interno % del PIB | BG2: Ahorro privado % del PIB | BH2: Ahorro público % del PIB | BI2: Balance privado % del PIB | BJ2: Balance público % del PIB | BK2: Inversión gobierno nominal en % del PIB | BL2: Inversión privada nominal en % del PIB | BM2: Inversión total con inventarios Aspe (1993) | BN2: Ahorro externo | BO2: Ahorro interno | BP2: Ahorro privado | BQ2: Balance privado | BR2: Ahorro público | BS2: Balance público | BT2: Inversión privada | BU2: Inversión pública; Aspe (1993) | BV2: IPC 1950=100 Promedio | BW2: IPC t/c | BX2: IPC Fin | BY2: IPC t/c | BZ2: Indice del costo de la vida obrera (ICVO); 1950=100 | CA2: Indice del costo de la vida obrera (ICVO); Tasa % | CB2: Tasa de interés pasiva Bonos hipotecarios y CPP | CC2: Tipo de cambio promedio pesos | CD2: Tipo de cambio t/c | CE2: Tipo de Cambio fin pesos | CF2: Tipo de cambio t/c | CG2: Índice de Valuación prom 1964=100 | CH2: Índice de Valuación prom t/c | CI2: Índice de Valuación fin 1964=100 | CJ2: Índice de Valuación fin t/c | CK2: Salario Mínimo en pesos | CL2: Salario Mínimo t/c | CM2: Indice del salario mínimo 1950=100 (Serie ajustada nominal) | CN2: Indice del mínimo real-IPC | CO2: Indice del salario industrial real -Índice Bortz | CP2: Términos de intercambio en dólares Índice 1950=100 | CQ2: Términos de intercambio % | CR2: I. Cuenta corriente | CS2: A. Ingresos | CT2: 1. Bienes | CU2: 2. Servicios | CV2: 3. Renta y otros | CW2: 4. Transferencias | CX2: B. Egresos | CY2: 1. Bienes | CZ2: 2. Servicios | DA2: 3. Renta y otros | DB2: 4. Transferencias | DC2: II. Cuenta financiera | DD2: III. Derechos especiales de giro | DE2: IV. Errores y omisiones | DF2: V. Variación de la reserva internacional bruta (I + II + III + IV) | DG2: Ajustes por valoración | DH2: IED en md | DI2: IED % del PIB | DJ2: Apertura de la economía % del PIB | DK2: Balanza comercial en md | DL2: Balanza comercial en % del PIB | DM2: Exportaciones % | DN2: Importaciones % | DO2: I. Cuenta corriente en % del PIB | DP2: II. Cuenta financiera en % del PIB | DQ2: Exportaciones de petroleo md | DR2: Ingreso Gob Federal | DS2: Ingreso % del PIB | DT2: Gasto Gob Federal | DU2: Gasto % del PIB | DV2: Balance Gob Federal | DW2: Balance % del PIB | DX2: Ingreso Sector Público mp | DY2: Ingreso Sector Público % del PIB | DZ2: Egreso Sector Público mp | EA2: Egresos Sector Público % del PIB | EB2: Requerimientos Financieros del SP m/p | EC2: Requerimientos Financieros del SP % del PIB | ED2: Deuda externa en m/d fusión | EE2: Deuda externa en % del PIB fusión | EG2: Base Monetaria | EH2: Base Monetaria % del PIB | EI2: Base Monetaria en % | EJ2: Componente externo | EM2: Componente interno | EP2: Crédito al gobierno | ES2: Crédito a la banca | EV2: Crédito a las empresas y particulares | EZ2: Fin Inst de Crédito sin banca | FB2: Fin sin banca BM | FD2: Fin sin banca BN | FF2: Fin sin banca BP | FH2: Fin de la BN al GF | FJ2: Fin de la BP al GF | FL2: Oferta Monetaria diciembre (M1) | FO2: Oferta monetaria promedio | FR2: M2 | FU2: Multiplicador monetario | FV2: Inversa de la velocidad del dinero | FW2: Velocidad del dinero | FX2: Base monetaria con ajuste valores encaje | GA2: Componente interno con ajuste valores encaje | GD2: Financiamiento al gobierno vía encaje legal | GE2: Financiamiento total al gobierno incluye encaje legal | GF2: RI (md) | GG2: RI % del PIB | GH2: RIs md (variación anual) | GI2: RI variación anual en % del PIB | GJ2: RI mp | GK2: RI mp en % | GL2: RI meses de importaciones
AV3: Relación marginal capital producto (ICOR) | AW3: Relación marginal capital producto (ICOR) | BZ3: Año | CA3: Año | EJ3: En millones de pesos | EK3: En % del PIB | EL3: En % | EM3: En millones de pesos | EN3: En % del PIB | EO3: En % | EP3: En millones de pesos | EQ3: En % del PIB | ER3: En % | ES3: En millones de pesos | ET3: En % del PIB | EU3: En % | EV3: En millones de pesos | EW3: En % del PIB | EX3: En % | EZ3: En millones de pesos | FA3: En % del PIB | FB3: En millones de pesos | FC3: En % del PIB | FD3: En millones de pesos | FE3: En % del PIB | FF3: En millones de pesos | FG3: En % del PIB | FH3: En millones de pesos | FI3: En % del PIB | FJ3: En millones de pesos | FK3: En % del PIB | FL3: En millones de pesos | FM3: En % del PIB | FN3: En % | FO3: En millones de pesos | FP3: En % del PIB | FQ3: En % | FR3: En millones de pesos | FS3: En % del PIB | FT3: En % | FX3: En millones de pesos | FY3: En % del PIB | FZ3: En % | GA3: En millones de pesos | GB3: En % del PIB | GC3: En %
AN4: - | AO4: - | AP4: - | AV4: Relación marginal capital producto (ICOR) | AW4: Relación marginal capital producto (ICOR)
A5: 1920 | B5: ='[14]EU Pob'!B5 -> - | C5: ='[14]EU PIB'!B5 -> 774.9761 | D5: ='[14]EU PIB'!C5 -> -2.1297574 | E5: ='[14]EU PIB'!D5 -> 87.790813 | F5: ='[14]EU PIB'!E5 -> 12.975913 | G5: ='[14]EU PIB'!F5 -> 11.328196 | H5: ='[14]EU PIB'!G5 -> 0 | I5: ='[14]EU PIB'!H5 -> - | J5: ='[14]EU INF A'!$J5 -> 97.378848 | K5: - | L5: ='[14]EU INF A'!$L5 -> 76.074368 | M5: - | N5: ='[14]EU INF A'!$F5 -> 83.275623 | O5: - | P5: ='[14]EU INF A'!$H5 -> 77.6 | Q5: - | R5: - | S5: - | T5: - | U5: - | V5: - | W5: ='[14]UK Pet'!B64 -> 3.07 | X5: ='[14]UK Pet'!C64 -> 52.736318 | Y5: - | Z5: - | AA5: - | AB5: - | AC5: - | AD5: - | AE5: - | AF5: - | AG5: - | AH5: - | AI5: - | AJ5: - | AK5: - | AL5: - | AM5: - | AN5: - | AO5: - | AP5: - | AQ5: - | AR5: - | AS5: - | AT5: - | AU5: - | AV5: - | AW5: - | AX5: - | AY5: - | AZ5: - | BA5: - | BB5: - | BC5: - | BD5: - | BE5: - | BF5: - | BG5: - | BH5: - | BI5: - | BJ5: - | BK5: - | BL5: - | BM5: - | BN5: - | BO5: - | BP5: - | BQ5: - | BR5: - | BS5: - | BT5: - | BU5: - | BV5: ='[15]Precios M Anual'!B5 -> 40.395932 | BW5: 4.8 | BX5: ='[15]Precios M Anual'!D5 -> 35.988234 | BY5: 4.7 | BZ5: - | CA5: - | CB5: - | CC5: - | CD5: - | CE5: - | CF5: - | CG5: - | CH5: - | CI5: - | CJ5: - | CK5: - | CL5: - | CM5: - | CN5: - | CO5: - | CP5: - | CQ5: - | CR5: - | CS5: - | CT5: =[16]bp!$I5 -> 425.4 | CU5: - | CV5: - | CW5: - | CX5: - | CY5: =[16]bp!N5 -> 197.5 | CZ5: - | DA5: - | DB5: - | DC5: - | DD5: - | DE5: - | DF5: - | DG5: - | DH5: - | DI5: - | DJ5: - | DK5: =CT5-CY5 -> 227.9 | DM5: - | DN5: - | DO5: - | DP5: - | DQ5: - | DR5: - | DS5: - | DT5: - | DU5: - | DV5: - | DW5: - | DX5: - | DY5: - | DZ5: - | EA5: - | EB5: - | EC5: - | ED5: - | EE5: - | EF5: - | EG5: - | EH5: - | EI5: - | EJ5: - | EK5: - | EL5: - | EM5: - | EN5: - | EO5: - | EP5: - | EQ5: - | ER5: - | ES5: - | ET5: - | EU5: - | EV5: - | EW5: - | EX5: - | EZ5: - | FA5: - | FB5: - | FC5: - | FD5: - | FE5: - | FF5: - | FG5: - | FH5: - | FI5: - | FJ5: - | FK5: - | FL5: - | FM5: - | FN5: - | FO5: - | FP5: - | FQ5: - | FR5: - | FS5: - | FT5: - | FU5: - | FV5: - | FW5: - | FX5: - | FY5: - | FZ5: - | GA5: - | GB5: - | GC5: - | GD5: - | GE5: - | GF5: - | GG5: - | GH5: - | GI5: - | GJ5: - | GK5: - | GL5: -
A6: 1921 | B6: ='[14]EU Pob'!B6 -> - | C6: ='[14]EU PIB'!B6 -> 747.64972 | D6: ='[14]EU PIB'!C6 -> -3.5260931 | E6: ='[14]EU PIB'!D6 -> 73.732609 | F6: ='[14]EU PIB'!E6 -> -16.013297 | G6: ='[14]EU PIB'!F6 -> 9.861919 | H6: ='[14]EU PIB'!G6 -> -12.943607 | I6: ='[14]EU PIB'!H6 -> - | J6: ='[14]EU INF A'!$J6 -> 61.505639 | K6: =((J6/J5)-1)*100 -> -36.838811 | L6: ='[14]EU INF A'!$L6 -> 58.518744 | M6: =((L6/L5)-1)*100 -> -23.076923 | N6: ='[14]EU INF A'!$F6 -> 74.168975 | O6: =((N6/N5)-1)*100 -> -10.935551 | P6: ='[14]EU INF A'!$H6 -> 69.2 | Q6: =((P6/P5)-1)*100 -> -10.824742 | R6: - | S6: - | T6: - | U6: - | V6: - | W6: ='[14]UK Pet'!B65 -> 1.73 | X6: ='[14]UK Pet'!C65 -> -43.648208 | Y6: =[17]POBLACIÓN!$E6 -> 14334780 | AA6: =[17]POBLACIÓN!$F6 -> 4465503 | AB6: =(AA6/Y6)*100 -> 31.151528 | AC6: =[17]POBLACIÓN!$G6 -> 9869277 | AD6: =(AC6/Y6)*100 -> 68.848472 | AE6: =[17]POBLACIÓN!$M6 -> 4883561 | AF6: =(AE6/Y6)*100 -> 34.067917 | AG6: =[18]PIB!D6 -> 17117.41 | AH6: =[18]PIB!E6 -> 0.7 | AI6: =[18]PIB!H6 -> 31.86814 | AJ6: - | AK6: =[18]PIB!B6 -> 5455 | AL6: =[18]PIB!C6 -> -8.8 | AM6: =(AG6*1000)/AE6 -> 3.5051082 | AN6: - | AO6: - | AP6: - | AQ6: - | AR6: =(AK6)/CC6 -> 2674.0196 | AS6: - | AT6: =(AR6*1000000)/Y6 -> 186.54068 | AU6: - | AV6: - | AW6: - | AX6: - | AY6: - | AZ6: - | BA6: - | BB6: - | BC6: - | BD6: - | BE6: - | BF6: - | BG6: - | BH6: - | BI6: - | BJ6: - | BK6: - | BL6: - | BM6: - | BN6: - | BO6: - | BP6: - | BQ6: - | BR6: - | BS6: - | BT6: - | BU6: - | BV6: ='[15]Precios M Anual'!B6 -> 36.173618 | BW6: =((BV6/BV5)-1)*100 -> -10.452325 | BX6: ='[15]Precios M Anual'!D6 -> 29.297059 | BY6: =((BX6/BX5)-1)*100 -> -18.592676 | BZ6: - | CA6: - | CB6: - | CC6: ='[19]TCA B64'!$B6 -> 2.04 | CD6: - | CE6: =[19]TCA!$D6 -> 2.06 | CF6: - | CG6: - | CH6: - | CI6: - | CJ6: - | CK6: - | CL6: - | CM6: - | CN6: - | CO6: - | CP6: - | CQ6: - | CR6: - | CS6: - | CT6: =[16]bp!$I6 -> 376 | CU6: - | CV6: - | CW6: - | CX6: - | CY6: =[16]bp!N6 -> 241.7 | CZ6: - | DA6: - | DB6: - | DC6: - | DD6: - | DE6: - | DF6: - | DG6: - | DH6: - | DI6: - | DJ6: =((CT6+CY6)/AR6)*100 -> 23.100055 | DK6: =CT6-CY6 -> 134.3 | DL6: =(DK6/AR6)*100 -> 5.0224015 | DM6: - | DN6: - | DO6: - | DP6: - | DQ6: - | DR6: - | DS6: - | DT6: - | DU6: - | DV6: - | DW6: - | DX6: - | DY6: - | DZ6: - | EA6: - | EB6: - | EC6: - | ED6: ='[20]Deuda Ext'!K6 -> 280.30931 | EE6: =(ED6/AR6)*100 -> 10.482695 | EF6: - | EG6: - | EH6: - | EI6: - | EJ6: - | EK6: - | EL6: - | EM6: - | EN6: - | EO6: - | EP6: - | EQ6: - | ER6: - | ES6: - | ET6: - | EU6: - | EV6: - | EW6: - | EX6: - | EZ6: - | FA6: - | FB6: - | FC6: - | FD6: - | FE6: - | FF6: - | FG6: - | FH6: - | FI6: - | FJ6: - | FK6: - | FL6: - | FM6: - | FN6: - | FO6: - | FP6: - | FQ6: - | FR6: - | FS6: - | FT6: - | FU6: - | FV6: - | FW6: - | FX6: - | FY6: - | FZ6: - | GA6: - | GB6: - | GC6: - | GD6: - | GE6: - | GF6: - | GG6: - | GH6: - | GI6: - | GJ6: - | GK6: - | GL6: -
A7: 1922 | B7: ='[14]EU Pob'!B7 -> - | C7: ='[14]EU PIB'!B7 -> 801.36557 | D7: ='[14]EU PIB'!C7 -> 7.1846282 | E7: ='[14]EU PIB'!D7 -> 73.450842 | F7: ='[14]EU PIB'!E7 -> -0.38214822 | G7: ='[14]EU PIB'!F7 -> 9.1657097 | H7: ='[14]EU PIB'!G7 -> -7.0595724 | I7: ='[14]EU PIB'!H7 -> - | J7: ='[14]EU INF A'!$J7 -> 60.957025 | K7: =((J7/J6)-1)*100 -> -0.89197225 | L7: ='[14]EU INF A'!$L7 -> 63.273392 | M7: =((L7/L6)-1)*100 -> 8.125 | N7: ='[14]EU INF A'!$F7 -> 69.598338 | O7: =((N7/N6)-1)*100 -> -6.162465 | P7: ='[14]EU INF A'!$H7 -> 67.6 | Q7: =((P7/P6)-1)*100 -> -2.3121387 | R7: - | S7: - | T7: - | U7: - | V7: - | W7: ='[14]UK Pet'!B66 -> 1.61 | X7: ='[14]UK Pet'!C66 -> -6.9364162 | Y7: =[17]POBLACIÓN!$E7 -> 14565983 | Z7: =((Y7/Y6)-1)*100 -> 1.6128841 | AA7: =[17]POBLACIÓN!$F7 -> 4573832.4 | AB7: =(AA7/Y7)*100 -> 31.40078 | AC7: =[17]POBLACIÓN!$G7 -> 9992151 | AD7: =(AC7/Y7)*100 -> 68.59922 | AE7: =[17]POBLACIÓN!$M7 -> 4914143.8 | AF7: =(AE7/Y7)*100 -> 33.737124 | AG7: =[18]PIB!D7 -> 17516.471 | AH7: =[18]PIB!E7 -> 2.3313198 | AI7: =[18]PIB!H7 -> 26.203908 | AJ7: =[18]PIB!I7 -> -17.773964 | AK7: =[18]PIB!B7 -> 4590 | AL7: =[18]PIB!C7 -> -15.857012 | AM7: =(AG7*1000)/AE7 -> 3.5645011 | AN7: ='[18]PIB POT'!F7 -> 14617.87 | AO7: ='[18]PIB POT'!G7 -> 34.900433 | AP7: ='[18]PIB POT'!H7 -> - | AQ7: - | AR7: =(AK7)/CC7 -> 2239.0244 | AS7: =((AR7/AR6)-1)*100 -> -16.267466 | AT7: =(AR7*1000000)/Y7 -> 153.71598 | AU7: =((AT7/AT6)-1)*100 -> -17.596538 | AV7: - | AW7: - | AX7: - | AY7: - | AZ7: - | BA7: - | BB7: - | BC7: - | BD7: - | BE7: - | BF7: - | BG7: - | BH7: - | BI7: - | BJ7: - | BK7: - | BL7: - | BM7: - | BN7: - | BO7: - | BP7: - | BQ7: - | BR7: - | BS7: - | BT7: - | BU7: - | BV7: ='[15]Precios M Anual'!B7 -> 28.839061 | BW7: =((BV7/BV6)-1)*100 -> -20.275985 | BX7: ='[15]Precios M Anual'!D7 -> 22.850071 | BY7: =((BX7/BX6)-1)*100 -> -22.005581 | BZ7: - | CA7: - | CB7: - | CC7: ='[19]TCA B64'!$B7 -> 2.05 | CD7: =((CC7/CC6)-1)*100 -> 0.49019608 | CE7: =[19]TCA!$D7 -> 2.045 | CF7: =((CE7/CE6)-1)*100 -> -0.72815534 | CG7: ='[19]TCA B64'!$I7 -> 122.91351 | CH7: - | CI7: - | CJ7: - | CK7: - | CL7: - | CM7: - | CN7: - | CO7: - | CP7: - | CQ7: - | CR7: - | CS7: - | CT7: =[16]bp!$I7 -> 314.1 | CU7: - | CV7: - | CW7: - | CX7: - | CY7: =[16]bp!N7 -> 150.7 | CZ7: - | DA7: - | DB7: - | DC7: - | DD7: - | DE7: - | DF7: - | DG7: - | DH7: - | DI7: - | DJ7: =((CT7+CY7)/AR7)*100 -> 20.759041 | DK7: =CT7-CY7 -> 163.4 | DL7: =(DK7/AR7)*100 -> 7.2978214 | DM7: - | DN7: - | DO7: - | DP7: - | DQ7: - | DR7: - | DS7: - | DT7: - | DU7: - | DV7: - | DW7: - | DX7: - | DY7: - | DZ7: - | EA7: - | EB7: - | EC7: - | ED7: ='[20]Deuda Ext'!K7 -> 724.42927 | EE7: =(ED7/AR7)*100 -> 32.354684 | EF7: - | EG7: - | EH7: - | EI7: - | EJ7: - | EK7: - | EL7: - | EM7: - | EN7: - | EO7: - | EP7: - | EQ7: - | ER7: - | ES7: - | ET7: - | EU7: - | EV7: - | EW7: - | EX7: - | EZ7: - | FA7: - | FB7: - | FC7: - | FD7: - | FE7: - | FF7: - | FG7: - | FH7: - | FI7: - | FJ7: - | FK7: - | FL7: - | FM7: - | FN7: - | FO7: - | FP7: - | FQ7: - | FR7: - | FS7: - | FT7: - | FU7: - | FV7: - | FW7: - | FX7: - | FY7: - | FZ7: - | GA7: - | GB7: - | GC7: - | GD7: - | GE7: - | GF7: - | GG7: - | GH7: - | GI7: - | GJ7: - | GK7: - | GL7: -
A8: 1923 | B8: ='[14]EU Pob'!B8 -> - | C8: ='[14]EU PIB'!B8 -> 913.4818 | D8: ='[14]EU PIB'!C8 -> 13.990647 | E8: ='[14]EU PIB'!D8 -> 86.160584 | F8: ='[14]EU PIB'!E8 -> 17.30374 | G8: ='[14]EU PIB'!F8 -> 9.4321074 | H8: ='[14]EU PIB'!G8 -> 2.9064607 | I8: ='[14]EU PIB'!H8 -> - | J8: ='[14]EU INF A'!$J8 -> 63.456263 | K8: =((J8/J7)-1)*100 -> 4.1 | L8: ='[14]EU INF A'!$L8 -> 61.810424 | M8: =((L8/L7)-1)*100 -> -2.3121387 | N8: ='[14]EU INF A'!$F8 -> 70.844875 | O8: =((N8/N7)-1)*100 -> 1.7910448 | P8: ='[14]EU INF A'!$H8 -> 69.2 | Q8: =((P8/P7)-1)*100 -> 2.3668639 | R8: - | S8: - | T8: - | U8: - | V8: - | W8: ='[14]UK Pet'!B67 -> 1.34 | X8: ='[14]UK Pet'!C67 -> -16.770186 | Y8: =[17]POBLACIÓN!$E8 -> 14800689 | Z8: =((Y8/Y7)-1)*100 -> 1.6113247 | AA8: =[17]POBLACIÓN!$F8 -> 4684789.8 | AB8: =(AA8/Y8)*100 -> 31.652512 | AC8: =[17]POBLACIÓN!$G8 -> 10115899 | AD8: =(AC8/Y8)*100 -> 68.347488 | AE8: =[17]POBLACIÓN!$M8 -> 4944918.2 | AF8: =(AE8/Y8)*100 -> 33.410055 | AG8: =[18]PIB!D8 -> 18118.274 | AH8: =[18]PIB!E8 -> 3.4356373 | AI8: =[18]PIB!H8 -> 27.673718 | AJ8: =[18]PIB!I8 -> 5.6091263 | AK8: =[18]PIB!B8 -> 5014 | AL8: =[18]PIB!C8 -> 9.2374728 | AM8: =(AG8*1000)/AE8 -> 3.6640189 | AN8: ='[18]PIB POT'!F8 -> 14764.782 | AO8: ='[18]PIB POT'!G8 -> 35.251188 | AP8: ='[18]PIB POT'!H8 -> 1.0050167 | AQ8: =(((1+(AH8/100))/(1+(AP8/100)))-1)*100 -> 2.4064355 | AR8: =(AK8)/CC8 -> 2433.9806 | AS8: =((AR8/AR7)-1)*100 -> 8.7071938 | AT8: =(AR8*1000000)/Y8 -> 164.4505 | AU8: =((AT8/AT7)-1)*100 -> 6.9833448 | AV8: - | AW8: - | AX8: - | AY8: - | AZ8: - | BA8: - | BB8: - | BC8: - | BD8: - | BE8: - | BF8: - | BG8: - | BH8: - | BI8: - | BJ8: - | BK8: - | BL8: - | BM8: - | BN8: - | BO8: - | BP8: - | BQ8: - | BR8: - | BS8: - | BT8: - | BU8: - | BV8: ='[15]Precios M Anual'!B8 -> 25.899425 | BW8: =((BV8/BV7)-1)*100 -> -10.193243 | BX8: ='[15]Precios M Anual'!D8 -> 25.627704 | BY8: =((BX8/BX7)-1)*100 -> 12.155909 | BZ8: - | CA8: - | CB8: - | CC8: ='[19]TCA B64'!$B8 -> 2.06 | CD8: =((CC8/CC7)-1)*100 -> 0.48780488 | CE8: =[19]TCA!$D8 -> 2.055 | CF8: =((CE8/CE7)-1)*100 -> 0.48899756 | CG8: ='[19]TCA B64'!$I8 -> 125.85901 | CH8: =((CG8/CG7)-1)*100 -> 2.3963983 | CI8: - | CJ8: - | CK8: - | CL8: - | CM8: - | CN8: - | CO8: - | CP8: - | CQ8: - | CR8: - | CS8: - | CT8: =[16]bp!$I8 -> 275.7 | CU8: - | CV8: - | CW8: - | CX8: - | CY8: =[16]bp!N8 -> 152.9 | CZ8: - | DA8: - | DB8: - | DC8: - | DD8: - | DE8: - | DF8: - | DG8: - | DH8: - | DI8: - | DJ8: =((CT8+CY8)/AR8)*100 -> 17.609015 | DK8: =CT8-CY8 -> 122.8 | DL8: =(DK8/AR8)*100 -> 5.0452333 | DM8: - | DN8: - | DO8: - | DP8: - | DQ8: - | DR8: =[20]GobFed!$W8 -> - | DS8: =[20]GobFed!$W77 -> - | DT8: =[20]GobFed!$AN8 -> - | DU8: - | DV8: - | DW8: =[20]GobFed!$BF77 -> - | DX8: - | DY8: - | DZ8: - | EA8: - | EB8: - | EC8: - | ED8: ='[20]Deuda Ext'!K8 -> 738.14903 | EE8: =(ED8/AR8)*100 -> 30.326825 | EF8: - | EG8: - | EH8: - | EI8: - | EJ8: - | EK8: - | EL8: - | EM8: - | EN8: - | EO8: - | EP8: - | EQ8: - | ER8: - | ES8: - | ET8: - | EU8: - | EV8: - | EW8: - | EX8: - | EZ8: - | FA8: - | FB8: - | FC8: - | FD8: - | FE8: - | FF8: - | FG8: - | FH8: - | FI8: - | FJ8: - | FK8: - | FL8: - | FM8: - | FN8: - | FO8: - | FP8: - | FQ8: - | FR8: - | FS8: - | FT8: - | FU8: - | FV8: - | FW8: - | FX8: - | FY8: - | FZ8: - | GA8: - | GB8: - | GC8: - | GD8: - | GE8: - | GF8: - | GG8: - | GH8: - | GI8: - | GJ8: - | GK8: - | GL8: -
A9: 1924 | B9: ='[14]EU Pob'!B9 -> - | C9: ='[14]EU PIB'!B9 -> 937.68516 | D9: ='[14]EU PIB'!C9 -> 2.6495726 | E9: ='[14]EU PIB'!D9 -> 88.465043 | F9: ='[14]EU PIB'!E9 -> 2.6746087 | G9: ='[14]EU PIB'!F9 -> 9.4344079 | H9: ='[14]EU PIB'!G9 -> 0.02438986 | I9: ='[14]EU PIB'!H9 -> - | J9: ='[14]EU INF A'!$J9 -> 61.68851 | K9: =((J9/J8)-1)*100 -> -2.7857829 | L9: ='[14]EU INF A'!$L9 -> 64.004877 | M9: =((L9/L8)-1)*100 -> 3.5502959 | N9: ='[14]EU INF A'!$F9 -> 71.15651 | O9: =((N9/N8)-1)*100 -> 0.4398827 | P9: ='[14]EU INF A'!$H9 -> 69.2 | Q9: =((P9/P8)-1)*100 -> 0 | R9: - | S9: - | T9: - | U9: - | V9: - | W9: ='[14]UK Pet'!B68 -> 1.43 | X9: ='[14]UK Pet'!C68 -> 6.7164179 | Y9: =[17]POBLACIÓN!$E9 -> 15039176 | Z9: =((Y9/Y8)-1)*100 -> 1.6113247 | AA9: =[17]POBLACIÓN!$F9 -> 4798438.9 | AB9: =(AA9/Y9)*100 -> 31.906262 | AC9: =[17]POBLACIÓN!$G9 -> 10240737 | AD9: =(AC9/Y9)*100 -> 68.093738 | AE9: =[17]POBLACIÓN!$M9 -> 4975885.3 | AF9: =(AE9/Y9)*100 -> 33.086157 | AG9: =[18]PIB!D9 -> 17825.313 | AH9: =[18]PIB!E9 -> -1.616934 | AI9: =[18]PIB!H9 -> 25.991128 | AJ9: =[18]PIB!I9 -> -6.0801008 | AK9: =[18]PIB!B9 -> 4633 | AL9: =[18]PIB!C9 -> -7.5987236 | AM9: =(AG9*1000)/AE9 -> 3.58234 | AN9: ='[18]PIB POT'!F9 -> 14868.498 | AO9: ='[18]PIB POT'!G9 -> 35.498812 | AP9: ='[18]PIB POT'!H9 -> 0.70245573 | AQ9: =(((1+(AH9/100))/(1+(AP9/100)))-1)*100 -> -2.3032107 | AR9: =(AK9)/CC9 -> 2238.1643 | AS9: =((AR9/AR8)-1)*100 -> -8.0451066 | AT9: =(AR9*1000000)/Y9 -> 148.82227 | AU9: =((AT9/AT8)-1)*100 -> -9.5033022 | AV9: - | AW9: - | AX9: - | AY9: - | AZ9: - | BA9: - | BB9: - | BC9: - | BD9: - | BE9: - | BF9: - | BG9: - | BH9: - | BI9: - | BJ9: - | BK9: - | BL9: - | BM9: - | BN9: - | BO9: - | BP9: - | BQ9: - | BR9: - | BS9: - | BT9: - | BU9: - | BV9: ='[15]Precios M Anual'!B9 -> 27.010085 | BW9: =((BV9/BV8)-1)*100 -> 4.2883571 | BX9: ='[15]Precios M Anual'!D9 -> 23.178198 | BY9: =((BX9/BX8)-1)*100 -> -9.5580416 | BZ9: - | CA9: - | CB9: - | CC9: ='[19]TCA B64'!$B9 -> 2.07 | CD9: =((CC9/CC8)-1)*100 -> 0.48543689 | CE9: =[19]TCA!$D9 -> 2.065 | CF9: =((CE9/CE8)-1)*100 -> 0.486618 | CG9: ='[19]TCA B64'!$I9 -> 123.49167 | CH9: =((CG9/CG8)-1)*100 -> -1.8809449 | CI9: - | CJ9: - | CK9: - | CL9: - | CM9: - | CN9: - | CO9: - | CP9: - | CQ9: - | CR9: - | CS9: - | CT9: =[16]bp!$I9 -> 297.1 | CU9: - | CV9: - | CW9: - | CX9: - | CY9: =[16]bp!N9 -> 155.1 | CZ9: - | DA9: - | DB9: - | DC9: - | DD9: - | DE9: - | DF9: - | DG9: - | DH9: - | DI9: - | DJ9: =((CT9+CY9)/AR9)*100 -> 20.204058 | DK9: =CT9-CY9 -> 142 | DL9: =(DK9/AR9)*100 -> 6.3444852 | DM9: - | DN9: - | DO9: - | DP9: - | DQ9: - | DR9: =[20]GobFed!$W9 -> - | DS9: =[20]GobFed!$W78 -> - | DT9: =[20]GobFed!$AN9 -> - | DU9: - | DV9: - | DW9: =[20]GobFed!$BF78 -> - | DX9: - | DY9: - | DZ9: - | EA9: - | EB9: - | EC9: - | ED9: ='[20]Deuda Ext'!K9 -> 772.92415 | EE9: =(ED9/AR9)*100 -> 34.533844 | EF9: - | EG9: - | EH9: - | EI9: - | EJ9: - | EK9: - | EL9: - | EM9: - | EN9: - | EO9: - | EP9: - | EQ9: - | ER9: - | ES9: - | ET9: - | EU9: - | EV9: - | EW9: - | EX9: - | EZ9: - | FA9: - | FB9: - | FC9: - | FD9: - | FE9: - | FF9: - | FG9: - | FH9: - | FI9: - | FJ9: - | FK9: - | FL9: - | FM9: - | FN9: - | FO9: - | FP9: - | FQ9: - | FR9: - | FS9: - | FT9: - | FU9: - | FV9: - | FW9: - | FX9: - | FY9: - | FZ9: - | GA9: - | GB9: - | GC9: - | GD9: - | GE9: - | GF9: - | GG9: - | GH9: - | GI9: - | GJ9: - | GK9: - | GL9: -
A10: 1925 | B10: ='[14]EU Pob'!B10 -> - | C10: ='[14]EU PIB'!B10 -> 958.92166 | D10: ='[14]EU PIB'!C10 -> 2.2647794 | E10: ='[14]EU PIB'!D10 -> 92.067646 | F10: ='[14]EU PIB'!E10 -> 4.0723467 | G10: ='[14]EU PIB'!F10 -> 9.6011645 | H10: ='[14]EU PIB'!G10 -> 1.7675366 | I10: ='[14]EU PIB'!H10 -> - | J10: ='[14]EU INF A'!$J10 -> 65.071625 | K10: =((J10/J9)-1)*100 -> 5.4841897 | L10: ='[14]EU INF A'!$L10 -> 65.102103 | M10: =((L10/L9)-1)*100 -> 1.7142857 | N10: ='[14]EU INF A'!$F10 -> 72.887812 | O10: =((N10/N9)-1)*100 -> 2.43309 | P10: ='[14]EU INF A'!$H10 -> 71.6 | Q10: =((P10/P9)-1)*100 -> 3.4682081 | R10: - | S10: - | T10: - | U10: - | V10: - | W10: ='[14]UK Pet'!B69 -> 1.68 | X10: ='[14]UK Pet'!C69 -> 17.482517 | Y10: =[17]POBLACIÓN!$E10 -> 15281506 | Z10: =((Y10/Y9)-1)*100 -> 1.6113247 | AA10: =[17]POBLACIÓN!$F10 -> 4914845 | AB10: =(AA10/Y10)*100 -> 32.162047 | AC10: =[17]POBLACIÓN!$G10 -> 10366661 | AD10: =(AC10/Y10)*100 -> 67.837953 | AE10: =[17]POBLACIÓN!$M10 -> 5007046.3 | AF10: =(AE10/Y10)*100 -> 32.765399 | AG10: =[18]PIB!D10 -> 18930.589 | AH10: =[18]PIB!E10 -> 6.2005952 | AI10: =[18]PIB!H10 -> 27.674787 | AJ10: =[18]PIB!I10 -> 6.4778191 | AK10: =[18]PIB!B10 -> 5239 | AL10: =[18]PIB!C10 -> 13.080078 | AM10: =(AG10*1000)/AE10 -> 3.7807896 | AN10: ='[18]PIB POT'!F10 -> 14889.979 | AO10: ='[18]PIB POT'!G10 -> 35.550099 | AP10: ='[18]PIB POT'!H10 -> 0.1444766 | AQ10: =(((1+(AH10/100))/(1+(AP10/100)))-1)*100 -> 6.0473816 | AR10: =(AK10)/CC10 -> 2557.6892 | AS10: =((AR10/AR9)-1)*100 -> 14.276205 | AT10: =(AR10*1000000)/Y10 -> 167.37154 | AU10: =((AT10/AT9)-1)*100 -> 12.464045 | AV10: - | AW10: - | AX10: ='[18]Inv Nom'!C10 -> 211 | AY10: - | AZ10: ='[18]Inv Nom'!D10 -> 129 | BA10: - | BB10: ='[18]Inv Nom'!E10 -> 82 | BC10: - | BD10: =(AX10/AK10)*100 -> 4.0274862 | BE10: =-DL10 -> -5.6066234 | BF10: =BD10-BE10 -> 9.6341096 | BG10: =BF10-BH10 -> 7.5153846 | BH10: =BJ10+BK10 -> 2.1187249 | BI10: =BG10-BL10 -> 5.0530826 | BJ10: =DW10 -> 0.55354075 | BK10: =(BB10/AK10)*100 -> 1.5651842 | BL10: =(AZ10/AK10)*100 -> 2.462302 | BM10: - | BN10: - | BO10: - | BP10: - | BQ10: - | BR10: - | BS10: - | BT10: - | BU10: - | BV10: ='[15]Precios M Anual'!B10 -> 30.997444 | BW10: =((BV10/BV9)-1)*100 -> 14.762483 | BX10: ='[15]Precios M Anual'!D10 -> 28.69313 | BY10: =((BX10/BX9)-1)*100 -> 23.793622 | BZ10: - | CA10: - | CB10: - | CC10: ='[19]TCA B64'!$B10 -> 2.0483333 | CD10: =((CC10/CC9)-1)*100 -> -1.0466989 | CE10: =[19]TCA!$D10 -> 2.07 | CF10: =((CE10/CE9)-1)*100 -> 0.24213075 | CG10: ='[19]TCA B64'!$I10 -> 124.11691 | CH10: =((CG10/CG9)-1)*100 -> 0.50630158 | CI10: - | CJ10: - | CK10: - | CL10: - | CM10: - | CN10: - | CO10: - | CP10: ='[15]Terminos de Int'!B10 -> 98.331751 | CQ10: - | CR10: - | CS10: - | CT10: =[16]bp!$I10 -> 336 | CU10: - | CV10: - | CW10: - | CX10: - | CY10: =[16]bp!N10 -> 192.6 | CZ10: - | DA10: - | DB10: - | DC10: - | DD10: - | DE10: - | DF10: - | DG10: - | DH10: - | DI10: - | DJ10: =((CT10+CY10)/AR10)*100 -> 20.667093 | DK10: =CT10-CY10 -> 143.4 | DL10: =(DK10/AR10)*100 -> 5.6066234 | DM10: =((CT10/CT9)-1)*100 -> 13.093235 | DN10: =((CY10/CY9)-1)*100 -> 24.17795 | DO10: - | DP10: - | DQ10: - | DR10: =[20]GobFed!$X10 -> 322 | DS10: =[20]GobFed!$X79 -> 6.1462111 | DT10: =[20]GobFed!$AO10 -> 293 | DU10: =[20]GobFed!$AO79 -> 5.5926704 | DV10: =[20]GobFed!$BG10 -> 29 | DW10: =[20]GobFed!$BG79 -> 0.55354075 | DX10: - | DY10: - | DZ10: - | EA10: - | EB10: - | EC10: - | ED10: ='[20]Deuda Ext'!K10 -> 418.35964 | EE10: =(ED10/AR10)*100 -> 16.356938 | EF10: - | EG10: - | EH10: - | EI10: - | EJ10: - | EK10: - | EL10: - | EM10: - | EN10: - | EO10: - | EP10: - | EQ10: - | ER10: - | ES10: - | ET10: - | EU10: - | EV10: - | EW10: - | EX10: - | EZ10: - | FA10: - | FB10: - | FC10: - | FD10: - | FE10: - | FF10: - | FG10: - | FH10: - | FI10: - | FJ10: - | FK10: - | FL10: - | FM10: - | FN10: - | FO10: - | FP10: - | FQ10: - | FR10: - | FS10: - | FT10: - | FU10: - | FV10: - | FW10: - | FX10: - | FY10: - | FZ10: - | GA10: - | GB10: - | GC10: - | GD10: - | GE10: - | GF10: ='[21]Reservas Int'!C10 -> 27.4 | GG10: =(GF10/(AR10))*100 -> 1.0712795 | GH10: - | GI10: - | GJ10: =(GF10*CE10) -> 56.718 | GK10: - | GL10: =GF10/(CY10/12) -> 1.7071651
A11: 1926 | B11: ='[14]EU Pob'!B11 -> - | C11: ='[14]EU PIB'!B11 -> 1016.5413 | D11: ='[14]EU PIB'!C11 -> 6.0087934 | E11: ='[14]EU PIB'!D11 -> 98.135718 | F11: ='[14]EU PIB'!E11 -> 6.5908842 | G11: ='[14]EU PIB'!F11 -> 9.6538842 | H11: ='[14]EU PIB'!G11 -> 0.5490968 | I11: ='[14]EU PIB'!H11 -> - | J11: ='[14]EU INF A'!$J11 -> 63.090521 | K11: =((J11/J10)-1)*100 -> -3.0444965 | L11: ='[14]EU INF A'!$L11 -> 61.810424 | M11: =((L11/L10)-1)*100 -> -5.0561798 | N11: ='[14]EU INF A'!$F11 -> 73.545706 | O11: =((N11/N10)-1)*100 -> 0.90261283 | P11: ='[14]EU INF A'!$H11 -> 70.8 | Q11: =((P11/P10)-1)*100 -> -1.1173184 | R11: - | S11: - | T11: - | U11: - | V11: - | W11: ='[14]UK Pet'!B70 -> 1.88 | X11: ='[14]UK Pet'!C70 -> 11.904762 | Y11: =[17]POBLACIÓN!$E11 -> 15527740 | Z11: =((Y11/Y10)-1)*100 -> 1.6113247 | AA11: =[17]POBLACIÓN!$F11 -> 5034075.1 | AB11: =(AA11/Y11)*100 -> 32.419882 | AC11: =[17]POBLACIÓN!$G11 -> 10493665 | AD11: =(AC11/Y11)*100 -> 67.580118 | AE11: =[17]POBLACIÓN!$M11 -> 5038402.4 | AF11: =(AE11/Y11)*100 -> 32.44775 | AG11: =[18]PIB!D11 -> 20066.275 | AH11: =[18]PIB!E11 -> 5.9992146 | AI11: =[18]PIB!H11 -> 27.254684 | AJ11: =[18]PIB!I11 -> -1.517996 | AK11: =[18]PIB!B11 -> 5469 | AL11: =[18]PIB!C11 -> 4.3901508 | AM11: =(AG11*1000)/AE11 -> 3.9826662 | AN11: ='[18]PIB POT'!F11 -> 15255.927 | AO11: ='[18]PIB POT'!G11 -> 36.423807 | AP11: ='[18]PIB POT'!H11 -> 2.4576803 | AQ11: =(((1+(AH11/100))/(1+(AP11/100)))-1)*100 -> 3.4565826 | AR11: =(AK11)/CC11 -> 2566.6015 | AS11: =((AR11/AR10)-1)*100 -> 0.34845156 | AT11: =(AR11*1000000)/Y11 -> 165.29137 | AU11: =((AT11/AT10)-1)*100 -> -1.2428468 | AV11: - | AW11: - | AX11: ='[18]Inv Nom'!C11 -> 231 | AY11: =((AX11/AX10)-1)*100 -> 9.478673 | AZ11: ='[18]Inv Nom'!D11 -> 129 | BA11: =((AZ11/AZ10)-1)*100 -> 0 | BB11: ='[18]Inv Nom'!E11 -> 102 | BC11: =((BB11/BB10)-1)*100 -> 24.390244 | BD11: =(AX11/AK11)*100 -> 4.2238069 | BE11: =-DL11 -> -5.8520967 | BF11: =BD11-BE11 -> 10.075904 | BG11: =BF11-BH11 -> 8.1742762 | BH11: =BJ11+BK11 -> 1.9016274 | BI11: =BG11-BL11 -> 5.8155269 | BJ11: =DW11 -> 0.036569757 | BK11: =(BB11/AK11)*100 -> 1.8650576 | BL11: =(AZ11/AK11)*100 -> 2.3587493 | BM11: - | BN11: - | BO11: - | BP11: - | BQ11: - | BR11: - | BS11: - | BT11: - | BU11: - | BV11: ='[15]Precios M Anual'!B11 -> 31.173096 | BW11: =((BV11/BV10)-1)*100 -> 0.56666466 | BX11: ='[15]Precios M Anual'!D11 -> 28.397707 | BY11: =((BX11/BX10)-1)*100 -> -1.0295961 | BZ11: - | CA11: - | CB11: - | CC11: ='[19]TCA B64'!$B11 -> 2.1308333 | CD11: =((CC11/CC10)-1)*100 -> 4.0276648 | CE11: =[19]TCA!$D11 -> 2.32 | CF11: =((CE11/CE10)-1)*100 -> 12.077295 | CG11: ='[19]TCA B64'!$I11 -> 120.79999 | CH11: =((CG11/CG10)-1)*100 -> -2.6724112 | CI11: - | CJ11: - | CK11: - | CL11: - | CM11: - | CN11: - | CO11: - | CP11: ='[15]Terminos de Int'!B11 -> 92.164772 | CQ11: ='[15]Terminos de Int'!C11 -> -6.2716049 | CR11: - | CS11: - | CT11: =[16]bp!$I11 -> 334.3 | CU11: - | CV11: - | CW11: - | CX11: - | CY11: =[16]bp!N11 -> 184.1 | CZ11: - | DA11: - | DB11: - | DC11: - | DD11: - | DE11: - | DF11: - | DG11: - | DH11: - | DI11: - | DJ11: =((CT11+CY11)/AR11)*100 -> 20.197916 | DK11: =CT11-CY11 -> 150.2 | DL11: =(DK11/AR11)*100 -> 5.8520967 | DM11: =((CT11/CT10)-1)*100 -> -0.50595238 | DN11: =((CY11/CY10)-1)*100 -> -4.4132918 | DO11: - | DP11: - | DQ11: - | DR11: =[20]GobFed!$X11 -> 309 | DS11: =[20]GobFed!$X80 -> 5.6500274 | DT11: =[20]GobFed!$AO11 -> 307 | DU11: =[20]GobFed!$AO80 -> 5.6134577 | DV11: =[20]GobFed!$BG11 -> 2 | DW11: =[20]GobFed!$BG80 -> 0.036569757 | DX11: - | DY11: - | DZ11: - | EA11: - | EB11: - | EC11: - | ED11: ='[20]Deuda Ext'!K11 -> 410.99601 | EE11: =(ED11/AR11)*100 -> 16.013238 | EF11: - | EG11: - | EH11: - | EI11: - | EJ11: - | EK11: - | EL11: - | EM11: - | EN11: - | EO11: - | EP11: - | EQ11: - | ER11: - | ES11: - | ET11: - | EU11: - | EV11: - | EW11: - | EX11: - | EZ11: - | FA11: - | FB11: - | FC11: - | FD11: - | FE11: - | FF11: - | FG11: - | FH11: - | FI11: - | FJ11: - | FK11: - | FL11: - | FM11: - | FN11: - | FO11: - | FP11: - | FQ11: - | FR11: - | FS11: - | FT11: - | FU11: - | FV11: - | FW11: - | FX11: - | FY11: - | FZ11: - | GA11: - | GB11: - | GC11: - | GD11: - | GE11: - | GF11: ='[21]Reservas Int'!C11 -> 17.7 | GG11: =(GF11/(AR11))*100 -> 0.6896279 | GH11: =GF11-GF10 -> -9.7 | GI11: =(GH11/AR11)*100 -> -0.37793168 | GJ11: =(GF11*CE11) -> 41.064 | GK11: =((GJ11/GJ10)-1)*100 -> -27.599704 | GL11: =GF11/(CY11/12) -> 1.1537208
A12: 1927 | B12: ='[14]EU Pob'!B12 -> - | C12: ='[14]EU PIB'!B12 -> 1022.1627 | D12: ='[14]EU PIB'!C12 -> 0.55299539 | E12: ='[14]EU PIB'!D12 -> 96.948268 | F12: ='[14]EU PIB'!E12 -> -1.2100082 | G12: ='[14]EU PIB'!F12 -> 9.4846219 | H12: ='[14]EU PIB'!G12 -> -1.7533079 | I12: ='[14]EU PIB'!H12 -> - | J12: ='[14]EU INF A'!$J12 -> 60.134105 | K12: =((J12/J11)-1)*100 -> -4.6859903 | L12: ='[14]EU INF A'!$L12 -> 60.713197 | M12: =((L12/L11)-1)*100 -> -1.7751479 | N12: ='[14]EU INF A'!$F12 -> 72.126039 | O12: =((N12/N11)-1)*100 -> -1.9303202 | P12: ='[14]EU INF A'!$H12 -> 69.2 | Q12: =((P12/P11)-1)*100 -> -2.259887 | R12: - | S12: - | T12: - | U12: - | V12: - | W12: ='[14]UK Pet'!B71 -> 1.3 | X12: ='[14]UK Pet'!C71 -> -30.851064 | Y12: =[17]POBLACIÓN!$E12 -> 15777943 | Z12: =((Y12/Y11)-1)*100 -> 1.6113247 | AA12: =[17]POBLACIÓN!$F12 -> 5156197.6 | AB12: =(AA12/Y12)*100 -> 32.679784 | AC12: =[17]POBLACIÓN!$G12 -> 10621745 | AD12: =(AC12/Y12)*100 -> 67.320216 | AE12: =[17]POBLACIÓN!$M12 -> 5069954.9 | AF12: =(AE12/Y12)*100 -> 32.133181 | AG12: =[18]PIB!D12 -> 19183.677 | AH12: =[18]PIB!E12 -> -4.3984171 | AI12: =[18]PIB!H12 -> 25.996059 | AJ12: =[18]PIB!I12 -> -4.6180138 | AK12: =[18]PIB!B12 -> 4987 | AL12: =[18]PIB!C12 -> -8.8133114 | AM12: =(AG12*1000)/AE12 -> 3.7837963 | AN12: ='[18]PIB POT'!F12 -> 15630.869 | AO12: ='[18]PIB POT'!G12 -> 37.318988 | AP12: ='[18]PIB POT'!H12 -> 2.4576803 | AQ12: =(((1+(AH12/100))/(1+(AP12/100)))-1)*100 -> -6.6916383 | AR12: =(AK12)/CC12 -> 2179.3154 | AS12: =((AR12/AR11)-1)*100 -> -15.089453 | AT12: =(AR12*1000000)/Y12 -> 138.12418 | AU12: =((AT12/AT11)-1)*100 -> -16.435941 | AV12: - | AW12: - | AX12: ='[18]Inv Nom'!C12 -> 221 | AY12: =((AX12/AX11)-1)*100 -> -4.3290043 | AZ12: ='[18]Inv Nom'!D12 -> 124 | BA12: =((AZ12/AZ11)-1)*100 -> -3.875969 | BB12: ='[18]Inv Nom'!E12 -> 97 | BC12: =((BB12/BB11)-1)*100 -> -4.9019608 | BD12: =(AX12/AK12)*100 -> 4.431522 | BE12: =-DL12 -> -6.2359033 | BF12: =BD12-BE12 -> 10.667425 | BG12: =BF12-BH12 -> 8.7825246 | BH12: =BJ12+BK12 -> 1.8849007 | BI12: =BG12-BL12 -> 6.2960598 | BJ12: =DW12 -> -0.060156407 | BK12: =(BB12/AK12)*100 -> 1.9450571 | BL12: =(AZ12/AK12)*100 -> 2.4864648 | BM12: - | BN12: - | BO12: - | BP12: - | BQ12: - | BR12: - | BS12: - | BT12: - | BU12: - | BV12: ='[15]Precios M Anual'!B12 -> 29.031207 | BW12: =((BV12/BV11)-1)*100 -> -6.8709527 | BX12: ='[15]Precios M Anual'!D12 -> 26.03432 | BY12: =((BX12/BX11)-1)*100 -> -8.3224568 | BZ12: - | CA12: - | CB12: - | CC12: ='[19]TCA B64'!$B12 -> 2.2883333 | CD12: =((CC12/CC11)-1)*100 -> 7.3914744 | CE12: =[19]TCA!$D12 -> 2.19 | CF12: =((CE12/CE11)-1)*100 -> -5.6034483 | CG12: ='[19]TCA B64'!$I12 -> 115.25848 | CH12: =((CG12/CG11)-1)*100 -> -4.5873478 | CI12: - | CJ12: - | CK12: - | CL12: - | CM12: - | CN12: - | CO12: - | CP12: ='[15]Terminos de Int'!B12 -> 96.329911 | CQ12: ='[15]Terminos de Int'!C12 -> 4.5192308 | CR12: - | CS12: - | CT12: =[16]bp!$I12 -> 299.1 | CU12: - | CV12: - | CW12: - | CX12: - | CY12: =[16]bp!N12 -> 163.2 | CZ12: - | DA12: - | DB12: - | DC12: - | DD12: - | DE12: - | DF12: - | DG12: - | DH12: - | DI12: - | DJ12: =((CT12+CY12)/AR12)*100 -> 21.213084 | DK12: =CT12-CY12 -> 135.9 | DL12: =(DK12/AR12)*100 -> 6.2359033 | DM12: =((CT12/CT11)-1)*100 -> -10.529465 | DN12: =((CY12/CY11)-1)*100 -> -11.352526 | DO12: - | DP12: - | DQ12: - | DR12: =[20]GobFed!$X12 -> 307 | DS12: =[20]GobFed!$X81 -> 6.1560056 | DT12: =[20]GobFed!$AO12 -> 310 | DU12: =[20]GobFed!$AO81 -> 6.216162 | DV12: =[20]GobFed!$BG12 -> -3 | DW12: =[20]GobFed!$BG81 -> -0.060156407 | DX12: - | DY12: - | DZ12: - | EA12: - | EB12: - | EC12: - | ED12: ='[20]Deuda Ext'!K12 -> 419.84312 | EE12: =(ED12/AR12)*100 -> 19.264909 | EF12: - | EG12: - | EH12: - | EI12: - | EJ12: - | EK12: - | EL12: - | EM12: - | EN12: - | EO12: - | EP12: - | EQ12: - | ER12: - | ES12: - | ET12: - | EU12: - | EV12: - | EW12: - | EX12: - | EZ12: - | FA12: - | FB12: - | FC12: - | FD12: - | FE12: - | FF12: - | FG12: - | FH12: - | FI12: - | FJ12: - | FK12: - | FL12: - | FM12: - | FN12: - | FO12: - | FP12: - | FQ12: - | FR12: - | FS12: - | FT12: - | FU12: - | FV12: - | FW12: - | FX12: - | FY12: - | FZ12: - | GA12: - | GB12: - | GC12: - | GD12: - | GE12: - | GF12: ='[21]Reservas Int'!C12 -> 16.2 | GG12: =(GF12/(AR12))*100 -> 0.74335272 | GH12: =GF12-GF11 -> -1.5 | GI12: =(GH12/AR12)*100 -> -0.068828955 | GJ12: =(GF12*CE12) -> 35.478 | GK12: =((GJ12/GJ11)-1)*100 -> -13.603156 | GL12: =GF12/(CY12/12) -> 1.1911765
A13: 1928 | B13: ='[14]EU Pob'!B13 -> - | C13: ='[14]EU PIB'!B13 -> 1041.0569 | D13: ='[14]EU PIB'!C13 -> 1.8484571 | E13: ='[14]EU PIB'!D13 -> 97.934455 | F13: ='[14]EU PIB'!E13 -> 1.0172306 | G13: ='[14]EU PIB'!F13 -> 9.407214 | H13: ='[14]EU PIB'!G13 -> -0.81614043 | I13: ='[14]EU PIB'!H13 -> - | J13: ='[14]EU INF A'!$J13 -> 60.987504 | K13: =((J13/J12)-1)*100 -> 1.4191586 | L13: ='[14]EU INF A'!$L13 -> 60.347455 | M13: =((L13/L12)-1)*100 -> -0.60240964 | N13: ='[14]EU INF A'!$F13 -> 71.295014 | O13: =((N13/N12)-1)*100 -> -1.1521843 | P13: ='[14]EU INF A'!$H13 -> 68.4 | Q13: =((P13/P12)-1)*100 -> -1.1560694 | R13: - | S13: - | T13: - | U13: - | V13: - | W13: ='[14]UK Pet'!B72 -> 1.17 | X13: ='[14]UK Pet'!C72 -> -10 | Y13: =[17]POBLACIÓN!$E13 -> 16032177 | Z13: =((Y13/Y12)-1)*100 -> 1.6113247 | AA13: =[17]POBLACIÓN!$F13 -> 5281282.6 | AB13: =(AA13/Y13)*100 -> 32.941769 | AC13: =[17]POBLACIÓN!$G13 -> 10750894 | AD13: =(AC13/Y13)*100 -> 67.058231 | AE13: =[17]POBLACIÓN!$M13 -> 5101705 | AF13: =(AE13/Y13)*100 -> 31.821662 | AG13: =[18]PIB!D13 -> 19302.618 | AH13: =[18]PIB!E13 -> 0.62001303 | AI13: =[18]PIB!H13 -> 25.996474 | AJ13: =[18]PIB!I13 -> 0.0015932892 | AK13: =[18]PIB!B13 -> 5018 | AL13: =[18]PIB!C13 -> 0.6216162 | AM13: =(AG13*1000)/AE13 -> 3.7835621 | AN13: ='[18]PIB POT'!F13 -> 16015.026 | AO13: ='[18]PIB POT'!G13 -> 38.236169 | AP13: ='[18]PIB POT'!H13 -> 2.4576803 | AQ13: =(((1+(AH13/100))/(1+(AP13/100)))-1)*100 -> -1.7935866 | AR13: =(AK13)/CC13 -> 2329.4391 | AS13: =((AR13/AR12)-1)*100 -> 6.8885718 | AT13: =(AR13*1000000)/Y13 -> 145.29774 | AU13: =((AT13/AT12)-1)*100 -> 5.193562 | AV13: - | AW13: - | AX13: ='[18]Inv Nom'!C13 -> 281 | AY13: =((AX13/AX12)-1)*100 -> 27.149321 | AZ13: ='[18]Inv Nom'!D13 -> 182 | BA13: =((AZ13/AZ12)-1)*100 -> 46.774194 | BB13: ='[18]Inv Nom'!E13 -> 99 | BC13: =((BB13/BB12)-1)*100 -> 2.0618557 | BD13: =(AX13/AK13)*100 -> 5.5998406 | BE13: =-DL13 -> -4.8294888 | BF13: =BD13-BE13 -> 10.429329 | BG13: =BF13-BH13 -> 7.9781536 | BH13: =BJ13+BK13 -> 2.4511758 | BI13: =BG13-BL13 -> 4.3512106 | BJ13: =DW13 -> 0.4782782 | BK13: =(BB13/AK13)*100 -> 1.9728976 | BL13: =(AZ13/AK13)*100 -> 3.626943 | BM13: - | BN13: - | BO13: - | BP13: - | BQ13: - | BR13: - | BS13: - | BT13: - | BU13: - | BV13: ='[15]Precios M Anual'!B13 -> 26.058385 | BW13: =((BV13/BV12)-1)*100 -> -10.24009 | BX13: ='[15]Precios M Anual'!D13 -> 23.446368 | BY13: =((BX13/BX12)-1)*100 -> -9.940541 | BZ13: - | CA13: - | CB13: - | CC13: ='[19]TCA B64'!$B13 -> 2.1541667 | CD13: =((CC13/CC12)-1)*100 -> -5.8630736 | CE13: =[19]TCA!$D13 -> 2.16 | CF13: =((CE13/CE12)-1)*100 -> -1.369863 | CG13: ='[19]TCA B64'!$I13 -> 115.87173 | CH13: =((CG13/CG12)-1)*100 -> 0.53206993 | CI13: - | CJ13: - | CK13: - | CL13: - | CM13: - | CN13: - | CO13: - | CP13: ='[15]Terminos de Int'!B13 -> 100.49505 | CQ13: ='[15]Terminos de Int'!C13 -> 4.323827 | CR13: - | CS13: - | CT13: =[16]bp!$I13 -> 284.6 | CU13: - | CV13: - | CW13: - | CX13: - | CY13: =[16]bp!N13 -> 172.1 | CZ13: - | DA13: - | DB13: - | DC13: - | DD13: - | DE13: - | DF13: - | DG13: - | DH13: - | DI13: - | DJ13: =((CT13+CY13)/AR13)*100 -> 19.605578 | DK13: =CT13-CY13 -> 112.5 | DL13: =(DK13/AR13)*100 -> 4.8294888 | DM13: =((CT13/CT12)-1)*100 -> -4.847877 | DN13: =((CY13/CY12)-1)*100 -> 5.4534314 | DO13: - | DP13: - | DQ13: - | DR13: =[20]GobFed!$X13 -> 311 | DS13: =[20]GobFed!$X82 -> 6.1976883 | DT13: =[20]GobFed!$AO13 -> 287 | DU13: =[20]GobFed!$AO82 -> 5.7194101 | DV13: =[20]GobFed!$BG13 -> 24 | DW13: =[20]GobFed!$BG82 -> 0.4782782 | DX13: - | DY13: - | DZ13: - | EA13: - | EB13: - | EC13: - | ED13: ='[20]Deuda Ext'!K13 -> 458.46963 | EE13: =(ED13/AR13)*100 -> 19.681546 | EF13: - | EG13: - | EH13: - | EI13: - | EJ13: - | EK13: - | EL13: - | EM13: - | EN13: - | EO13: - | EP13: - | EQ13: - | ER13: - | ES13: - | ET13: - | EU13: - | EV13: - | EW13: - | EX13: - | EZ13: - | FA13: - | FB13: - | FC13: - | FD13: - | FE13: - | FF13: - | FG13: - | FH13: - | FI13: - | FJ13: - | FK13: - | FL13: - | FM13: - | FN13: - | FO13: - | FP13: - | FQ13: - | FR13: - | FS13: - | FT13: - | FU13: - | FV13: - | FW13: - | FX13: - | FY13: - | FZ13: - | GA13: - | GB13: - | GC13: - | GD13: - | GE13: - | GF13: ='[21]Reservas Int'!C13 -> 19.8 | GG13: =(GF13/(AR13))*100 -> 0.84999004 | GH13: =GF13-GF12 -> 3.6 | GI13: =(GH13/AR13)*100 -> 0.15454364 | GJ13: =(GF13*CE13) -> 42.768 | GK13: =((GJ13/GJ12)-1)*100 -> 20.547945 | GL13: =GF13/(CY13/12) -> 1.3805927
A14: 1929 | B14: ='[14]EU Pob'!C14 -> 121878000 | C14: ='[14]EU PIB'!B14 -> 1109.448 | D14: ='[14]EU PIB'!C14 -> 6.5693862 | E14: ='[14]EU PIB'!D14 -> 104.556 | F14: ='[14]EU PIB'!E14 -> 6.7612002 | G14: ='[14]EU PIB'!F14 -> 9.4241461 | H14: ='[14]EU PIB'!G14 -> 0.17998975 | I14: ='[14]EU PIB'!H14 -> 857.87427 | J14: ='[14]EU INF A'!$J14 -> 60.073148 | K14: =((J14/J13)-1)*100 -> -1.4992504 | L14: ='[14]EU INF A'!$L14 -> 58.884486 | M14: =((L14/L13)-1)*100 -> -2.4242424 | N14: ='[14]EU INF A'!$F14 -> 71.295014 | O14: =((N14/N13)-1)*100 -> 2.220446e-14 | P14: ='[14]EU INF A'!$H14 -> 68.8 | Q14: =((P14/P13)-1)*100 -> 0.58479532 | R14: - | S14: - | T14: - | U14: - | V14: ='[14]EU Bal Fis'!B14 -> 0.70172 | W14: ='[14]UK Pet'!B73 -> 1.27 | X14: ='[14]UK Pet'!C73 -> 8.5470085 | Y14: =[17]POBLACIÓN!$E14 -> 16290507 | Z14: =((Y14/Y13)-1)*100 -> 1.6113247 | AA14: =[17]POBLACIÓN!$F14 -> 5409402.2 | AB14: =(AA14/Y14)*100 -> 33.205855 | AC14: =[17]POBLACIÓN!$G14 -> 10881105 | AD14: =(AC14/Y14)*100 -> 66.794145 | AE14: =[17]POBLACIÓN!$M14 -> 5133654 | AF14: =(AE14/Y14)*100 -> 31.513163 | AG14: =[18]PIB!D14 -> 18555.856 | AH14: =[18]PIB!E14 -> -3.868709 | AI14: =[18]PIB!H14 -> 26.20736 | AJ14: =[18]PIB!I14 -> 0.81121239 | AK14: =[18]PIB!B14 -> 4863 | AL14: =[18]PIB!C14 -> -3.08888 | AM14: =(AG14*1000)/AE14 -> 3.6145513 | AN14: ='[18]PIB POT'!F14 -> 16421.708 | AO14: ='[18]PIB POT'!G14 -> 39.20713 | AP14: ='[18]PIB POT'!H14 -> 2.5393783 | AQ14: =(((1+(AH14/100))/(1+(AP14/100)))-1)*100 -> -6.2493916 | AR14: =(AK14)/CC14 -> 2266.2524 | AS14: =((AR14/AR13)-1)*100 -> -2.7125262 | AT14: =(AR14*1000000)/Y14 -> 139.11491 | AU14: =((AT14/AT13)-1)*100 -> -4.2552844 | AV14: - | AW14: - | AX14: ='[18]Inv Nom'!C14 -> 249 | AY14: =((AX14/AX13)-1)*100 -> -11.3879 | AZ14: ='[18]Inv Nom'!D14 -> 151 | BA14: =((AZ14/AZ13)-1)*100 -> -17.032967 | BB14: ='[18]Inv Nom'!E14 -> 98 | BC14: =((BB14/BB13)-1)*100 -> -1.010101 | BD14: =(AX14/AK14)*100 -> 5.1202961 | BE14: =-DL14 -> -4.2890191 | BF14: =BD14-BE14 -> 9.4093152 | BG14: =BF14-BH14 -> 6.4481801 | BH14: =BJ14+BK14 -> 2.9611351 | BI14: =BG14-BL14 -> 3.343101 | BJ14: =DW14 -> 0.94591816 | BK14: =(BB14/AK14)*100 -> 2.0152169 | BL14: =(AZ14/AK14)*100 -> 3.1050792 | BM14: - | BN14: - | BO14: - | BP14: - | BQ14: - | BR14: - | BS14: - | BT14: - | BU14: - | BV14: ='[15]Precios M Anual'!B14 -> 26.420587 | BW14: =((BV14/BV13)-1)*100 -> 1.3899617 | BX14: ='[15]Precios M Anual'!D14 -> 23.987069 | BY14: =((BX14/BX13)-1)*100 -> 2.3061187 | BZ14: - | CA14: - | CB14: - | CC14: ='[19]TCA B64'!$B14 -> 2.1458333 | CD14: =((CC14/CC13)-1)*100 -> -0.3868472 | CE14: =[19]TCA!$D14 -> 2.16 | CF14: =((CE14/CE13)-1)*100 -> 0 | CG14: ='[19]TCA B64'!$I14 -> 117.739 | CH14: =((CG14/CG13)-1)*100 -> 1.611496 | CI14: - | CJ14: - | CK14: - | CL14: - | CM14: - | CN14: - | CO14: - | CP14: ='[15]Terminos de Int'!B14 -> 110.74965 | CQ14: ='[15]Terminos de Int'!C14 -> 10.204082 | CR14: - | CS14: - | CT14: =[16]bp!$I14 -> 274.9 | CU14: - | CV14: - | CW14: - | CX14: - | CY14: =[16]bp!N14 -> 177.7 | CZ14: - | DA14: - | DB14: - | DC14: - | DD14: - | DE14: - | DF14: - | DG14: - | DH14: - | DI14: - | DJ14: =((CT14+CY14)/AR14)*100 -> 19.971297 | DK14: =CT14-CY14 -> 97.2 | DL14: =(DK14/AR14)*100 -> 4.2890191 | DM14: =((CT14/CT13)-1)*100 -> -3.4082923 | DN14: =((CY14/CY13)-1)*100 -> 3.2539221 | DO14: - | DP14: - | DQ14: - | DR14: =[20]GobFed!$X14 -> 322 | DS14: =[20]GobFed!$X83 -> 6.6214271 | DT14: =[20]GobFed!$AO14 -> 276 | DU14: =[20]GobFed!$AO83 -> 5.6755089 | DV14: =[20]GobFed!$BG14 -> 46 | DW14: =[20]GobFed!$BG83 -> 0.94591816 | DX14: - | DY14: - | DZ14: - | EA14: - | EB14: - | EC14: - | ED14: ='[20]Deuda Ext'!K14 -> 472.00497 | EE14: =(ED14/AR14)*100 -> 20.827555 | EF14: - | EG14: - | EH14: - | EI14: - | EJ14: - | EK14: - | EL14: - | EM14: - | EN14: - | EO14: - | EP14: - | EQ14: - | ER14: - | ES14: - | ET14: - | EU14: - | EV14: - | EW14: - | EX14: - | EZ14: - | FA14: - | FB14: - | FC14: - | FD14: - | FE14: - | FF14: - | FG14: - | FH14: - | FI14: - | FJ14: - | FK14: - | FL14: - | FM14: - | FN14: - | FO14: - | FP14: - | FQ14: - | FR14: - | FS14: - | FT14: - | FU14: - | FV14: - | FW14: - | FX14: - | FY14: - | FZ14: - | GA14: - | GB14: - | GC14: - | GD14: - | GE14: - | GF14: ='[21]Reservas Int'!C14 -> 25 | GG14: =(GF14/(AR14))*100 -> 1.1031428 | GH14: =GF14-GF13 -> 5.2 | GI14: =(GH14/AR14)*100 -> 0.2294537 | GJ14: =(GF14*CE14) -> 54 | GK14: =((GJ14/GJ13)-1)*100 -> 26.262626 | GL14: =GF14/(CY14/12) -> 1.6882386
A15: 1930 | B15: ='[14]EU Pob'!C15 -> 123188000 | C15: ='[14]EU PIB'!B15 -> 1015.058 | D15: ='[14]EU PIB'!C15 -> -8.5 | E15: ='[14]EU PIB'!D15 -> 92.16 | F15: ='[14]EU PIB'!E15 -> -3.659344 | G15: ='[14]EU PIB'!F15 -> 9.0792841 | H15: ='[14]EU PIB'!G15 -> -3.659344 | I15: ='[14]EU PIB'!H15 -> 748.12482 | J15: ='[14]EU INF A'!$J15 -> 54.373667 | K15: =((J15/J14)-1)*100 -> -9.4875698 | L15: ='[14]EU INF A'!$L15 -> 50.106675 | M15: =((L15/L14)-1)*100 -> -14.906832 | N15: ='[14]EU INF A'!$F15 -> 69.390582 | O15: =((N15/N14)-1)*100 -> -2.6711996 | P15: ='[14]EU INF A'!$H15 -> 64.4 | Q15: =((P15/P14)-1)*100 -> -6.3953488 | R15: - | S15: - | T15: - | U15: - | V15: ='[14]EU Bal Fis'!B15 -> 0.80043 | W15: ='[14]UK Pet'!B74 -> 1.19 | X15: ='[14]UK Pet'!C74 -> -6.2992126 | Y15: =[17]POBLACIÓN!$E15 -> 16553000 | Z15: =((Y15/Y14)-1)*100 -> 1.6113247 | AA15: =[17]POBLACIÓN!$F15 -> 5540629.8 | AB15: =(AA15/Y15)*100 -> 33.472058 | AC15: =[17]POBLACIÓN!$G15 -> 11012370 | AD15: =(AC15/Y15)*100 -> 66.527942 | AE15: =[17]POBLACIÓN!$M15 -> 5165803 | AF15: =(AE15/Y15)*100 -> 31.207654 | AG15: =[18]PIB!D15 -> 17392.799 | AH15: =[18]PIB!E15 -> -6.2678685 | AI15: =[18]PIB!H15 -> 26.838693 | AJ15: =[18]PIB!I15 -> 2.4089904 | AK15: =[18]PIB!B15 -> 4668 | AL15: =[18]PIB!C15 -> -4.0098705 | AM15: =(AG15*1000)/AE15 -> 3.3669111 | AN15: ='[18]PIB POT'!F15 -> 16801.263 | AO15: ='[18]PIB POT'!G15 -> 40.113325 | AP15: ='[18]PIB POT'!H15 -> 2.3113012 | AQ15: =(((1+(AH15/100))/(1+(AP15/100)))-1)*100 -> -8.3853589 | AR15: =(AK15)/CC15 -> 2076.2046 | AS15: =((AR15/AR14)-1)*100 -> -8.3859957 | AT15: =(AR15*1000000)/Y15 -> 125.42769 | AU15: =((AT15/AT14)-1)*100 -> -9.8387856 | AV15: - | AW15: - | AX15: ='[18]Inv Nom'!C15 -> 310 | AY15: =((AX15/AX14)-1)*100 -> 24.497992 | AZ15: ='[18]Inv Nom'!D15 -> 207 | BA15: =((AZ15/AZ14)-1)*100 -> 37.086093 | BB15: ='[18]Inv Nom'!E15 -> 103 | BC15: =((BB15/BB14)-1)*100 -> 5.1020408 | BD15: =(AX15/AK15)*100 -> 6.6409597 | BE15: =-DL15 -> -2.3215438 | BF15: =BD15-BE15 -> 8.9625036 | BG15: =BF15-BH15 -> 6.5417666 | BH15: =BJ15+BK15 -> 2.4207369 | BI15: =BG15-BL15 -> 2.1073193 | BJ15: =DW15 -> 0.21422451 | BK15: =(BB15/AK15)*100 -> 2.2065124 | BL15: =(AZ15/AK15)*100 -> 4.4344473 | BM15: - | BN15: - | BO15: - | BP15: - | BQ15: - | BR15: - | BS15: - | BT15: - | BU15: - | BV15: ='[15]Precios M Anual'!B15 -> 26.229603 | BW15: =((BV15/BV14)-1)*100 -> -0.72286024 | BX15: ='[15]Precios M Anual'!D15 -> 22.504585 | BY15: =((BX15/BX14)-1)*100 -> -6.1803445 | BZ15: - | CA15: - | CB15: - | CC15: ='[19]TCA B64'!$B15 -> 2.2483333 | CD15: =((CC15/CC14)-1)*100 -> 4.776699 | CE15: =[19]TCA!$D15 -> 2.5 | CF15: =((CE15/CE14)-1)*100 -> 15.740741 | CG15: ='[19]TCA B64'!$I15 -> 124.3985 | CH15: =((CG15/CG14)-1)*100 -> 5.6561506 | CI15: - | CJ15: - | CK15: - | CL15: - | CM15: - | CN15: - | CO15: - | CP15: ='[15]Terminos de Int'!B15 -> 121.00424 | CQ15: ='[15]Terminos de Int'!C15 -> 9.2592593 | CR15: - | CS15: - | CT15: =[16]bp!$I15 -> 203.1 | CU15: - | CV15: - | CW15: - | CX15: - | CY15: =[16]bp!N15 -> 154.9 | CZ15: - | DA15: - | DB15: - | DC15: - | DD15: - | DE15: - | DF15: - | DG15: - | DH15: - | DI15: - | DJ15: =((CT15+CY15)/AR15)*100 -> 17.243002 | DK15: =CT15-CY15 -> 48.2 | DL15: =(DK15/AR15)*100 -> 2.3215438 | DM15: =((CT15/CT14)-1)*100 -> -26.118589 | DN15: =((CY15/CY14)-1)*100 -> -12.830613 | DO15: - | DP15: - | DQ15: - | DR15: =[20]GobFed!$X15 -> 289 | DS15: =[20]GobFed!$X84 -> 6.1910883 | DT15: =[20]GobFed!$AO15 -> 279 | DU15: =[20]GobFed!$AO84 -> 5.9768638 | DV15: =[20]GobFed!$BG15 -> 10 | DW15: =[20]GobFed!$BG84 -> 0.21422451 | DX15: - | DY15: - | DZ15: - | EA15: - | EB15: - | EC15: - | ED15: ='[20]Deuda Ext'!K15 -> 461.54455 | EE15: =(ED15/AR15)*100 -> 22.230206 | EF15: - | EG15: - | EH15: - | EI15: - | EJ15: - | EK15: - | EL15: - | EM15: - | EN15: - | EO15: - | EP15: - | EQ15: - | ER15: - | ES15: - | ET15: - | EU15: - | EV15: - | EW15: - | EX15: - | EZ15: - | FA15: - | FB15: - | FC15: - | FD15: - | FE15: - | FF15: - | FG15: - | FH15: - | FI15: - | FJ15: - | FK15: - | FL15: - | FM15: - | FN15: - | FO15: - | FP15: - | FQ15: - | FR15: - | FS15: - | FT15: - | FU15: - | FV15: - | FW15: - | FX15: - | FY15: - | FZ15: - | GA15: - | GB15: - | GC15: - | GD15: - | GE15: - | GF15: ='[21]Reservas Int'!C15 -> 13.6 | GG15: =(GF15/(AR15))*100 -> 0.65504142 | GH15: =GF15-GF14 -> -11.4 | GI15: =(GH15/AR15)*100 -> -0.54907883 | GJ15: =(GF15*CE15) -> 34 | GK15: =((GJ15/GJ14)-1)*100 -> -37.037037 | GL15: =GF15/(CY15/12) -> 1.053583
A16: 1931 | B16: ='[14]EU Pob'!C16 -> 124149000 | C16: ='[14]EU PIB'!B16 -> 950.037 | D16: ='[14]EU PIB'!C16 -> -6.4 | E16: ='[14]EU PIB'!D16 -> 77.391 | F16: ='[14]EU PIB'!E16 -> -10.278127 | G16: ='[14]EU PIB'!F16 -> 8.1461038 | H16: ='[14]EU PIB'!G16 -> -10.278127 | I16: ='[14]EU PIB'!H16 -> 623.37192 | J16: ='[14]EU INF A'!$J16 -> 45.961597 | K16: =((J16/J15)-1)*100 -> -15.470852 | L16: ='[14]EU INF A'!$L16 -> 43.157574 | M16: =((L16/L15)-1)*100 -> -13.868613 | N16: ='[14]EU INF A'!$F16 -> 63.192521 | O16: =((N16/N15)-1)*100 -> -8.9321357 | P16: ='[14]EU INF A'!$H16 -> 58.4 | Q16: =((P16/P15)-1)*100 -> -9.3167702 | R16: - | S16: - | T16: - | U16: - | V16: ='[14]EU Bal Fis'!B16 -> -0.5969 | W16: ='[14]UK Pet'!B75 -> 0.65 | X16: ='[14]UK Pet'!C75 -> -45.378151 | Y16: =[17]POBLACIÓN!$E16 -> 16839606 | Z16: =((Y16/Y15)-1)*100 -> 1.7314451 | AA16: =[17]POBLACIÓN!$F16 -> 5663222.6 | AB16: =(AA16/Y16)*100 -> 33.630374 | AC16: =[17]POBLACIÓN!$G16 -> 11176384 | AD16: =(AC16/Y16)*100 -> 66.369626 | AE16: =[17]POBLACIÓN!$M16 -> 5231182.3 | AF16: =(AE16/Y16)*100 -> 31.064754 | AG16: =[18]PIB!D16 -> 17969.259 | AH16: =[18]PIB!E16 -> 3.314359 | AI16: =[18]PIB!H16 -> 23.473422 | AJ16: =[18]PIB!I16 -> -12.538878 | AK16: =[18]PIB!B16 -> 4218 | AL16: =[18]PIB!C16 -> -9.6401028 | AM16: =(AG16*1000)/AE16 -> 3.4350283 | AN16: ='[18]PIB POT'!F16 -> 17205.695 | AO16: ='[18]PIB POT'!G16 -> 41.078913 | AP16: ='[18]PIB POT'!H16 -> 2.407151 | AQ16: =(((1+(AH16/100))/(1+(AP16/100)))-1)*100 -> 0.8858834 | AR16: =(AK16)/CC16 -> 1566.0891 | AS16: =((AR16/AR15)-1)*100 -> -24.569616 | AT16: =(AR16*1000000)/Y16 -> 93.000341 | AU16: =((AT16/AT15)-1)*100 -> -25.853423 | AV16: - | AW16: - | AX16: ='[18]Inv Nom'!C16 -> 199 | AY16: =((AX16/AX15)-1)*100 -> -35.806452 | AZ16: ='[18]Inv Nom'!D16 -> 108 | BA16: =((AZ16/AZ15)-1)*100 -> -47.826087 | BB16: ='[18]Inv Nom'!E16 -> 91 | BC16: =((BB16/BB15)-1)*100 -> -11.650485 | BD16: =(AX16/AK16)*100 -> 4.7178758 | BE16: =-DL16 -> -4.4058796 | BF16: =BD16-BE16 -> 9.1237553 | BG16: =BF16-BH16 -> 6.2788051 | BH16: =BJ16+BK16 -> 2.8449502 | BI16: =BG16-BL16 -> 3.7183499 | BJ16: =DW16 -> 0.68752963 | BK16: =(BB16/AK16)*100 -> 2.1574206 | BL16: =(AZ16/AK16)*100 -> 2.5604552 | BM16: - | BN16: - | BO16: - | BP16: - | BQ16: - | BR16: - | BS16: - | BT16: - | BU16: - | BV16: ='[15]Precios M Anual'!B16 -> 23.642322 | BW16: =((BV16/BV15)-1)*100 -> -9.863974 | BX16: ='[15]Precios M Anual'!D16 -> 18.883437 | BY16: =((BX16/BX15)-1)*100 -> -16.090713 | BZ16: - | CA16: - | CB16: - | CC16: ='[19]TCA B64'!$B16 -> 2.6933333 | CD16: =((CC16/CC15)-1)*100 -> 19.792439 | CE16: =[19]TCA!$D16 -> 2.57 | CF16: =((CE16/CE15)-1)*100 -> 2.8 | CG16: ='[19]TCA B64'!$I16 -> 110.34535 | CH16: =((CG16/CG15)-1)*100 -> -11.296881 | CI16: - | CJ16: - | CK16: - | CL16: - | CM16: - | CN16: - | CO16: - | CP16: ='[15]Terminos de Int'!B16 -> 152.9907 | CQ16: ='[15]Terminos de Int'!C16 -> 26.434159 | CR16: - | CS16: - | CT16: =[16]bp!$I16 -> 150.9 | CU16: - | CV16: - | CW16: - | CX16: - | CY16: =[16]bp!N16 -> 81.9 | CZ16: - | DA16: - | DB16: - | DC16: - | DD16: - | DE16: - | DF16: - | DG16: - | DH16: - | DI16: - | DJ16: =((CT16+CY16)/AR16)*100 -> 14.865055 | DK16: =CT16-CY16 -> 69 | DL16: =(DK16/AR16)*100 -> 4.4058796 | DM16: =((CT16/CT15)-1)*100 -> -25.701625 | DN16: =((CY16/CY15)-1)*100 -> -47.127179 | DO16: - | DP16: - | DQ16: - | DR16: =[20]GobFed!$X16 -> 256 | DS16: =[20]GobFed!$X85 -> 6.0692271 | DT16: =[20]GobFed!$AO16 -> 227 | DU16: =[20]GobFed!$AO85 -> 5.3816975 | DV16: =[20]GobFed!$BG16 -> 29 | DW16: =[20]GobFed!$BG85 -> 0.68752963 | DX16: - | DY16: - | DZ16: - | EA16: - | EB16: - | EC16: - | ED16: ='[20]Deuda Ext'!K16 -> 394.40272 | EE16: =(ED16/AR16)*100 -> 25.183926 | EF16: - | EG16: - | EH16: - | EI16: - | EJ16: - | EK16: - | EL16: - | EM16: - | EN16: - | EO16: - | EP16: - | EQ16: - | ER16: - | ES16: - | ET16: - | EU16: - | EV16: - | EW16: - | EX16: - | EZ16: - | FA16: - | FB16: - | FC16: - | FD16: - | FE16: - | FF16: - | FG16: - | FH16: - | FI16: - | FJ16: - | FK16: - | FL16: - | FM16: - | FN16: - | FO16: - | FP16: - | FQ16: - | FR16: - | FS16: - | FT16: - | FU16: - | FV16: - | FW16: - | FX16: - | FY16: - | FZ16: - | GA16: - | GB16: - | GC16: - | GD16: - | GE16: - | GF16: ='[21]Reservas Int'!C16 -> 9.7 | GG16: =(GF16/(AR16))*100 -> 0.61937727 | GH16: =GF16-GF15 -> -3.9 | GI16: =(GH16/AR16)*100 -> -0.24902798 | GJ16: =(GF16*CE16) -> 24.929 | GK16: =((GJ16/GJ15)-1)*100 -> -26.679412 | GL16: =GF16/(CY16/12) -> 1.4212454
A17: 1932 | B17: ='[14]EU Pob'!C17 -> 124949000 | C17: ='[14]EU PIB'!B17 -> 827.495 | D17: ='[14]EU PIB'!C17 -> -12.9 | E17: ='[14]EU PIB'!D17 -> 59.522 | F17: ='[14]EU PIB'!E17 -> -11.699696 | G17: ='[14]EU PIB'!F17 -> 7.1930344 | H17: ='[14]EU PIB'!G17 -> -11.699696 | I17: ='[14]EU PIB'!H17 -> 476.37036 | J17: ='[14]EU INF A'!$J17 -> 40.932642 | K17: =((J17/J16)-1)*100 -> -10.941645 | L17: ='[14]EU INF A'!$L17 -> 39.500152 | M17: =((L17/L16)-1)*100 -> -8.4745763 | N17: ='[14]EU INF A'!$F17 -> 56.682825 | O17: =((N17/N16)-1)*100 -> -10.30137 | P17: ='[14]EU INF A'!$H17 -> 52.4 | Q17: =((P17/P16)-1)*100 -> -10.273973 | R17: - | S17: - | T17: - | U17: - | V17: ='[14]EU Bal Fis'!B17 -> -4.59664 | W17: ='[14]UK Pet'!B76 -> 0.87 | X17: ='[14]UK Pet'!C76 -> 33.846154 | Y17: =[17]POBLACIÓN!$E17 -> 17131175 | Z17: =((Y17/Y16)-1)*100 -> 1.7314451 | AA17: =[17]POBLACIÓN!$F17 -> 5788527.9 | AB17: =(AA17/Y17)*100 -> 33.78944 | AC17: =[17]POBLACIÓN!$G17 -> 11342647 | AD17: =(AC17/Y17)*100 -> 66.21056 | AE17: =[17]POBLACIÓN!$M17 -> 5297389 | AF17: =(AE17/Y17)*100 -> 30.922509 | AG17: =[18]PIB!D17 -> 15289.025 | AH17: =[18]PIB!E17 -> -14.915662 | AI17: =[18]PIB!H17 -> 20.96929 | AJ17: =[18]PIB!I17 -> -10.667946 | AK17: =[18]PIB!B17 -> 3206 | AL17: =[18]PIB!C17 -> -23.992413 | AM17: =(AG17*1000)/AE17 -> 2.8861435 | AN17: ='[18]PIB POT'!F17 -> 17665.393 | AO17: ='[18]PIB POT'!G17 -> 42.17645 | AP17: ='[18]PIB POT'!H17 -> 2.6717764 | AQ17: =(((1+(AH17/100))/(1+(AP17/100)))-1)*100 -> -17.129769 | AR17: =(AK17)/CC17 -> 1013.7549 | AS17: =((AR17/AR16)-1)*100 -> -35.268374 | AT17: =(AR17*1000000)/Y17 -> 59.176032 | AU17: =((AT17/AT16)-1)*100 -> -36.370091 | AV17: - | AW17: - | AX17: ='[18]Inv Nom'!C17 -> 140 | AY17: =((AX17/AX16)-1)*100 -> -29.648241 | AZ17: ='[18]Inv Nom'!D17 -> 67 | BA17: =((AZ17/AZ16)-1)*100 -> -37.962963 | BB17: ='[18]Inv Nom'!E17 -> 73 | BC17: =((BB17/BB16)-1)*100 -> -19.78022 | BD17: =(AX17/AK17)*100 -> 4.3668122 | BE17: =-DL17 -> -3.8668122 | BF17: =BD17-BE17 -> 8.2336245 | BG17: =BF17-BH17 -> 5.9566438 | BH17: =BJ17+BK17 -> 2.2769807 | BI17: =BG17-BL17 -> 3.8668122 | BJ17: =DW17 -> 0 | BK17: =(BB17/AK17)*100 -> 2.2769807 | BL17: =(AZ17/AK17)*100 -> 2.0898316 | BM17: - | BN17: - | BO17: - | BP17: - | BQ17: - | BR17: - | BS17: - | BT17: - | BU17: - | BV17: ='[15]Precios M Anual'!B17 -> 21.144786 | BW17: =((BV17/BV16)-1)*100 -> -10.563837 | BX17: ='[15]Precios M Anual'!D17 -> 19.734043 | BY17: =((BX17/BX16)-1)*100 -> 4.5045045 | BZ17: - | CA17: - | CB17: - | CC17: ='[19]TCA B64'!$B17 -> 3.1625 | CD17: =((CC17/CC16)-1)*100 -> 17.419554 | CE17: =[19]TCA!$D17 -> 3.09 | CF17: =((CE17/CE16)-1)*100 -> 20.233463 | CG17: ='[19]TCA B64'!$I17 -> 117.33936 | CH17: =((CG17/CG16)-1)*100 -> 6.3382939 | CI17: =[19]TCA!$H17 -> 133.30249 | CK17: - | CL17: - | CM17: - | CN17: - | CO17: - | CP17: ='[15]Terminos de Int'!B17 -> 184.97715 | CQ17: ='[15]Terminos de Int'!C17 -> 20.90745 | CR17: - | CS17: - | CT17: =[16]bp!$I17 -> 96.5 | CU17: - | CV17: - | CW17: - | CX17: - | CY17: =[16]bp!N17 -> 57.3 | CZ17: - | DA17: - | DB17: - | DC17: - | DD17: - | DE17: - | DF17: - | DG17: - | DH17: - | DI17: - | DJ17: =((CT17+CY17)/AR17)*100 -> 15.171319 | DK17: =CT17-CY17 -> 39.2 | DL17: =(DK17/AR17)*100 -> 3.8668122 | DM17: =((CT17/CT16)-1)*100 -> -36.050364 | DN17: =((CY17/CY16)-1)*100 -> -30.03663 | DO17: - | DP17: - | DQ17: - | DR17: =[20]GobFed!$X17 -> 212 | DS17: =[20]GobFed!$X86 -> 6.6126014 | DT17: =[20]GobFed!$AO17 -> 212 | DU17: =[20]GobFed!$AO86 -> 6.6126014 | DV17: =[20]GobFed!$BG17 -> 0 | DW17: =[20]GobFed!$BG86 -> 0 | DX17: - | DY17: - | DZ17: - | EA17: - | EB17: - | EC17: - | ED17: ='[20]Deuda Ext'!K17 -> 340.58498 | EE17: =(ED17/AR17)*100 -> 33.596382 | EF17: - | EG17: - | EH17: - | EI17: - | EJ17: - | EK17: - | EL17: - | EM17: - | EN17: - | EO17: - | EP17: - | EQ17: - | ER17: - | ES17: - | ET17: - | EU17: - | EV17: - | EW17: - | EX17: - | EZ17: - | FA17: - | FB17: - | FC17: - | FD17: - | FE17: - | FF17: - | FG17: - | FH17: - | FI17: - | FJ17: - | FK17: - | FL17: - | FM17: - | FN17: - | FO17: - | FP17: - | FQ17: - | FR17: - | FS17: - | FT17: - | FU17: - | FV17: - | FW17: - | FX17: - | FY17: - | FZ17: - | GA17: - | GB17: - | GC17: - | GD17: - | GE17: - | GF17: ='[21]Reservas Int'!C17 -> 31.2 | GG17: =(GF17/(AR17))*100 -> 3.0776669 | GH17: =GF17-GF16 -> 21.5 | GI17: =(GH17/AR17)*100 -> 2.1208281 | GJ17: =(GF17*CE17) -> 96.408 | GK17: =((GJ17/GJ16)-1)*100 -> 286.73031 | GL17: =GF17/(CY17/12) -> 6.5340314
A18: 1933 | B18: ='[14]EU Pob'!C18 -> 125690000 | C18: ='[14]EU PIB'!B18 -> 817.265 | D18: ='[14]EU PIB'!C18 -> -1.2 | E18: ='[14]EU PIB'!D18 -> 57.154 | F18: ='[14]EU PIB'!E18 -> -2.7764235 | G18: ='[14]EU PIB'!F18 -> 6.9933253 | H18: ='[14]EU PIB'!G18 -> -2.7764235 | I18: ='[14]EU PIB'!H18 -> 454.72193 | J18: ='[14]EU INF A'!$J18 -> 41.60317 | K18: =((J18/J17)-1)*100 -> 1.6381236 | L18: ='[14]EU INF A'!$L18 -> 44.620543 | M18: =((L18/L17)-1)*100 -> 12.962963 | N18: ='[14]EU INF A'!$F18 -> 53.739612 | O18: =((N18/N17)-1)*100 -> -5.1924252 | P18: ='[14]EU INF A'!$H18 -> 52.8 | Q18: =((P18/P17)-1)*100 -> 0.76335878 | R18: - | S18: - | T18: - | U18: - | V18: ='[14]EU Bal Fis'!B18 -> -4.54895 | W18: ='[14]UK Pet'!B77 -> 0.67 | X18: ='[14]UK Pet'!C77 -> -22.988506 | Y18: =[17]POBLACIÓN!$E18 -> 17427792 | Z18: =((Y18/Y17)-1)*100 -> 1.7314451 | AA18: =[17]POBLACIÓN!$F18 -> 5916605.8 | AB18: =(AA18/Y18)*100 -> 33.949257 | AC18: =[17]POBLACIÓN!$G18 -> 11511186 | AD18: =(AC18/Y18)*100 -> 66.050743 | AE18: =[17]POBLACIÓN!$M18 -> 5364433.7 | AF18: =(AE18/Y18)*100 -> 30.780915 | AG18: =[18]PIB!D18 -> 17016.377 | AH18: =[18]PIB!E18 -> 11.297987 | AI18: =[18]PIB!H18 -> 22.225648 | AJ18: =[18]PIB!I18 -> 5.9914171 | AK18: =[18]PIB!B18 -> 3782 | AL18: =[18]PIB!C18 -> 17.966313 | AM18: =(AG18*1000)/AE18 -> 3.1720734 | AN18: ='[18]PIB POT'!F18 -> 18222.729 | AO18: ='[18]PIB POT'!G18 -> 43.507101 | AP18: ='[18]PIB POT'!H18 -> 3.1549614 | AQ18: =(((1+(AH18/100))/(1+(AP18/100)))-1)*100 -> 7.8939734 | AR18: =(AK18)/CC18 -> 1072.6542 | AS18: =((AR18/AR17)-1)*100 -> 5.8100115 | AT18: =(AR18*1000000)/Y18 -> 61.548488 | AU18: =((AT18/AT17)-1)*100 -> 4.0091501 | AV18: =(BL18+BK18)/AH18 -> 0.4423227 | AW18: 1.38 | AX18: ='[18]Inv Nom'!C18 -> 189 | AY18: =((AX18/AX17)-1)*100 -> 35 | AZ18: ='[18]Inv Nom'!D18 -> 104 | BA18: =((AZ18/AZ17)-1)*100 -> 55.223881 | BB18: ='[18]Inv Nom'!E18 -> 85 | BC18: =((BB18/BB17)-1)*100 -> 16.438356 | BD18: =(AX18/AK18)*100 -> 4.9973559 | BE18: =-DL18 -> -3.2256434 | BF18: =BD18-BE18 -> 8.2229993 | BG18: =BF18-BH18 -> 6.583655 | BH18: =BJ18+BK18 -> 1.6393443 | BI18: =BG18-BL18 -> 3.8337872 | BJ18: =DW18 -> -0.60814384 | BK18: =(BB18/AK18)*100 -> 2.2474881 | BL18: =(AZ18/AK18)*100 -> 2.7498678 | BM18: - | BN18: - | BO18: - | BP18: - | BQ18: - | BR18: - | BS18: - | BT18: - | BU18: - | BV18: ='[15]Precios M Anual'!B18 -> 22.843716 | BW18: =((BV18/BV17)-1)*100 -> 8.0347506 | BX18: ='[15]Precios M Anual'!D18 -> 21.843958 | BY18: =((BX18/BX17)-1)*100 -> 10.691754 | BZ18: - | CA18: - | CB18: - | CC18: ='[19]TCA B64'!$B18 -> 3.5258333 | CD18: =((CC18/CC17)-1)*100 -> 11.488801 | CE18: =[19]TCA!$D18 -> 3.6 | CF18: =((CE18/CE17)-1)*100 -> 16.504854 | CG18: ='[19]TCA B64'!$I18 -> 109.87355 | CH18: =((CG18/CG17)-1)*100 -> -6.3625739 | CI18: =[19]TCA!$H18 -> 104.32331 | CJ18: =((CI18/CI17)-1)*100 -> -21.739415 | CK18: - | CL18: - | CM18: - | CN18: - | CO18: - | CP18: ='[15]Terminos de Int'!B18 -> 165.11525 | CQ18: ='[15]Terminos de Int'!C18 -> -10.737489 | CR18: - | CS18: - | CT18: =[16]bp!$I18 -> 104.3 | CU18: - | CV18: - | CW18: - | CX18: - | CY18: =[16]bp!N18 -> 69.7 | CZ18: - | DA18: - | DB18: - | DC18: - | DD18: - | DE18: - | DF18: - | DG18: - | DH18: - | DI18: - | DJ18: =((CT18+CY18)/AR18)*100 -> 16.221444 | DK18: =CT18-CY18 -> 34.6 | DL18: =(DK18/AR18)*100 -> 3.2256434 | DM18: =((CT18/CT17)-1)*100 -> 8.0829016 | DN18: =((CY18/CY17)-1)*100 -> 21.640489 | DO18: - | DP18: - | DQ18: - | DR18: =[20]GobFed!$X18 -> 223 | DS18: =[20]GobFed!$X87 -> 5.8963511 | DT18: =[20]GobFed!$AO18 -> 246 | DU18: =[20]GobFed!$AO87 -> 6.504495 | DV18: =[20]GobFed!$BG18 -> -23 | DW18: =[20]GobFed!$BG87 -> -0.60814384 | DX18: - | DY18: - | DZ18: - | EA18: - | EB18: - | EC18: - | ED18: ='[20]Deuda Ext'!K18 -> 315.36857 | EE18: =(ED18/AR18)*100 -> 29.400767 | EG18: ='[21]Rec y Obligaciones'!$EA18 -> 180 | EH18: =(EG18/AK18)*100 -> 4.7593866 | EJ18: ='[21]Rec y Obligaciones'!C18 -> 131 | EK18: =(EJ18/AK18)*100 -> 3.4637758 | EM18: ='[21]Rec y Obligaciones'!$DE18+'[21]Rec y Obligaciones'!$DF18+'[21]Rec y Obligaciones'!$DG18 -> 49 | EN18: =(EM18/AK18)*100 -> 1.2956108 | EO18: - | EP18: ='[21]Rec y Obligaciones'!$DF18 -> 10 | EQ18: =(EP18/AK18)*100 -> 0.26441036 | ES18: ='[21]Rec y Obligaciones'!$DC18+'[21]Rec y Obligaciones'!$DD18 -> 9 | ET18: =(ES18/AK18)*100 -> 0.23796933 | EV18: ='[21]Rec y Obligaciones'!$DG18 -> 30 | EW18: =(EV18/AK18)*100 -> 0.79323109 | EZ18: ='[21]Rec y Obligaciones'!$DS18 -> 334 | FA18: =(EZ18/AK18)*100 -> 8.8313062 | FB18: ='[21]Rec y Obligaciones'!$DF18+'[21]Rec y Obligaciones'!$DG18 -> 40 | FC18: =(FB18/AK18)*100 -> 1.0576415 | FD18: ='[21]Rec y Obligaciones'!$DH18+'[21]Rec y Obligaciones'!$DI18 -> 30 | FE18: =(FD18/AK18)*100 -> 0.79323109 | FF18: ='[21]Rec y Obligaciones'!$DL18+'[21]Rec y Obligaciones'!$DK18 -> 264 | FG18: =(FF18/AK18)*100 -> 6.9804336 | FH18: - | FI18: - | FJ18: - | FK18: - | FL18: - | FM18: - | FN18: - | FO18: ='[21]Rec y Obligaciones'!DY18 -> 378.1 | FP18: =(FO18/AK18)*100 -> 9.9973559 | FQ18: - | FR18: ='[21]Rec y Obligaciones'!$DZ18 -> 500 | FS18: =(FR18/AK18)*100 -> 13.220518 | FT18: - | FU18: - | FV18: - | FW18: - | FX18: - | FY18: - | FZ18: - | GA18: - | GB18: - | GC18: - | GD18: - | GE18: - | GF18: ='[21]Reservas Int'!C18 -> 36.8 | GG18: =(GF18/(AR18))*100 -> 3.4307421 | GH18: =GF18-GF17 -> 5.6 | GI18: =(GH18/AR18)*100 -> 0.52206945 | GJ18: =(GF18*CE18) -> 132.48 | GK18: =((GJ18/GJ17)-1)*100 -> 37.415982 | GL18: =GF18/(CY18/12) -> 6.3357245
A19: 1934 | B19: ='[14]EU Pob'!C19 -> 126485000 | C19: ='[14]EU PIB'!B19 -> 905.594 | D19: ='[14]EU PIB'!C19 -> 10.8 | E19: ='[14]EU PIB'!D19 -> 66.8 | F19: ='[14]EU PIB'!E19 -> 5.4773465 | G19: ='[14]EU PIB'!F19 -> 7.376374 | H19: ='[14]EU PIB'!G19 -> 5.4773465 | I19: ='[14]EU PIB'!H19 -> 528.12586 | J19: ='[14]EU INF A'!$J19 -> 47.33313 | K19: =((J19/J18)-1)*100 -> 13.772894 | L19: ='[14]EU INF A'!$L19 -> 48.643706 | M19: =((L19/L18)-1)*100 -> 9.0163934 | N19: ='[14]EU INF A'!$F19 -> 55.609418 | O19: =((N19/N18)-1)*100 -> 3.4793814 | P19: ='[14]EU INF A'!$H19 -> 53.6 | Q19: =((P19/P18)-1)*100 -> 1.5151515 | R19: - | S19: - | T19: =#REF! -> #REF! | U19: ='[14]EU tasas'!E19 -> 0.27833333 | V19: ='[14]EU Bal Fis'!B19 -> -5.36826 | W19: ='[14]UK Pet'!B78 -> 1 | X19: ='[14]UK Pet'!C78 -> 49.253731 | Y19: =[17]POBLACIÓN!$E19 -> 17729544 | Z19: =((Y19/Y18)-1)*100 -> 1.7314451 | AA19: =[17]POBLACIÓN!$F19 -> 6047517.5 | AB19: =(AA19/Y19)*100 -> 34.109831 | AC19: =[17]POBLACIÓN!$G19 -> 11682027 | AD19: =(AC19/Y19)*100 -> 65.890169 | AE19: =[17]POBLACIÓN!$M19 -> 5432326.8 | AF19: =(AE19/Y19)*100 -> 30.639969 | AG19: =[18]PIB!D19 -> 18164.566 | AH19: =[18]PIB!E19 -> 6.7475526 | AI19: =[18]PIB!H19 -> 22.852184 | AJ19: =[18]PIB!I19 -> 2.8189779 | AK19: =[18]PIB!B19 -> 4151 | AL19: =[18]PIB!C19 -> 9.7567425 | AM19: =(AG19*1000)/AE19 -> 3.3437911 | AN19: ='[18]PIB POT'!F19 -> 18892.171 | AO19: ='[18]PIB POT'!G19 -> 45.105406 | AP19: ='[18]PIB POT'!H19 -> 3.673666 | AQ19: =(((1+(AH19/100))/(1+(AP19/100)))-1)*100 -> 2.9649637 | AR19: =(AK19)/CC19 -> 1153.0556 | AS19: =((AR19/AR18)-1)*100 -> 7.4955503 | AT19: =(AR19*1000000)/Y19 -> 65.035826 | AU19: =((AT19/AT18)-1)*100 -> 5.6660015 | AV19: =(BL19+BK19)/AH19 -> 1.0032457 | AW19: 1.38 | AX19: ='[18]Inv Nom'!C19 -> 281 | AY19: =((AX19/AX18)-1)*100 -> 48.677249 | AZ19: ='[18]Inv Nom'!D19 -> 183 | BA19: =((AZ19/AZ18)-1)*100 -> 75.961538 | BB19: ='[18]Inv Nom'!E19 -> 98 | BC19: =((BB19/BB18)-1)*100 -> 15.294118 | BD19: =(AX19/AK19)*100 -> 6.7694531 | BE19: =-DL19 -> -7.4671164 | BF19: =BD19-BE19 -> 14.23657 | BG19: =BF19-BH19 -> 11.19152 | BH19: =BJ19+BK19 -> 3.0450494 | BI19: =BG19-BL19 -> 6.7829439 | BJ19: =DW19 -> 0.68417249 | BK19: =(BB19/AK19)*100 -> 2.3608769 | BL19: =(AZ19/AK19)*100 -> 4.4085762 | BM19: - | BN19: - | BO19: - | BP19: - | BQ19: - | BR19: - | BS19: - | BT19: - | BU19: - | BV19: ='[15]Precios M Anual'!B19 -> 24.103036 | BW19: =((BV19/BV18)-1)*100 -> 5.512761 | BX19: ='[15]Precios M Anual'!D19 -> 22.314733 | BY19: =((BX19/BX18)-1)*100 -> 2.1551724 | BZ19: ='[15]Fuente Bortz y otros'!G19 -> 17.817689 | CA19: - | CB19: - | CC19: ='[19]TCA B64'!$B19 -> 3.6 | CD19: =((CC19/CC18)-1)*100 -> 2.1035216 | CE19: =[19]TCA!$D19 -> 3.6 | CF19: =((CE19/CE18)-1)*100 -> 0 | CG19: ='[19]TCA B64'!$I19 -> 99.797265 | CH19: =((CG19/CG18)-1)*100 -> -9.1708057 | CI19: =[19]TCA!$H19 -> 97.757457 | CJ19: =((CI19/CI18)-1)*100 -> -6.2937516 | CK19: =[22]SMIN!$E19 -> 1.15 | CL19: 1.15 | CM19: =[22]SMIN!$G19 -> 34.328358 | CN19: =(CM19/BV19)*100 -> 142.42338 | CO19: =[22]SIND!$B$19 -> 182.95902 | CP19: ='[15]Terminos de Int'!B19 -> 145.25335 | CQ19: ='[15]Terminos de Int'!C19 -> -12.029114 | CR19: - | CS19: - | CT19: =[16]bp!$I19 -> 178.9 | CU19: - | CV19: - | CW19: - | CX19: - | CY19: =[16]bp!N19 -> 92.8 | CZ19: - | DA19: - | DB19: - | DC19: - | DD19: - | DE19: - | DF19: - | DG19: - | DH19: - | DI19: - | DJ19: =((CT19+CY19)/AR19)*100 -> 23.563479 | DK19: =CT19-CY19 -> 86.1 | DL19: =(DK19/AR19)*100 -> 7.4671164 | DM19: =((CT19/CT18)-1)*100 -> 71.524449 | DN19: =((CY19/CY18)-1)*100 -> 33.142037 | DO19: - | DP19: - | DQ19: - | DR19: =[20]GobFed!$X19 -> 295 | DS19: =[20]GobFed!$X88 -> 7.1067213 | DT19: =[20]GobFed!$AO19 -> 266.6 | DU19: =[20]GobFed!$AO88 -> 6.4225488 | DV19: =[20]GobFed!$BG19 -> 28.4 | DW19: =[20]GobFed!$BG88 -> 0.68417249 | DX19: - | DY19: - | DZ19: - | EA19: - | EB19: - | EC19: - | ED19: ='[20]Deuda Ext'!K19 -> 315.41639 | EE19: =(ED19/AR19)*100 -> 27.35483 | EG19: ='[21]Rec y Obligaciones'!$EA19 -> 250 | EH19: =(EG19/AK19)*100 -> 6.0226451 | EI19: =((EG19/EG18)-1)*100 -> 38.888889 | EJ19: ='[21]Rec y Obligaciones'!C19 -> 191 | EK19: =(EJ19/AK19)*100 -> 4.6013009 | EL19: =((EJ19/EJ18)-1)*100 -> 45.801527 | EM19: ='[21]Rec y Obligaciones'!$DE19+'[21]Rec y Obligaciones'!$DF19+'[21]Rec y Obligaciones'!$DG19 -> 59 | EN19: =(EM19/AK19)*100 -> 1.4213443 | EO19: =((EM19/EM18)-1)*100 -> 20.408163 | EP19: ='[21]Rec y Obligaciones'!$DF19 -> -11 | EQ19: =(EP19/AK19)*100 -> -0.26499639 | ER19: =((EP19/EP18)-1)*100 -> -210 | ES19: ='[21]Rec y Obligaciones'!$DC19+'[21]Rec y Obligaciones'!$DD19 -> 28 | ET19: =(ES19/AK19)*100 -> 0.67453626 | EU19: =((ES19/ES18)-1)*100 -> 211.11111 | EV19: ='[21]Rec y Obligaciones'!$DG19 -> 42 | EW19: =(EV19/AK19)*100 -> 1.0118044 | EX19: =((EV19/EV18)-1)*100 -> 40 | EZ19: ='[21]Rec y Obligaciones'!$DS19 -> 341 | FA19: =(EZ19/AK19)*100 -> 8.214888 | FB19: ='[21]Rec y Obligaciones'!$DF19+'[21]Rec y Obligaciones'!$DG19 -> 31 | FC19: =(FB19/AK19)*100 -> 0.746808 | FD19: ='[21]Rec y Obligaciones'!$DH19+'[21]Rec y Obligaciones'!$DI19 -> 54 | FE19: =(FD19/AK19)*100 -> 1.3008914 | FF19: ='[21]Rec y Obligaciones'!$DL19+'[21]Rec y Obligaciones'!$DK19 -> 256 | FG19: =(FF19/AK19)*100 -> 6.1671886 | FH19: - | FI19: - | FJ19: - | FK19: - | FL19: - | FM19: - | FN19: - | FO19: ='[21]Rec y Obligaciones'!DY19 -> 454.5 | FP19: =(FO19/AK19)*100 -> 10.949169 | FQ19: =((FO19/FO18)-1)*100 -> 20.206295 | FR19: ='[21]Rec y Obligaciones'!$DZ19 -> 500 | FS19: =(FR19/AK19)*100 -> 12.04529 | FT19: =((FR19/FR18)-1)*100 -> 0 | FU19: - | FV19: - | FW19: - | FX19: - | FY19: - | FZ19: - | GA19: - | GB19: - | GC19: - | GD19: - | GE19: - | GF19: ='[21]Reservas Int'!C19 -> 52.9 | GG19: =(GF19/(AR19))*100 -> 4.5878102 | GH19: =GF19-GF18 -> 16.1 | GI19: =(GH19/AR19)*100 -> 1.3962901 | GJ19: =(GF19*CE19) -> 190.44 | GK19: =((GJ19/GJ18)-1)*100 -> 43.75 | GL19: =GF19/(CY19/12) -> 6.8405172
A20: 1935 | B20: ='[14]EU Pob'!C20 -> 127362000 | C20: ='[14]EU PIB'!B20 -> 986.231 | D20: ='[14]EU PIB'!C20 -> 8.9 | E20: ='[14]EU PIB'!D20 -> 74.241 | F20: ='[14]EU PIB'!E20 -> 2.0521685 | G20: ='[14]EU PIB'!F20 -> 7.5277496 | H20: ='[14]EU PIB'!G20 -> 2.0521685 | I20: ='[14]EU PIB'!H20 -> 582.91327 | J20: ='[14]EU INF A'!$J20 -> 50.502895 | K20: =((J20/J19)-1)*100 -> 6.696716 | L20: ='[14]EU INF A'!$L20 -> 51.203901 | M20: =((L20/L19)-1)*100 -> 5.2631579 | N20: ='[14]EU INF A'!$F20 -> 57.029086 | O20: =((N20/N19)-1)*100 -> 2.5529265 | P20: ='[14]EU INF A'!$H20 -> 55.2 | Q20: =((P20/P19)-1)*100 -> 2.9850746 | R20: - | S20: - | T20: ='[14]EU tasas'!D20 -> 0.15 | U20: ='[14]EU tasas'!E20 -> 0.1675 | V20: ='[14]EU Bal Fis'!B20 -> -3.77254 | W20: ='[14]UK Pet'!B79 -> 0.97 | X20: ='[14]UK Pet'!C79 -> -3 | Y20: =[17]POBLACIÓN!$E20 -> 18036522 | Z20: =((Y20/Y19)-1)*100 -> 1.7314451 | AA20: =[17]POBLACIÓN!$F20 -> 6181325.9 | AB20: =(AA20/Y20)*100 -> 34.271164 | AC20: =[17]POBLACIÓN!$G20 -> 11855196 | AD20: =(AC20/Y20)*100 -> 65.728836 | AE20: =[17]POBLACIÓN!$M20 -> 5501079.3 | AF20: =(AE20/Y20)*100 -> 30.499669 | AG20: =[18]PIB!D20 -> 19514.482 | AH20: =[18]PIB!E20 -> 7.4315903 | AI20: =[18]PIB!H20 -> 23.264773 | AJ20: =[18]PIB!I20 -> 1.8054704 | AK20: =[18]PIB!B20 -> 4540 | AL20: =[18]PIB!C20 -> 9.3712358 | AM20: =(AG20*1000)/AE20 -> 3.5473916 | AN20: ='[18]PIB POT'!F20 -> 19669.276 | AO20: ='[18]PIB POT'!G20 -> 46.960759 | AP20: ='[18]PIB POT'!H20 -> 4.1133717 | AQ20: =(((1+(AH20/100))/(1+(AP20/100)))-1)*100 -> 3.1871205 | AR20: =(AK20)/CC20 -> 1261.1111 | AS20: =((AR20/AR19)-1)*100 -> 9.3712358 | AT20: =(AR20*1000000)/Y20 -> 69.919863 | AU20: =((AT20/AT19)-1)*100 -> 7.5097633 | AV20: =(BL20+BK20)/AH20 -> 0.92177044 | AW20: 1.38 | AX20: ='[18]Inv Nom'!C20 -> 311 | AY20: =((AX20/AX19)-1)*100 -> 10.676157 | AZ20: ='[18]Inv Nom'!D20 -> 174 | BA20: =((AZ20/AZ19)-1)*100 -> -4.9180328 | BB20: ='[18]Inv Nom'!E20 -> 137 | BC20: =((BB20/BB19)-1)*100 -> 39.795918 | BD20: =(AX20/AK20)*100 -> 6.8502203 | BE20: =-DL20 -> -7.5726872 | BF20: =BD20-BE20 -> 14.422907 | BG20: =BF20-BH20 -> 10.475771 | BH20: =BJ20+BK20 -> 3.9471366 | BI20: =BG20-BL20 -> 6.6431718 | BJ20: =DW20 -> 0.92951542 | BK20: =(BB20/AK20)*100 -> 3.0176211 | BL20: =(AZ20/AK20)*100 -> 3.8325991 | BM20: - | BN20: - | BO20: - | BP20: - | BQ20: - | BR20: - | BS20: - | BT20: - | BU20: - | BV20: ='[15]Precios M Anual'!B20 -> 24.028833 | BW20: =((BV20/BV19)-1)*100 -> -0.30785469 | BX20: ='[15]Precios M Anual'!D20 -> 22.079345 | BY20: =((BX20/BX19)-1)*100 -> -1.0548523 | BZ20: ='[15]Fuente Bortz y otros'!G20 -> 19.154016 | CA20: ='[15]Fuente Bortz y otros'!I20 -> 7.5 | CB20: - | CC20: ='[19]TCA B64'!$B20 -> 3.6 | CD20: =((CC20/CC19)-1)*100 -> 0 | CE20: =[19]TCA!$D20 -> 3.6 | CF20: =((CE20/CE19)-1)*100 -> 0 | CG20: ='[19]TCA B64'!$I20 -> 93.245638 | CH20: =((CG20/CG19)-1)*100 -> -6.5649356 | CI20: =[19]TCA!$H20 -> 91.889948 | CJ20: =((CI20/CI19)-1)*100 -> -6.0021097 | CK20: =[22]SMIN!$E20 -> 1.15 | CL20: 1.15 | CM20: =[22]SMIN!$G20 -> 34.328358 | CN20: =(CM20/BV20)*100 -> 142.86319 | CO20: =[22]SIND!$B$19 -> 182.95902 | CP20: ='[15]Terminos de Int'!B20 -> 143.67638 | CQ20: ='[15]Terminos de Int'!C20 -> -1.0856668 | CR20: - | CS20: - | CT20: =[16]bp!$I20 -> 208.3 | CU20: - | CV20: - | CW20: - | CX20: - | CY20: =[16]bp!N20 -> 112.8 | CZ20: - | DA20: - | DB20: - | DC20: - | DD20: - | DE20: - | DF20: - | DG20: - | DH20: - | DI20: - | DJ20: =((CT20+CY20)/AR20)*100 -> 25.461674 | DK20: =CT20-CY20 -> 95.5 | DL20: =(DK20/AR20)*100 -> 7.5726872 | DM20: =((CT20/CT19)-1)*100 -> 16.433762 | DN20: =((CY20/CY19)-1)*100 -> 21.551724 | DO20: - | DP20: - | DQ20: - | DR20: =[20]GobFed!$X20 -> 338.3 | DS20: =[20]GobFed!$X89 -> 7.4515419 | DT20: =[20]GobFed!$AO20 -> 296.1 | DU20: =[20]GobFed!$AO89 -> 6.5220264 | DV20: =[20]GobFed!$BG20 -> 42.2 | DW20: =[20]GobFed!$BG89 -> 0.92951542 | DX20: - | DY20: - | DZ20: - | EA20: - | EB20: - | EC20: - | ED20: ='[20]Deuda Ext'!K20 -> 322.40917 | EE20: =(ED20/AR20)*100 -> 25.565485 | EG20: ='[21]Rec y Obligaciones'!$EA20 -> 388 | EH20: =(EG20/AK20)*100 -> 8.5462555 | EI20: =((EG20/EG19)-1)*100 -> 55.2 | EJ20: ='[21]Rec y Obligaciones'!C20 -> 335 | EK20: =(EJ20/AK20)*100 -> 7.3788546 | EL20: =((EJ20/EJ19)-1)*100 -> 75.39267 | EM20: ='[21]Rec y Obligaciones'!$DE20+'[21]Rec y Obligaciones'!$DF20+'[21]Rec y Obligaciones'!$DG20 -> 53 | EN20: =(EM20/AK20)*100 -> 1.1674009 | EO20: =((EM20/EM19)-1)*100 -> -10.169492 | EP20: ='[21]Rec y Obligaciones'!$DF20 -> -22 | EQ20: =(EP20/AK20)*100 -> -0.4845815 | ER20: =((EP20/EP19)-1)*100 -> 100 | ES20: ='[21]Rec y Obligaciones'!$DC20+'[21]Rec y Obligaciones'!$DD20 -> 28 | ET20: =(ES20/AK20)*100 -> 0.61674009 | EU20: =((ES20/ES19)-1)*100 -> 0 | EV20: ='[21]Rec y Obligaciones'!$DG20 -> 47 | EW20: =(EV20/AK20)*100 -> 1.0352423 | EX20: =((EV20/EV19)-1)*100 -> 11.904762 | EZ20: ='[21]Rec y Obligaciones'!$DS20 -> 374 | FA20: =(EZ20/AK20)*100 -> 8.2378855 | FB20: ='[21]Rec y Obligaciones'!$DF20+'[21]Rec y Obligaciones'!$DG20 -> 25 | FC20: =(FB20/AK20)*100 -> 0.55066079 | FD20: ='[21]Rec y Obligaciones'!$DH20+'[21]Rec y Obligaciones'!$DI20 -> 66 | FE20: =(FD20/AK20)*100 -> 1.4537445 | FF20: ='[21]Rec y Obligaciones'!$DL20+'[21]Rec y Obligaciones'!$DK20 -> 283 | FG20: =(FF20/AK20)*100 -> 6.2334802 | FH20: ='[21]Rec y Obligaciones'!$DH20 -> 10 | FI20: =(FH20/AK20)*100 -> 0.22026432 | FJ20: ='[21]Rec y Obligaciones'!$DK20 -> 4 | FK20: =(FJ20/AK20)*100 -> 0.088105727 | FL20: 515 | FM20: =(FL20/AK20)*100 -> 11.343612 | FN20: - | FO20: ='[21]Rec y Obligaciones'!DY20 -> 505.5 | FP20: =(FO20/AK20)*100 -> 11.134361 | FQ20: =((FO20/FO19)-1)*100 -> 11.221122 | FR20: ='[21]Rec y Obligaciones'!$DZ20 -> 500 | FS20: =(FR20/AK20)*100 -> 11.013216 | FT20: =((FR20/FR19)-1)*100 -> 0 | FU20: =FL20/EG20 -> 1.3273196 | FV20: =(FL20/AK20)*100 -> 11.343612 | FW20: =AK20/FL20 -> 8.815534 | FX20: - | FY20: - | FZ20: - | GA20: - | GB20: - | GC20: - | GD20: - | GE20: - | GF20: ='[21]Reservas Int'!C20 -> 93.2 | GG20: =(GF20/(AR20))*100 -> 7.3903084 | GH20: =GF20-GF19 -> 40.3 | GI20: =(GH20/AR20)*100 -> 3.1955947 | GJ20: =(GF20*CE20) -> 335.52 | GK20: =((GJ20/GJ19)-1)*100 -> 76.181474 | GL20: =GF20/(CY20/12) -> 9.9148936
A21: 1936 | B21: ='[14]EU Pob'!C21 -> 128181000 | C21: ='[14]EU PIB'!B21 -> 1113.291 | D21: ='[14]EU PIB'!C21 -> 12.9 | E21: ='[14]EU PIB'!D21 -> 84.83 | F21: ='[14]EU PIB'!E21 -> 1.2221611 | G21: ='[14]EU PIB'!F21 -> 7.6197508 | H21: ='[14]EU PIB'!G21 -> 1.2221611 | I21: ='[14]EU PIB'!H21 -> 661.79855 | J21: ='[14]EU INF A'!$J21 -> 50.899116 | K21: =((J21/J20)-1)*100 -> 0.78455039 | L21: ='[14]EU INF A'!$L21 -> 53.032612 | M21: =((L21/L20)-1)*100 -> 3.5714286 | N21: ='[14]EU INF A'!$F21 -> 57.617729 | O21: =((N21/N20)-1)*100 -> 1.0321797 | P21: ='[14]EU INF A'!$H21 -> 56 | Q21: =((P21/P20)-1)*100 -> 1.4492754 | R21: - | S21: - | T21: ='[14]EU tasas'!D21 -> 0.12 | U21: ='[14]EU tasas'!E21 -> 0.1725 | V21: ='[14]EU Bal Fis'!B21 -> -5.06949 | W21: ='[14]UK Pet'!B80 -> 1.09 | X21: ='[14]UK Pet'!C80 -> 12.371134 | Y21: =[17]POBLACIÓN!$E21 -> 18348814 | Z21: =((Y21/Y20)-1)*100 -> 1.7314451 | AA21: =[17]POBLACIÓN!$F21 -> 6318094.8 | AB21: =(AA21/Y21)*100 -> 34.43326 | AC21: =[17]POBLACIÓN!$G21 -> 12030719 | AD21: =(AC21/Y21)*100 -> 65.56674 | AE21: =[17]POBLACIÓN!$M21 -> 5570701.9 | AF21: =(AE21/Y21)*100 -> 30.360011 | AG21: =[18]PIB!D21 -> 21071.87 | AH21: =[18]PIB!E21 -> 7.980676 | AI21: =[18]PIB!H21 -> 25.370316 | AJ21: =[18]PIB!I21 -> 9.0503489 | AK21: =[18]PIB!B21 -> 5346 | AL21: =[18]PIB!C21 -> 17.753304 | AM21: =(AG21*1000)/AE21 -> 3.7826239 | AN21: ='[18]PIB POT'!F21 -> 20539.54 | AO21: ='[18]PIB POT'!G21 -> 49.03853 | AP21: ='[18]PIB POT'!H21 -> 4.4244817 | AQ21: =(((1+(AH21/100))/(1+(AP21/100)))-1)*100 -> 3.4055177 | AR21: =(AK21)/CC21 -> 1485 | AS21: =((AR21/AR20)-1)*100 -> 17.753304 | AT21: =(AR21*1000000)/Y21 -> 80.931661 | AU21: =((AT21/AT20)-1)*100 -> 15.749171 | AV21: =(BL21+BK21)/AH21 -> 0.82269429 | AW21: 1.38 | AX21: ='[18]Inv Nom'!C21 -> 351 | AY21: =((AX21/AX20)-1)*100 -> 12.861736 | AZ21: ='[18]Inv Nom'!D21 -> 183 | BA21: =((AZ21/AZ20)-1)*100 -> 5.1724138 | BB21: ='[18]Inv Nom'!E21 -> 168 | BC21: =((BB21/BB20)-1)*100 -> 22.627737 | BD21: =(AX21/AK21)*100 -> 6.5656566 | BE21: =-DL21 -> -5.8114478 | BF21: =BD21-BE21 -> 12.377104 | BG21: =BF21-BH21 -> 10.581369 | BH21: =BJ21+BK21 -> 1.7957351 | BI21: =BG21-BL21 -> 7.1582492 | BJ21: =DW21 -> -1.3468013 | BK21: =(BB21/AK21)*100 -> 3.1425365 | BL21: =(AZ21/AK21)*100 -> 3.4231201 | BM21: - | BN21: - | BO21: - | BP21: - | BQ21: - | BR21: - | BS21: - | BT21: - | BU21: - | BV21: ='[15]Precios M Anual'!B21 -> 25.540441 | BW21: =((BV21/BV20)-1)*100 -> 6.2908064 | BX21: ='[15]Precios M Anual'!D21 -> 24.833379 | BY21: =((BX21/BX20)-1)*100 -> 12.473348 | BZ21: ='[15]Fuente Bortz y otros'!G21 -> 20.347801 | CA21: ='[15]Fuente Bortz y otros'!I21 -> 6.2325581 | CB21: - | CC21: ='[19]TCA B64'!$B21 -> 3.6 | CD21: =((CC21/CC20)-1)*100 -> 0 | CE21: =[19]TCA!$D21 -> 3.6 | CF21: =((CE21/CE20)-1)*100 -> 0 | CG21: ='[19]TCA B64'!$I21 -> 98.340014 | CH21: =((CG21/CG20)-1)*100 -> 5.463393 | CI21: =[19]TCA!$H21 -> 99.787848 | CJ21: =((CI21/CI20)-1)*100 -> 8.5949563 | CK21: =[22]SMIN!$E21 -> 1.31 | CL21: 1.15 | CM21: =[22]SMIN!$G21 -> 39.104478 | CN21: =(CM21/BV21)*100 -> 153.10808 | CO21: =[22]SIND!$B$19 -> 182.95902 | CP21: ='[15]Terminos de Int'!B21 -> 142.09941 | CQ21: ='[15]Terminos de Int'!C21 -> -1.0975829 | CR21: - | CS21: - | CT21: =[16]bp!$I21 -> 215.2 | CU21: - | CV21: - | CW21: - | CX21: - | CY21: =[16]bp!N21 -> 128.9 | CZ21: - | DA21: - | DB21: - | DC21: - | DD21: - | DE21: - | DF21: - | DG21: - | DH21: - | DI21: - | DJ21: =((CT21+CY21)/AR21)*100 -> 23.171717 | DK21: =CT21-CY21 -> 86.3 | DL21: =(DK21/AR21)*100 -> 5.8114478 | DM21: =((CT21/CT20)-1)*100 -> 3.31253 | DN21: =((CY21/CY20)-1)*100 -> 14.27305 | DO21: - | DP21: - | DQ21: - | DR21: =[20]GobFed!$X21 -> 402.1 | DS21: =[20]GobFed!$X90 -> 7.5215114 | DT21: =[20]GobFed!$AO21 -> 474.1 | DU21: =[20]GobFed!$AO90 -> 8.8683128 | DV21: =[20]GobFed!$BG21 -> -72 | DW21: =[20]GobFed!$BG90 -> -1.3468013 | DX21: - | DY21: - | DZ21: - | EA21: - | EB21: - | EC21: - | ED21: ='[20]Deuda Ext'!K21 -> 329.37083 | EE21: =(ED21/AR21)*100 -> 22.179854 | EG21: ='[21]Rec y Obligaciones'!$EA21 -> 437 | EH21: =(EG21/AK21)*100 -> 8.174336 | EI21: =((EG21/EG20)-1)*100 -> 12.628866 | EJ21: ='[21]Rec y Obligaciones'!C21 -> 322 | EK21: =(EJ21/AK21)*100 -> 6.0231949 | EL21: =((EJ21/EJ20)-1)*100 -> -3.880597 | EM21: ='[21]Rec y Obligaciones'!$DE21+'[21]Rec y Obligaciones'!$DF21+'[21]Rec y Obligaciones'!$DG21 -> 115 | EN21: =(EM21/AK21)*100 -> 2.151141 | EO21: =((EM21/EM20)-1)*100 -> 116.98113 | EP21: ='[21]Rec y Obligaciones'!$DF21 -> 26 | EQ21: =(EP21/AK21)*100 -> 0.48634493 | ER21: =((EP21/EP20)-1)*100 -> -218.18182 | ES21: ='[21]Rec y Obligaciones'!$DC21+'[21]Rec y Obligaciones'!$DD21 -> 28 | ET21: =(ES21/AK21)*100 -> 0.52375608 | EU21: =((ES21/ES20)-1)*100 -> 0 | EV21: ='[21]Rec y Obligaciones'!$DG21 -> 61 | EW21: =(EV21/AK21)*100 -> 1.14104 | EX21: =((EV21/EV20)-1)*100 -> 29.787234 | EZ21: ='[21]Rec y Obligaciones'!$DS21 -> 547 | FA21: =(EZ21/AK21)*100 -> 10.231949 | FB21: ='[21]Rec y Obligaciones'!$DF21+'[21]Rec y Obligaciones'!$DG21 -> 87 | FC21: =(FB21/AK21)*100 -> 1.627385 | FD21: ='[21]Rec y Obligaciones'!$DH21+'[21]Rec y Obligaciones'!$DI21 -> 130 | FE21: =(FD21/AK21)*100 -> 2.4317247 | FF21: ='[21]Rec y Obligaciones'!$DL21+'[21]Rec y Obligaciones'!$DK21 -> 330 | FG21: =(FF21/AK21)*100 -> 6.1728395 | FH21: ='[21]Rec y Obligaciones'!$DH21 -> 19 | FI21: =(FH21/AK21)*100 -> 0.35540591 | FJ21: ='[21]Rec y Obligaciones'!$DK21 -> 4 | FK21: =(FJ21/AK21)*100 -> 0.074822297 | FL21: 626 | FM21: =(FL21/AK21)*100 -> 11.709689 | FN21: =((FL21/FL20)-1)*100 -> 21.553398 | FO21: ='[21]Rec y Obligaciones'!DY21 -> 573.9 | FP21: =(FO21/AK21)*100 -> 10.735129 | FQ21: =((FO21/FO20)-1)*100 -> 13.531157 | FR21: ='[21]Rec y Obligaciones'!$DZ21 -> 800 | FS21: =(FR21/AK21)*100 -> 14.964459 | FT21: =((FR21/FR20)-1)*100 -> 60 | FU21: =FL21/EG21 -> 1.4324943 | FV21: =(FL21/AK21)*100 -> 11.709689 | FW21: =AK21/FL21 -> 8.5399361 | FX21: - | FY21: - | FZ21: - | GA21: - | GB21: - | GC21: - | GD21: - | GE21: - | GF21: ='[21]Reservas Int'!C21 -> 89 | GG21: =(GF21/(AR21))*100 -> 5.993266 | GH21: =GF21-GF20 -> -4.2 | GI21: =(GH21/AR21)*100 -> -0.28282828 | GJ21: =(GF21*CE21) -> 320.4 | GK21: =((GJ21/GJ20)-1)*100 -> -4.5064378 | GL21: =GF21/(CY21/12) -> 8.2854926
A22: 1937 | B22: ='[14]EU Pob'!C22 -> 128961000 | C22: ='[14]EU PIB'!B22 -> 1170.344 | D22: ='[14]EU PIB'!C22 -> 5.1 | E22: ='[14]EU PIB'!D22 -> 93.003 | F22: ='[14]EU PIB'!E22 -> 4.2899973 | G22: ='[14]EU PIB'!F22 -> 7.9466379 | H22: ='[14]EU PIB'!G22 -> 4.2899973 | I22: ='[14]EU PIB'!H22 -> 721.17152 | J22: ='[14]EU INF A'!$J22 -> 54.465102 | K22: =((J22/J21)-1)*100 -> 7.005988 | L22: ='[14]EU INF A'!$L22 -> 51.569643 | M22: =((L22/L21)-1)*100 -> -2.7586207 | N22: ='[14]EU INF A'!$F22 -> 59.764543 | O22: =((N22/N21)-1)*100 -> 3.7259615 | P22: ='[14]EU INF A'!$H22 -> 57.6 | Q22: =((P22/P21)-1)*100 -> 2.8571429 | R22: - | S22: - | T22: ='[14]EU tasas'!D22 -> 0.11 | U22: ='[14]EU tasas'!E22 -> 0.27583333 | V22: ='[14]EU Bal Fis'!B22 -> -2.35806 | W22: ='[14]UK Pet'!B81 -> 1.18 | X22: ='[14]UK Pet'!C81 -> 8.2568807 | Y22: =[17]POBLACIÓN!$E22 -> 18666514 | Z22: =((Y22/Y21)-1)*100 -> 1.7314451 | AA22: =[17]POBLACIÓN!$F22 -> 6457890 | AB22: =(AA22/Y22)*100 -> 34.596123 | AC22: =[17]POBLACIÓN!$G22 -> 12208624 | AD22: =(AC22/Y22)*100 -> 65.403877 | AE22: =[17]POBLACIÓN!$M22 -> 5641205.6 | AF22: =(AE22/Y22)*100 -> 30.220992 | AG22: =[18]PIB!D22 -> 21769.298 | AH22: =[18]PIB!E22 -> 3.3097609 | AI22: =[18]PIB!H22 -> 31.236652 | AJ22: =[18]PIB!I22 -> 23.122834 | AK22: =[18]PIB!B22 -> 6800 | AL22: =[18]PIB!C22 -> 27.197905 | AM22: =(AG22*1000)/AE22 -> 3.8589798 | AN22: ='[18]PIB POT'!F22 -> 21488.39 | AO22: ='[18]PIB POT'!G22 -> 51.303928 | AP22: ='[18]PIB POT'!H22 -> 4.6196293 | AQ22: =(((1+(AH22/100))/(1+(AP22/100)))-1)*100 -> -1.2520293 | AR22: =(AK22)/CC22 -> 1888.8889 | AS22: =((AR22/AR21)-1)*100 -> 27.197905 | AT22: =(AR22*1000000)/Y22 -> 101.19131 | AU22: =((AT22/AT21)-1)*100 -> 25.033027 | AV22: =(BL22+BK22)/AH22 -> 2.1904906 | AW22: 1.38 | AX22: ='[18]Inv Nom'!C22 -> 493 | AY22: =((AX22/AX21)-1)*100 -> 40.45584 | AZ22: ='[18]Inv Nom'!D22 -> 301 | BA22: =((AZ22/AZ21)-1)*100 -> 64.480874 | BB22: ='[18]Inv Nom'!E22 -> 192 | BC22: =((BB22/BB21)-1)*100 -> 14.285714 | BD22: =(AX22/AK22)*100 -> 7.25 | BE22: =-DL22 -> -4.0923529 | BF22: =BD22-BE22 -> 11.342353 | BG22: =BF22-BH22 -> 9.5335294 | BH22: =BJ22+BK22 -> 1.8088235 | BI22: =BG22-BL22 -> 5.1070588 | BJ22: =DW22 -> -1.0147059 | BK22: =(BB22/AK22)*100 -> 2.8235294 | BL22: =(AZ22/AK22)*100 -> 4.4264706 | BM22: - | BN22: - | BO22: - | BP22: - | BQ22: - | BR22: - | BS22: - | BT22: - | BU22: - | BV22: ='[15]Precios M Anual'!B22 -> 30.244868 | BW22: =((BV22/BV21)-1)*100 -> 18.419524 | BX22: ='[15]Precios M Anual'!D22 -> 27.846338 | BY22: =((BX22/BX21)-1)*100 -> 12.132701 | BZ22: ='[15]Fuente Bortz y otros'!G22 -> 24.000428 | CA22: ='[15]Fuente Bortz y otros'!I22 -> 17.950963 | CB22: - | CC22: ='[19]TCA B64'!$B22 -> 3.6 | CD22: =((CC22/CC21)-1)*100 -> 0 | CE22: =[19]TCA!$D22 -> 3.6 | CF22: =((CE22/CE21)-1)*100 -> 0 | CG22: ='[19]TCA B64'!$I22 -> 108.82921 | CH22: =((CG22/CG21)-1)*100 -> 10.666259 | CI22: =[19]TCA!$H22 -> 115.06913 | CJ22: =((CI22/CI21)-1)*100 -> 15.313771 | CK22: =[22]SMIN!$E22 -> 1.31 | CL22: 1.15 | CM22: =[22]SMIN!$G22 -> 39.104478 | CN22: =(CM22/BV22)*100 -> 129.29293 | CO22: =[22]SIND!$B$19 -> 182.95902 | CP22: ='[15]Terminos de Int'!B22 -> 133.12331 | CQ22: ='[15]Terminos de Int'!C22 -> -6.316776 | CR22: - | CS22: - | CT22: =[16]bp!$I22 -> 247.9 | CU22: - | CV22: - | CW22: - | CX22: - | CY22: =[16]bp!N22 -> 170.6 | CZ22: - | DA22: - | DB22: - | DC22: - | DD22: - | DE22: - | DF22: - | DG22: - | DH22: - | DI22: - | DJ22: =((CT22+CY22)/AR22)*100 -> 22.155882 | DK22: =CT22-CY22 -> 77.3 | DL22: =(DK22/AR22)*100 -> 4.0923529 | DM22: =((CT22/CT21)-1)*100 -> 15.195167 | DN22: =((CY22/CY21)-1)*100 -> 32.350659 | DO22: - | DP22: - | DQ22: - | DR22: =[20]GobFed!$X22 -> 433.9 | DS22: =[20]GobFed!$X91 -> 6.3808824 | DT22: =[20]GobFed!$AO22 -> 502.9 | DU22: =[20]GobFed!$AO91 -> 7.3955882 | DV22: =[20]GobFed!$BG22 -> -69 | DW22: =[20]GobFed!$BG91 -> -1.0147059 | DX22: - | DY22: - | DZ22: - | EA22: - | EB22: - | EC22: - | ED22: ='[20]Deuda Ext'!K22 -> 336.69861 | EE22: =(ED22/AR22)*100 -> 17.825221 | EG22: ='[21]Rec y Obligaciones'!$EA22 -> 424 | EH22: =(EG22/AK22)*100 -> 6.2352941 | EI22: =((EG22/EG21)-1)*100 -> -2.9748284 | EJ22: ='[21]Rec y Obligaciones'!C22 -> 202 | EK22: =(EJ22/AK22)*100 -> 2.9705882 | EL22: =((EJ22/EJ21)-1)*100 -> -37.267081 | EM22: ='[21]Rec y Obligaciones'!$DE22+'[21]Rec y Obligaciones'!$DF22+'[21]Rec y Obligaciones'!$DG22 -> 222 | EN22: =(EM22/AK22)*100 -> 3.2647059 | EO22: =((EM22/EM21)-1)*100 -> 93.043478 | EP22: ='[21]Rec y Obligaciones'!$DF22 -> 42 | EQ22: =(EP22/AK22)*100 -> 0.61764706 | ER22: =((EP22/EP21)-1)*100 -> 61.538462 | ES22: ='[21]Rec y Obligaciones'!$DC22+'[21]Rec y Obligaciones'!$DD22 -> 127 | ET22: =(ES22/AK22)*100 -> 1.8676471 | EU22: =((ES22/ES21)-1)*100 -> 353.57143 | EV22: ='[21]Rec y Obligaciones'!$DG22 -> 53 | EW22: =(EV22/AK22)*100 -> 0.77941176 | EX22: =((EV22/EV21)-1)*100 -> -13.114754 | EZ22: ='[21]Rec y Obligaciones'!$DS22 -> 698 | FA22: =(EZ22/AK22)*100 -> 10.264706 | FB22: ='[21]Rec y Obligaciones'!$DF22+'[21]Rec y Obligaciones'!$DG22 -> 95 | FC22: =(FB22/AK22)*100 -> 1.3970588 | FD22: ='[21]Rec y Obligaciones'!$DH22+'[21]Rec y Obligaciones'!$DI22 -> 246 | FE22: =(FD22/AK22)*100 -> 3.6176471 | FF22: ='[21]Rec y Obligaciones'!$DL22+'[21]Rec y Obligaciones'!$DK22 -> 357 | FG22: =(FF22/AK22)*100 -> 5.25 | FH22: ='[21]Rec y Obligaciones'!$DH22 -> 19 | FI22: =(FH22/AK22)*100 -> 0.27941176 | FJ22: ='[21]Rec y Obligaciones'!$DK22 -> 7 | FK22: =(FJ22/AK22)*100 -> 0.10294118 | FL22: 663 | FM22: =(FL22/AK22)*100 -> 9.75 | FN22: =((FL22/FL21)-1)*100 -> 5.9105431 | FO22: ='[21]Rec y Obligaciones'!DY22 -> 686.9 | FP22: =(FO22/AK22)*100 -> 10.101471 | FQ22: =((FO22/FO21)-1)*100 -> 19.689841 | FR22: ='[21]Rec y Obligaciones'!$DZ22 -> 800 | FS22: =(FR22/AK22)*100 -> 11.764706 | FT22: =((FR22/FR21)-1)*100 -> 0 | FU22: =FL22/EG22 -> 1.5636792 | FV22: =(FL22/AK22)*100 -> 9.75 | FW22: =AK22/FL22 -> 10.25641 | FX22: - | FY22: - | FZ22: - | GA22: - | GB22: - | GC22: - | GD22: - | GE22: - | GF22: ='[21]Reservas Int'!C22 -> 55.4 | GG22: =(GF22/(AR22))*100 -> 2.9329412 | GH22: =GF22-GF21 -> -33.6 | GI22: =(GH22/AR22)*100 -> -1.7788235 | GJ22: =(GF22*CE22) -> 199.44 | GK22: =((GJ22/GJ21)-1)*100 -> -37.752809 | GL22: =GF22/(CY22/12) -> 3.8968347
A23: 1938 | B23: ='[14]EU Pob'!C23 -> 129969000 | C23: ='[14]EU PIB'!B23 -> 1131.564 | D23: ='[14]EU PIB'!C23 -> -3.3 | E23: ='[14]EU PIB'!D23 -> 87.352 | F23: ='[14]EU PIB'!E23 -> -2.8572696 | G23: ='[14]EU PIB'!F23 -> 7.719581 | H23: ='[14]EU PIB'!G23 -> -2.8572696 | I23: ='[14]EU PIB'!H23 -> 672.09873 | J23: ='[14]EU INF A'!$J23 -> 49.558062 | K23: =((J23/J22)-1)*100 -> -9.0095132 | L23: ='[14]EU INF A'!$L23 -> 48.643706 | M23: =((L23/L22)-1)*100 -> -5.6737589 | N23: ='[14]EU INF A'!$F23 -> 58.552632 | O23: =((N23/N22)-1)*100 -> -2.02781 | P23: ='[14]EU INF A'!$H23 -> 56 | Q23: =((P23/P22)-1)*100 -> -2.7777778 | R23: - | S23: - | T23: ='[14]EU tasas'!D23 -> 0.03 | U23: ='[14]EU tasas'!E23 -> 0.065 | V23: ='[14]EU Bal Fis'!B23 -> -0.10183 | W23: ='[14]UK Pet'!B82 -> 1.13 | X23: ='[14]UK Pet'!C82 -> -4.2372881 | Y23: =[17]POBLACIÓN!$E23 -> 18989714 | Z23: =((Y23/Y22)-1)*100 -> 1.7314451 | AA23: =[17]POBLACIÓN!$F23 -> 6600778.2 | AB23: =(AA23/Y23)*100 -> 34.759756 | AC23: =[17]POBLACIÓN!$G23 -> 12388936 | AD23: =(AC23/Y23)*100 -> 65.240244 | AE23: =[17]POBLACIÓN!$M23 -> 5712601.7 | AF23: =(AE23/Y23)*100 -> 30.08261 | AG23: =[18]PIB!D23 -> 22122.067 | AH23: =[18]PIB!E23 -> 1.6204889 | AI23: =[18]PIB!H23 -> 32.912837 | AJ23: =[18]PIB!I23 -> 5.3660837 | AK23: =[18]PIB!B23 -> 7281 | AL23: =[18]PIB!C23 -> 7.0735294 | AM23: =(AG23*1000)/AE23 -> 3.8725031 | AN23: ='[18]PIB POT'!F23 -> 22513.68 | AO23: ='[18]PIB POT'!G23 -> 53.751825 | AP23: ='[18]PIB POT'!H23 -> 4.7713639 | AQ23: =(((1+(AH23/100))/(1+(AP23/100)))-1)*100 -> -3.0073818 | AR23: =(AK23)/CC23 -> 1611.7322 | AS23: =((AR23/AR22)-1)*100 -> -14.673004 | AT23: =(AR23*1000000)/Y23 -> 84.873956 | AU23: =((AT23/AT22)-1)*100 -> -16.125249 | AV23: =(BL23+BK23)/AH23 -> 4.2292508 | AW23: 1.38 | AX23: ='[18]Inv Nom'!C23 -> 499 | AY23: =((AX23/AX22)-1)*100 -> 1.2170385 | AZ23: ='[18]Inv Nom'!D23 -> 301 | BA23: =((AZ23/AZ22)-1)*100 -> 0 | BB23: ='[18]Inv Nom'!E23 -> 198 | BC23: =((BB23/BB22)-1)*100 -> 3.125 | BD23: =(AX23/AK23)*100 -> 6.8534542 | BE23: =-DL23 -> -4.7216282 | BF23: =BD23-BE23 -> 11.575082 | BG23: =BF23-BH23 -> 9.0932805 | BH23: =BJ23+BK23 -> 2.481802 | BI23: =BG23-BL23 -> 4.9592329 | BJ23: =DW23 -> -0.23760472 | BK23: =(BB23/AK23)*100 -> 2.7194067 | BL23: =(AZ23/AK23)*100 -> 4.1340475 | BM23: - | BN23: - | BO23: - | BP23: - | BQ23: - | BR23: - | BS23: - | BT23: - | BU23: - | BV23: ='[15]Precios M Anual'!B23 -> 32.142328 | BW23: =((BV23/BV22)-1)*100 -> 6.2736576 | BX23: ='[15]Precios M Anual'!D23 -> 29.423434 | BY23: =((BX23/BX22)-1)*100 -> 5.6635672 | BZ23: ='[15]Fuente Bortz y otros'!G23 -> 27.314518 | CA23: ='[15]Fuente Bortz y otros'!I23 -> 13.808463 | CB23: - | CC23: ='[19]TCA B64'!$B23 -> 4.5175 | CD23: =((CC23/CC22)-1)*100 -> 25.486111 | CE23: =[19]TCA!$D23 -> 4.91 | CF23: =((CE23/CE22)-1)*100 -> 36.388889 | CG23: ='[19]TCA B64'!$I23 -> 101.29301 | CH23: =((CG23/CG22)-1)*100 -> -6.9247998 | CI23: =[19]TCA!$H23 -> 94.508872 | CJ23: =((CI23/CI22)-1)*100 -> -17.867745 | CK23: =[22]SMIN!$E23 -> 1.46 | CL23: 1.15 | CM23: =[22]SMIN!$G23 -> 43.58209 | CN23: =(CM23/BV23)*100 -> 135.59096 | CO23: =[22]SIND!$B$19 -> 182.95902 | CP23: ='[15]Terminos de Int'!B23 -> 168.82105 | CQ23: ='[15]Terminos de Int'!C23 -> 26.815541 | CR23: - | CS23: - | CT23: =[16]bp!$I23 -> 185.4 | CU23: - | CV23: - | CW23: - | CX23: - | CY23: =[16]bp!N23 -> 109.3 | CZ23: - | DA23: - | DB23: - | DC23: - | DD23: - | DE23: - | DF23: - | DG23: - | DH23: - | DI23: - | DJ23: =((CT23+CY23)/AR23)*100 -> 18.284676 | DK23: =CT23-CY23 -> 76.1 | DL23: =(DK23/AR23)*100 -> 4.7216282 | DM23: =((CT23/CT22)-1)*100 -> -25.211779 | DN23: =((CY23/CY22)-1)*100 -> -35.932005 | DO23: - | DP23: - | DQ23: - | DR23: =[20]GobFed!$X23 -> 438.8 | DS23: =[20]GobFed!$X92 -> 6.0266447 | DT23: =[20]GobFed!$AO23 -> 456.1 | DU23: =[20]GobFed!$AO92 -> 6.2642494 | DV23: =[20]GobFed!$BG23 -> -17.3 | DW23: =[20]GobFed!$BG92 -> -0.23760472 | DX23: - | DY23: - | DZ23: - | EA23: - | EB23: - | EC23: - | ED23: ='[20]Deuda Ext'!K23 -> 273.88755 | EE23: =(ED23/AR23)*100 -> 16.993366 | EG23: ='[21]Rec y Obligaciones'!$EA23 -> 475 | EH23: =(EG23/AK23)*100 -> 6.5238291 | EI23: =((EG23/EG22)-1)*100 -> 12.028302 | EJ23: ='[21]Rec y Obligaciones'!C23 -> 212 | EK23: =(EJ23/AK23)*100 -> 2.911688 | EL23: =((EJ23/EJ22)-1)*100 -> 4.950495 | EM23: ='[21]Rec y Obligaciones'!$DE23+'[21]Rec y Obligaciones'!$DF23+'[21]Rec y Obligaciones'!$DG23 -> 263 | EN23: =(EM23/AK23)*100 -> 3.6121412 | EO23: =((EM23/EM22)-1)*100 -> 18.468468 | EP23: ='[21]Rec y Obligaciones'!$DF23 -> 149 | EQ23: =(EP23/AK23)*100 -> 2.0464222 | ER23: =((EP23/EP22)-1)*100 -> 254.7619 | ES23: ='[21]Rec y Obligaciones'!$DC23+'[21]Rec y Obligaciones'!$DD23 -> 39 | ET23: =(ES23/AK23)*100 -> 0.53564071 | EU23: =((ES23/ES22)-1)*100 -> -69.291339 | EV23: ='[21]Rec y Obligaciones'!$DG23 -> 75 | EW23: =(EV23/AK23)*100 -> 1.0300783 | EX23: =((EV23/EV22)-1)*100 -> 41.509434 | EZ23: ='[21]Rec y Obligaciones'!$DS23 -> 772 | FA23: =(EZ23/AK23)*100 -> 10.602939 | FB23: ='[21]Rec y Obligaciones'!$DF23+'[21]Rec y Obligaciones'!$DG23 -> 224 | FC23: =(FB23/AK23)*100 -> 3.0765005 | FD23: ='[21]Rec y Obligaciones'!$DH23+'[21]Rec y Obligaciones'!$DI23 -> 238 | FE23: =(FD23/AK23)*100 -> 3.2687818 | FF23: ='[21]Rec y Obligaciones'!$DL23+'[21]Rec y Obligaciones'!$DK23 -> 310 | FG23: =(FF23/AK23)*100 -> 4.2576569 | FH23: ='[21]Rec y Obligaciones'!$DH23 -> 8 | FI23: =(FH23/AK23)*100 -> 0.10987502 | FJ23: ='[21]Rec y Obligaciones'!$DK23 -> 11 | FK23: =(FJ23/AK23)*100 -> 0.15107815 | FL23: 737 | FM23: =(FL23/AK23)*100 -> 10.122236 | FN23: =((FL23/FL22)-1)*100 -> 11.161388 | FO23: ='[21]Rec y Obligaciones'!DY23 -> 671.4 | FP23: =(FO23/AK23)*100 -> 9.2212608 | FQ23: =((FO23/FO22)-1)*100 -> -2.2565148 | FR23: ='[21]Rec y Obligaciones'!$DZ23 -> 800 | FS23: =(FR23/AK23)*100 -> 10.987502 | FT23: =((FR23/FR22)-1)*100 -> 0 | FU23: =FL23/EG23 -> 1.5515789 | FV23: =(FL23/AK23)*100 -> 10.122236 | FW23: =AK23/FL23 -> 9.8792402 | FX23: - | FY23: - | FZ23: - | GA23: - | GB23: - | GC23: - | GD23: - | GE23: - | GF23: ='[21]Reservas Int'!C23 -> 43.2 | GG23: =(GF23/(AR23))*100 -> 2.6803461 | GH23: =GF23-GF22 -> -12.2 | GI23: =(GH23/AR23)*100 -> -0.75694959 | GJ23: =(GF23*CE23) -> 212.112 | GK23: =((GJ23/GJ22)-1)*100 -> 6.3537906 | GL23: =GF23/(CY23/12) -> 4.7429094
A24: 1939 | B24: ='[14]EU Pob'!C24 -> 131028000 | C24: ='[14]EU PIB'!B24 -> 1222.375 | D24: ='[14]EU PIB'!C24 -> 8 | E24: ='[14]EU PIB'!D24 -> 93.437 | F24: ='[14]EU PIB'!E24 -> -0.98050751 | G24: ='[14]EU PIB'!F24 -> 7.64389 | H24: ='[14]EU PIB'!G24 -> -0.98050751 | I24: ='[14]EU PIB'!H24 -> 713.10712 | J24: ='[14]EU INF A'!$J24 -> 48.613228 | K24: =((J24/J23)-1)*100 -> -1.9065191 | L24: ='[14]EU INF A'!$L24 -> 50.106675 | M24: =((L24/L23)-1)*100 -> 3.0075188 | N24: ='[14]EU INF A'!$F24 -> 57.790859 | O24: =((N24/N23)-1)*100 -> -1.3010053 | P24: ='[14]EU INF A'!$H24 -> 56 | Q24: =((P24/P23)-1)*100 -> 0 | R24: - | S24: - | T24: ='[14]EU tasas'!D24 -> 0.04 | U24: ='[14]EU tasas'!E24 -> 0.045833333 | V24: ='[14]EU Bal Fis'!B24 -> -3.04385 | W24: ='[14]UK Pet'!B83 -> 1.02 | X24: ='[14]UK Pet'!C83 -> -9.7345133 | Y24: =[17]POBLACIÓN!$E24 -> 19318511 | Z24: =((Y24/Y23)-1)*100 -> 1.7314451 | AA24: =[17]POBLACIÓN!$F24 -> 6746828.1 | AB24: =(AA24/Y24)*100 -> 34.924163 | AC24: =[17]POBLACIÓN!$G24 -> 12571682 | AD24: =(AC24/Y24)*100 -> 65.075837 | AE24: =[17]POBLACIÓN!$M24 -> 5784901.3 | AF24: =(AE24/Y24)*100 -> 29.944862 | AG24: =[18]PIB!D24 -> 23311.48 | AH24: =[18]PIB!E24 -> 5.3765904 | AI24: =[18]PIB!H24 -> 33.395563 | AJ24: =[18]PIB!I24 -> 1.4666783 | AK24: =[18]PIB!B24 -> 7785 | AL24: =[18]PIB!C24 -> 6.9221261 | AM24: =(AG24*1000)/AE24 -> 4.029711 | AN24: ='[18]PIB POT'!F24 -> 23618.074 | AO24: ='[18]PIB POT'!G24 -> 56.388587 | AP24: ='[18]PIB POT'!H24 -> 4.9054376 | AQ24: =(((1+(AH24/100))/(1+(AP24/100)))-1)*100 -> 0.4491215 | AR24: =(AK24)/CC24 -> 1440.5551 | AS24: =((AR24/AR23)-1)*100 -> -10.620687 | AT24: =(AR24*1000000)/Y24 -> 74.568643 | AU24: =((AT24/AT23)-1)*100 -> -12.141902 | AV24: =(BL24+BK24)/AH24 -> 1.5901853 | AW24: 1.38 | AX24: ='[18]Inv Nom'!C24 -> 665.6 | AY24: =((AX24/AX23)-1)*100 -> 33.386774 | AZ24: ='[18]Inv Nom'!D24 -> 401 | BA24: =((AZ24/AZ23)-1)*100 -> 33.222591 | BB24: ='[18]Inv Nom'!E24 -> 264.6 | BC24: =((BB24/BB23)-1)*100 -> 33.636364 | BD24: =(AX24/AK24)*100 -> 8.5497752 | BE24: =DO24 -> 2.7350567 | BF24: =BD24-BE24 -> 5.8147185 | BG24: =BF24-BH24 -> 2.9553736 | BH24: =BJ24+BK24 -> 2.8593449 | BI24: =BG24-BL24 -> -2.1955577 | BJ24: =DW24 -> -0.53949904 | BK24: =(BB24/AK24)*100 -> 3.3988439 | BL24: =(AZ24/AK24)*100 -> 5.1509313 | BM24: - | BN24: - | BO24: - | BP24: - | BQ24: - | BR24: - | BS24: - | BT24: - | BU24: - | BV24: ='[15]Precios M Anual'!B24 -> 32.318293 | BW24: =((BV24/BV23)-1)*100 -> 0.54745729 | BX24: ='[15]Precios M Anual'!D24 -> 29.611744 | BY24: =((BX24/BX23)-1)*100 -> 0.64 | BZ24: ='[15]Fuente Bortz y otros'!G24 -> 27.777778 | CA24: ='[15]Fuente Bortz y otros'!I24 -> 1.6960209 | CB24: - | CC24: ='[19]TCA B64'!$B24 -> 5.4041667 | CD24: =((CC24/CC23)-1)*100 -> 19.627375 | CE24: =[19]TCA!$D24 -> 4.85 | CF24: =((CE24/CE23)-1)*100 -> -1.2219959 | CG24: ='[19]TCA B64'!$I24 -> 86.79203 | CH24: =((CG24/CG23)-1)*100 -> -14.315874 | CI24: =[19]TCA!$H24 -> 93.478996 | CJ24: =((CI24/CI23)-1)*100 -> -1.0897145 | CK24: =[22]SMIN!$E24 -> 1.46 | CL24: 1.15 | CM24: =[22]SMIN!$G24 -> 43.58209 | CN24: =(CM24/BV24)*100 -> 134.85269 | CO24: =[22]SIND!$B$19 -> 182.95902 | CP24: ='[15]Terminos de Int'!B24 -> 495.74567 | CQ24: ='[15]Terminos de Int'!C24 -> 193.65157 | CR24: =[16]bp!G24 -> 39.4 | CS24: =[16]bp!H24 -> 216.1 | CT24: =[16]bp!I24 -> 163.4 | CU24: =[16]bp!J24 -> 48.7 | CV24: =[16]bp!K24 -> 4 | CW24: =[16]bp!L24 -> 0 | CX24: =[16]bp!M24 -> 176.7 | CY24: =[16]bp!N24 -> 128.2 | ... DG24: =[16]bp!V24 -> 0 | DH24: ='[18]Inv Ext'!B24 -> 22.292 | DI24: =(DH24/AR24)*100 -> 1.547459 | DJ24: =((CT24+CY24)/AR24)*100 -> 20.242197 | DK24: =CT24-CY24 -> 35.2 | DL24: =(DK24/AR24)*100 -> 2.4435025 | DM24: =((CT24/CT23)-1)*100 -> -11.866235 | DN24: =((CY24/CY23)-1)*100 -> 17.291857 | DO24: =(CR24/AR24)*100 -> 2.7350567 | DP24: =(DC24/AR24)*100 -> 2.7419985 | DQ24: - | DR24: =[20]GobFed!$X24 -> 463.4 | DS24: =[20]GobFed!$X93 -> 5.9524727 | DT24: =[20]GobFed!$AO24 -> 505.4 | DU24: =[20]GobFed!$AO93 -> 6.4919717 | DV24: =[20]GobFed!$BG24 -> -42 | DW24: =[20]GobFed!$BG93 -> -0.53949904 | DX24: - | DY24: - | DZ24: - | EA24: - | EB24: - | EC24: - | ED24: ='[20]Deuda Ext'!K24 -> 233.61049 | EE24: =(ED24/AR24)*100 -> 16.216699 | EG24: ='[21]Rec y Obligaciones'!$EA24 -> 560 | EH24: =(EG24/AK24)*100 -> 7.1933205 | EI24: =((EG24/EG23)-1)*100 -> 17.894737 | EJ24: ='[21]Rec y Obligaciones'!C24 -> 210 | EK24: =(EJ24/AK24)*100 -> 2.6974952 | EL24: =((EJ24/EJ23)-1)*100 -> -0.94339623 | EM24: ='[21]Rec y Obligaciones'!$DE24+'[21]Rec y Obligaciones'!$DF24+'[21]Rec y Obligaciones'!$DG24 -> 350 | EN24: =(EM24/AK24)*100 -> 4.4958253 | EO24: =((EM24/EM23)-1)*100 -> 33.079848 | EP24: ='[21]Rec y Obligaciones'!$DF24 -> 223 | EQ24: =(EP24/AK24)*100 -> 2.864483 | ER24: =((EP24/EP23)-1)*100 -> 49.66443 | ES24: ='[21]Rec y Obligaciones'!$DC24+'[21]Rec y Obligaciones'!$DD24 -> 33 | ET24: =(ES24/AK24)*100 -> 0.4238921 | EU24: =((ES24/ES23)-1)*100 -> -15.384615 | EV24: ='[21]Rec y Obligaciones'!$DG24 -> 94 | EW24: =(EV24/AK24)*100 -> 1.2074502 | EX24: =((EV24/EV23)-1)*100 -> 25.333333 | EZ24: ='[21]Rec y Obligaciones'!$DS24 -> 1021 | FA24: =(EZ24/AK24)*100 -> 13.114965 | FB24: ='[21]Rec y Obligaciones'!$DF24+'[21]Rec y Obligaciones'!$DG24 -> 317 | FC24: =(FB24/AK24)*100 -> 4.0719332 | FD24: ='[21]Rec y Obligaciones'!$DH24+'[21]Rec y Obligaciones'!$DI24 -> 293 | FE24: =(FD24/AK24)*100 -> 3.763648 | FF24: ='[21]Rec y Obligaciones'!$DL24+'[21]Rec y Obligaciones'!$DK24 -> 411 | FG24: =(FF24/AK24)*100 -> 5.2793834 | FH24: ='[21]Rec y Obligaciones'!$DH24 -> 12 | FI24: =(FH24/AK24)*100 -> 0.15414258 | FJ24: ='[21]Rec y Obligaciones'!$DK24 -> 13 | FK24: =(FJ24/AK24)*100 -> 0.1669878 | FL24: 883 | FM24: =(FL24/AK24)*100 -> 11.342325 | FN24: =((FL24/FL23)-1)*100 -> 19.810041 | FO24: ='[21]Rec y Obligaciones'!DY24 -> 807.6 | FP24: =(FO24/AK24)*100 -> 10.373796 | FQ24: =((FO24/FO23)-1)*100 -> 20.28597 | FR24: ='[21]Rec y Obligaciones'!$DZ24 -> 1000 | FS24: =(FR24/AK24)*100 -> 12.845215 | FT24: =((FR24/FR23)-1)*100 -> 25 | FU24: =FL24/EG24 -> 1.5767857 | FV24: =(FL24/AK24)*100 -> 11.342325 | FW24: =AK24/FL24 -> 8.8165345 | FX24: - | FY24: - | FZ24: - | GA24: - | GB24: - | GC24: - | GD24: - | GE24: - | GF24: ='[21]Reservas Int'!C24 -> 41.4 | GG24: =(GF24/(AR24))*100 -> 2.8738921 | GH24: =GF24-GF23 -> -1.8 | GI24: =(GH24/AR24)*100 -> -0.12495183 | GJ24: =(GF24*CE24) -> 200.79 | GK24: =((GJ24/GJ23)-1)*100 -> -5.3377461 | GL24: =GF24/(CY24/12) -> 3.875195
A25: 1940 | B25: ='[14]EU Pob'!C25 -> 132122000 | C25: ='[14]EU PIB'!B25 -> 1330.151 | D25: ='[14]EU PIB'!C25 -> 8.8 | E25: ='[14]EU PIB'!D25 -> 102.899 | F25: ='[14]EU PIB'!E25 -> 1.2035582 | G25: ='[14]EU PIB'!F25 -> 7.7358886 | H25: ='[14]EU PIB'!G25 -> 1.2035582 | I25: ='[14]EU PIB'!H25 -> 778.81806 | J25: ='[14]EU INF A'!$J25 -> 49.527583 | K25: =((J25/J24)-1)*100 -> 1.8808777 | L25: ='[14]EU INF A'!$L25 -> 50.472417 | M25: =((L25/L24)-1)*100 -> 0.72992701 | N25: ='[14]EU INF A'!$F25 -> 58.206371 | O25: =((N25/N24)-1)*100 -> 0.71899341 | P25: ='[14]EU INF A'!$H25 -> 56.4 | Q25: =((P25/P24)-1)*100 -> 0.71428571 | R25: - | S25: - | T25: ='[14]EU tasas'!D25 -> 0.02 | U25: ='[14]EU tasas'!E25 -> 0.035833333 | V25: ='[14]EU Bal Fis'!B25 -> -2.83771 | W25: ='[14]UK Pet'!B84 -> 1.02 | X25: ='[14]UK Pet'!C84 -> 0 | Y25: =[17]POBLACIÓN!$E25 -> 19653000 | Z25: =((Y25/Y24)-1)*100 -> 1.7314451 | AA25: =[17]POBLACIÓN!$F25 -> 6896109.5 | AB25: =(AA25/Y25)*100 -> 35.089347 | AC25: =[17]POBLACIÓN!$G25 -> 12756891 | AD25: =(AC25/Y25)*100 -> 64.910653 | AE25: =[17]POBLACIÓN!$M25 -> 5858116 | AF25: =(AE25/Y25)*100 -> 29.807744 | AG25: =[18]PIB!D25 -> 23633.162 | AH25: =[18]PIB!E25 -> 1.3799301 | AI25: =[18]PIB!H25 -> 34.904343 | AJ25: =[18]PIB!I25 -> 4.5179058 | AK25: =[18]PIB!B25 -> 8249 | AL25: =[18]PIB!C25 -> 5.9601798 | AM25: =(AG25*1000)/AE25 -> 4.0342599 | AN25: ='[18]PIB POT'!F25 -> 24798.696 | AO25: ='[18]PIB POT'!G25 -> 59.207344 | AP25: ='[18]PIB POT'!H25 -> 4.9988075 | AQ25: =(((1+(AH25/100))/(1+(AP25/100)))-1)*100 -> -3.446589 | AR25: =(AK25)/CC25 -> 1698.1987 | AS25: =((AR25/AR24)-1)*100 -> 17.885017 | AT25: =(AR25*1000000)/Y25 -> 86.409132 | AU25: =((AT25/AT24)-1)*100 -> 15.878642 | AV25: =(BL25+BK25)/AH25 -> 6.9682593 | AW25: 1.38 | AX25: ='[18]Inv Nom'!C25 -> 793.2 | AY25: =((AX25/AX24)-1)*100 -> 19.170673 | AZ25: ='[18]Inv Nom'!D25 -> 457 | BA25: =((AZ25/AZ24)-1)*100 -> 13.965087 | BB25: ='[18]Inv Nom'!E25 -> 336.2 | BC25: =((BB25/BB24)-1)*100 -> 27.059713 | BD25: =(AX25/AK25)*100 -> 9.615711 | BE25: =DO25 -> 1.3308219 | BF25: =BD25-BE25 -> 8.2848891 | BG25: =BF25-BH25 -> 5.0820766 | BH25: =BJ25+BK25 -> 3.2028125 | BI25: =BG25-BL25 -> -0.45798885 | BJ25: =DW25 -> -0.87283307 | BK25: =(BB25/AK25)*100 -> 4.0756455 | BL25: =(AZ25/AK25)*100 -> 5.5400655 | BM25: - | BN25: - | BO25: - | BP25: - | BQ25: - | BR25: - | BS25: - | BT25: - | BU25: - | BV25: ='[15]Precios M Anual'!B25 -> 32.815305 | BW25: =((BV25/BV24)-1)*100 -> 1.5378641 | BX25: ='[15]Precios M Anual'!D25 -> 29.848638 | BY25: =((BX25/BX24)-1)*100 -> 0.8 | BZ25: ='[15]Fuente Bortz y otros'!G25 -> 28.703704 | CA25: ='[15]Fuente Bortz y otros'!I25 -> 3.3333333 | CB25: ='[15]Tasas int'!$B25 -> 8 | CC25: ='[19]TCA B64'!$B25 -> 4.8575 | CD25: =((CC25/CC24)-1)*100 -> -10.115652 | CE25: =[19]TCA!$D25 -> 4.86 | CF25: =((CE25/CE24)-1)*100 -> 0.20618557 | CG25: ='[19]TCA B64'!$I25 -> 96.234571 | CH25: =((CG25/CG24)-1)*100 -> 10.879503 | CI25: =[19]TCA!$H25 -> 93.351547 | CJ25: =((CI25/CI24)-1)*100 -> -0.13633924 | CK25: =[22]SMIN!$E25 -> 1.52 | CL25: 1.15 | CM25: =[22]SMIN!$G25 -> 45.373134 | CN25: =(CM25/BV25)*100 -> 138.26821 | CO25: =[22]SIND!$B$19 -> 182.95902 | CP25: ='[15]Terminos de Int'!B25 -> 142.6136 | CQ25: ='[15]Terminos de Int'!C25 -> -71.232507 | CR25: =[16]bp!G25 -> 22.6 | CS25: =[16]bp!H25 -> 213.9 | CT25: =[16]bp!I25 -> 159.8 | CU25: =[16]bp!J25 -> 50.3 | CV25: =[16]bp!K25 -> 3.8 | CW25: =[16]bp!L25 -> 0 | CX25: =[16]bp!M25 -> 191.3 | CY25: =[16]bp!N25 -> 132.4 | ... DG25: =[16]bp!V25 -> 0 | DH25: ='[18]Inv Ext'!B25 -> 9.298 | DI25: =(DH25/AR25)*100 -> 0.54752134 | DJ25: =((CT25+CY25)/AR25)*100 -> 17.206467 | DK25: =CT25-CY25 -> 27.4 | DL25: =(DK25/AR25)*100 -> 1.6134744 | DM25: =((CT25/CT24)-1)*100 -> -2.2031824 | DN25: =((CY25/CY24)-1)*100 -> 3.276131 | DO25: =(CR25/AR25)*100 -> 1.3308219 | DP25: =(DC25/AR25)*100 -> 0.14721481 | DQ25: - | DR25: =[20]GobFed!$X25 -> 463 | DS25: =[20]GobFed!$X94 -> 5.6128016 | DT25: =[20]GobFed!$AO25 -> 535 | DU25: =[20]GobFed!$AO94 -> 6.4856346 | DV25: =[20]GobFed!$BG25 -> -72 | DW25: =[20]GobFed!$BG94 -> -0.87283307 | DX25: - | DY25: - | DZ25: - | EA25: - | EB25: - | EC25: - | ED25: ='[20]Deuda Ext'!K25 -> 265.50283 | EE25: =(ED25/AR25)*100 -> 15.63438 | EG25: ='[21]Rec y Obligaciones'!$EA25 -> 722 | EH25: =(EG25/AK25)*100 -> 8.7525761 | EI25: =((EG25/EG24)-1)*100 -> 28.928571 | EJ25: ='[21]Rec y Obligaciones'!C25 -> 310 | EK25: =(EJ25/AK25)*100 -> 3.7580313 | EL25: =((EJ25/EJ24)-1)*100 -> 47.619048 | EM25: ='[21]Rec y Obligaciones'!$DE25+'[21]Rec y Obligaciones'!$DF25+'[21]Rec y Obligaciones'!$DG25 -> 412 | EN25: =(EM25/AK25)*100 -> 4.9945448 | EO25: =((EM25/EM24)-1)*100 -> 17.714286 | EP25: ='[21]Rec y Obligaciones'!$DF25 -> 308 | EQ25: =(EP25/AK25)*100 -> 3.7337859 | ER25: =((EP25/EP24)-1)*100 -> 38.116592 | ES25: ='[21]Rec y Obligaciones'!$DC25+'[21]Rec y Obligaciones'!$DD25 -> 19 | ET25: =(ES25/AK25)*100 -> 0.23033095 | EU25: =((ES25/ES24)-1)*100 -> -42.424242 | EV25: ='[21]Rec y Obligaciones'!$DG25 -> 85 | EW25: =(EV25/AK25)*100 -> 1.0304279 | EX25: =((EV25/EV24)-1)*100 -> -9.5744681 | EZ25: ='[21]Rec y Obligaciones'!$DS25 -> 1106 | FA25: =(EZ25/AK25)*100 -> 13.407686 | FB25: ='[21]Rec y Obligaciones'!$DF25+'[21]Rec y Obligaciones'!$DG25 -> 393 | FC25: =(FB25/AK25)*100 -> 4.7642138 | FD25: ='[21]Rec y Obligaciones'!$DH25+'[21]Rec y Obligaciones'!$DI25 -> 283 | FE25: =(FD25/AK25)*100 -> 3.4307189 | FF25: ='[21]Rec y Obligaciones'!$DL25+'[21]Rec y Obligaciones'!$DK25 -> 430 | FG25: =(FF25/AK25)*100 -> 5.2127531 | FH25: ='[21]Rec y Obligaciones'!$DH25 -> 9 | FI25: =(FH25/AK25)*100 -> 0.10910413 | FJ25: ='[21]Rec y Obligaciones'!$DK25 -> 23 | FK25: =(FJ25/AK25)*100 -> 0.27882168 | FL25: 1062 | FM25: =(FL25/AK25)*100 -> 12.874288 | FN25: =((FL25/FL24)-1)*100 -> 20.271801 | FO25: ='[21]Rec y Obligaciones'!DY25 -> 905.1 | FP25: =(FO25/AK25)*100 -> 10.972239 | FQ25: =((FO25/FO24)-1)*100 -> 12.072808 | FR25: ='[21]Rec y Obligaciones'!$DZ25 -> 1200 | FS25: =(FR25/AK25)*100 -> 14.547218 | FT25: =((FR25/FR24)-1)*100 -> 20 | FU25: =FL25/EG25 -> 1.4709141 | FV25: =(FL25/AK25)*100 -> 12.874288 | FW25: =AK25/FL25 -> 7.76742 | FX25: - | FY25: - | FZ25: - | GA25: - | GB25: - | GC25: - | GD25: - | GE25: - | GF25: ='[21]Reservas Int'!C25 -> 63.4 | GG25: =(GF25/(AR25))*100 -> 3.7333677 | GH25: =GF25-GF24 -> 22 | GI25: =(GH25/AR25)*100 -> 1.2954904 | GJ25: =(GF25*CE25) -> 308.124 | GK25: =((GJ25/GJ24)-1)*100 -> 53.455849 | GL25: =GF25/(CY25/12) -> 5.7462236
A26: 1941 | B26: ='[14]EU Pob'!C26 -> 133402000 | C26: ='[14]EU PIB'!B26 -> 1565.778 | D26: ='[14]EU PIB'!C26 -> 17.7 | E26: ='[14]EU PIB'!D26 -> 129.309 | F26: ='[14]EU PIB'!E26 -> 6.7550326 | G26: ='[14]EU PIB'!F26 -> 8.2584504 | H26: ='[14]EU PIB'!G26 -> 6.7550326 | I26: ='[14]EU PIB'!H26 -> 969.3183 | J26: ='[14]EU INF A'!$J26 -> 55.013715 | K26: =((J26/J25)-1)*100 -> 11.076923 | L26: ='[14]EU INF A'!$L26 -> 59.250229 | M26: =((L26/L25)-1)*100 -> 17.391304 | N26: ='[14]EU INF A'!$F26 -> 61.184211 | O26: =((N26/N25)-1)*100 -> 5.1160024 | P26: ='[14]EU INF A'!$H26 -> 62 | Q26: =((P26/P25)-1)*100 -> 9.929078 | R26: - | S26: - | T26: ='[14]EU tasas'!D26 -> 0.33 | U26: ='[14]EU tasas'!E26 -> 0.12916667 | V26: ='[14]EU Bal Fis'!B26 -> -3.81839 | W26: ='[14]UK Pet'!B85 -> 1.14 | X26: ='[14]UK Pet'!C85 -> 11.764706 | Y26: =[17]POBLACIÓN!$E26 -> 20194485 | Z26: =((Y26/Y25)-1)*100 -> 2.7552293 | AA26: =[17]POBLACIÓN!$F26 -> 7224665.3 | AB26: =(AA26/Y26)*100 -> 35.775437 | AC26: =[17]POBLACIÓN!$G26 -> 12969820 | AD26: =(AC26/Y26)*100 -> 64.224563 | AE26: =[17]POBLACIÓN!$M26 -> 6063783.8 | AF26: =(AE26/Y26)*100 -> 30.02693 | AG26: =[18]PIB!D26 -> 25934.947 | AH26: =[18]PIB!E26 -> 9.7396377 | AI26: =[18]PIB!H26 -> 35.596757 | AJ26: =[18]PIB!I26 -> 1.9837484 | AK26: =[18]PIB!B26 -> 9232 | AL26: =[18]PIB!C26 -> 11.916596 | AM26: =(AG26*1000)/AE26 -> 4.2770237 | AN26: ='[18]PIB POT'!F26 -> 26059.246 | AO26: ='[18]PIB POT'!G26 -> 62.21693 | AP26: ='[18]PIB POT'!H26 -> 5.0831291 | AQ26: =(((1+(AH26/100))/(1+(AP26/100)))-1)*100 -> 4.4312618 | AR26: =(AK26)/CC26 -> 1902.8513 | AS26: =((AR26/AR25)-1)*100 -> 12.051157 | AT26: =(AR26*1000000)/Y26 -> 94.226282 | AU26: =((AT26/AT25)-1)*100 -> 9.0466715 | AV26: =(BL26+BK26)/AH26 -> 1.1029142 | AW26: 1.38 | AX26: ='[18]Inv Nom'!C26 -> 991.7 | AY26: =((AX26/AX25)-1)*100 -> 25.025214 | AZ26: ='[18]Inv Nom'!D26 -> 608 | BA26: =((AZ26/AZ25)-1)*100 -> 33.041575 | BB26: ='[18]Inv Nom'!E26 -> 383.7 | BC26: =((BB26/BB25)-1)*100 -> 14.128495 | BD26: =(AX26/AK26)*100 -> 10.741984 | BE26: =DO26 -> -1.5187735 | BF26: =BD26-BE26 -> 12.260758 | BG26: =BF26-BH26 -> 8.9332015 | BH26: =BJ26+BK26 -> 3.3275563 | BI26: =BG26-BL26 -> 2.347413 | BJ26: =DW26 -> -0.82863951 | BK26: =(BB26/AK26)*100 -> 4.1561958 | BL26: =(AZ26/AK26)*100 -> 6.5857886 | BM26: - | BN26: - | BO26: - | BP26: - | BQ26: - | BR26: - | BS26: - | BT26: - | BU26: - | BV26: ='[15]Precios M Anual'!B26 -> 34.97561 | BW26: =((BV26/BV25)-1)*100 -> 6.583225 | BX26: ='[15]Precios M Anual'!D26 -> 33.490883 | BY26: =((BX26/BX25)-1)*100 -> 12.202381 | BZ26: ='[15]Fuente Bortz y otros'!G26 -> 29.62963 | CA26: ='[15]Fuente Bortz y otros'!I26 -> 3.2258065 | CB26: ='[15]Tasas int'!$B26 -> 8 | CC26: ='[19]TCA B64'!$B26 -> 4.8516667 | CD26: =((CC26/CC25)-1)*100 -> -0.12008921 | CE26: =[19]TCA!$D26 -> 4.85 | CF26: =((CE26/CE25)-1)*100 -> -0.20576132 | CG26: ='[19]TCA B64'!$I26 -> 92.452357 | CH26: =((CG26/CG25)-1)*100 -> -3.9302036 | CI26: =[19]TCA!$H26 -> 89.409197 | CJ26: =((CI26/CI25)-1)*100 -> -4.2231222 | CK26: =[22]SMIN!$E26 -> 1.52 | CL26: 1.15 | CM26: =[22]SMIN!$G26 -> 45.373134 | CN26: =(CM26/BV26)*100 -> 129.72793 | CO26: =[22]SIND!$B$19 -> 182.95902 | CP26: ='[15]Terminos de Int'!B26 -> 168.07534 | CQ26: ='[15]Terminos de Int'!C26 -> 17.853659 | CR26: =[16]bp!G26 -> -28.9 | CS26: =[16]bp!H26 -> 243.2 | CT26: =[16]bp!I26 -> 176.5 | CU26: =[16]bp!J26 -> 62.8 | CV26: =[16]bp!K26 -> 3.9 | CW26: =[16]bp!L26 -> 0 | CX26: =[16]bp!M26 -> 272.1 | CY26: =[16]bp!N26 -> 199.5 | ... DG26: =[16]bp!V26 -> 0 | DH26: ='[18]Inv Ext'!B26 -> 16.268 | DI26: =(DH26/AR26)*100 -> 0.85492757 | DJ26: =((CT26+CY26)/AR26)*100 -> 19.759821 | DK26: =CT26-CY26 -> -23 | DL26: =(DK26/AR26)*100 -> -1.2087124 | DM26: =((CT26/CT25)-1)*100 -> 10.450563 | DN26: =((CY26/CY25)-1)*100 -> 50.679758 | DO26: =(CR26/AR26)*100 -> -1.5187735 | DP26: =(DC26/AR26)*100 -> 0.6096115 | DQ26: - | DR26: =[20]GobFed!$X26 -> 430.7 | DS26: =[20]GobFed!$X95 -> 4.6652946 | DT26: =[20]GobFed!$AO26 -> 507.2 | DU26: =[20]GobFed!$AO95 -> 5.4939341 | DV26: =[20]GobFed!$BG26 -> -76.5 | DW26: =[20]GobFed!$BG95 -> -0.82863951 | DX26: - | DY26: - | DZ26: - | EA26: - | EB26: - | EC26: - | ED26: ='[20]Deuda Ext'!K26 -> 271.01285 | EE26: =(ED26/AR26)*100 -> 14.242461 | EG26: ='[21]Rec y Obligaciones'!$EA26 -> 869 | EH26: =(EG26/AK26)*100 -> 9.4129116 | EI26: =((EG26/EG25)-1)*100 -> 20.360111 | EJ26: ='[21]Rec y Obligaciones'!C26 -> 300 | EK26: =(EJ26/AK26)*100 -> 3.2495667 | EL26: =((EJ26/EJ25)-1)*100 -> -3.2258065 | EM26: ='[21]Rec y Obligaciones'!$DE26+'[21]Rec y Obligaciones'!$DF26+'[21]Rec y Obligaciones'!$DG26 -> 569 | EN26: =(EM26/AK26)*100 -> 6.1633449 | EO26: =((EM26/EM25)-1)*100 -> 38.106796 | EP26: ='[21]Rec y Obligaciones'!$DF26 -> 454 | EQ26: =(EP26/AK26)*100 -> 4.9176776 | ER26: =((EP26/EP25)-1)*100 -> 47.402597 | ES26: ='[21]Rec y Obligaciones'!$DC26+'[21]Rec y Obligaciones'!$DD26 -> 25 | ET26: =(ES26/AK26)*100 -> 0.27079723 | EU26: =((ES26/ES25)-1)*100 -> 31.578947 | EV26: ='[21]Rec y Obligaciones'!$DG26 -> 90 | EW26: =(EV26/AK26)*100 -> 0.97487002 | EX26: =((EV26/EV25)-1)*100 -> 5.8823529 | EZ26: ='[21]Rec y Obligaciones'!$DS26 -> 1519 | FA26: =(EZ26/AK26)*100 -> 16.45364 | FB26: ='[21]Rec y Obligaciones'!$DF26+'[21]Rec y Obligaciones'!$DG26 -> 544 | FC26: =(FB26/AK26)*100 -> 5.8925477 | FD26: ='[21]Rec y Obligaciones'!$DH26+'[21]Rec y Obligaciones'!$DI26 -> 374 | FE26: =(FD26/AK26)*100 -> 4.0511265 | FF26: ='[21]Rec y Obligaciones'!$DL26+'[21]Rec y Obligaciones'!$DK26 -> 601 | FG26: =(FF26/AK26)*100 -> 6.5099653 | FH26: ='[21]Rec y Obligaciones'!$DH26 -> 11 | FI26: =(FH26/AK26)*100 -> 0.11915078 | FJ26: ='[21]Rec y Obligaciones'!$DK26 -> 7 | FK26: =(FJ26/AK26)*100 -> 0.075823224 | FL26: 1268 | FM26: =(FL26/AK26)*100 -> 13.734835 | FN26: =((FL26/FL25)-1)*100 -> 19.397363 | FO26: ='[21]Rec y Obligaciones'!DY26 -> 1172.7 | FP26: =(FO26/AK26)*100 -> 12.702556 | FQ26: =((FO26/FO25)-1)*100 -> 29.565794 | FR26: ='[21]Rec y Obligaciones'!$DZ26 -> 1400 | FS26: =(FR26/AK26)*100 -> 15.164645 | FT26: =((FR26/FR25)-1)*100 -> 16.666667 | FU26: =FL26/EG26 -> 1.4591484 | FV26: =(FL26/AK26)*100 -> 13.734835 | FW26: =AK26/FL26 -> 7.2807571 | FX26: - | FY26: - | FZ26: - | GA26: - | GB26: - | GC26: - | GD26: - | GE26: - | GF26: ='[21]Reservas Int'!C26 -> 62.3 | GG26: =(GF26/(AR26))*100 -> 3.2740342 | GH26: =GF26-GF25 -> -1.1 | GI26: =(GH26/AR26)*100 -> -0.057807987 | GJ26: =(GF26*CE26) -> 302.155 | GK26: =((GJ26/GJ25)-1)*100 -> -1.9372071 | GL26: =GF26/(CY26/12) -> 3.7473684
A27: 1942 | B27: ='[14]EU Pob'!C27 -> 134860000 | C27: ='[14]EU PIB'!B27 -> 1861.5 | D27: ='[14]EU PIB'!C27 -> 18.9 | E27: ='[14]EU PIB'!D27 -> 165.952 | F27: ='[14]EU PIB'!E27 -> 7.9495618 | G27: ='[14]EU PIB'!F27 -> 8.9149611 | H27: ='[14]EU PIB'!G27 -> 7.9495618 | I27: ='[14]EU PIB'!H27 -> 1230.5502 | J27: ='[14]EU INF A'!$J27 -> 62.237123 | K27: =((J27/J26)-1)*100 -> 13.130194 | L27: ='[14]EU INF A'!$L27 -> 63.639134 | M27: =((L27/L26)-1)*100 -> 7.4074074 | N27: ='[14]EU INF A'!$F27 -> 67.867036 | O27: =((N27/N26)-1)*100 -> 10.922467 | P27: ='[14]EU INF A'!$H27 -> 67.6 | Q27: =((P27/P26)-1)*100 -> 9.0322581 | R27: - | S27: - | T27: ='[14]EU tasas'!D27 -> 0.38 | U27: ='[14]EU tasas'!E27 -> 0.3425 | V27: ='[14]EU Bal Fis'!B27 -> -12.3512 | W27: ='[14]UK Pet'!B86 -> 1.19 | X27: ='[14]UK Pet'!C86 -> 4.3859649 | Y27: =[17]POBLACIÓN!$E27 -> 20750890 | Z27: =((Y27/Y26)-1)*100 -> 2.7552293 | AA27: =[17]POBLACIÓN!$F27 -> 7568874.7 | AB27: =(AA27/Y27)*100 -> 36.474941 | AC27: =[17]POBLACIÓN!$G27 -> 13182015 | AD27: =(AC27/Y27)*100 -> 63.525059 | AE27: =[17]POBLACIÓN!$M27 -> 6276672.3 | AF27: =(AE27/Y27)*100 -> 30.247726 | AG27: =[18]PIB!D27 -> 27389.95 | AH27: =[18]PIB!E27 -> 5.6102042 | AI27: =[18]PIB!H27 -> 38.996055 | AJ27: =[18]PIB!I27 -> 9.549459 | AK27: =[18]PIB!B27 -> 10681 | AL27: =[18]PIB!C27 -> 15.695407 | AM27: =(AG27*1000)/AE27 -> 4.3637694 | AN27: ='[18]PIB POT'!F27 -> 27398.399 | AO27: ='[18]PIB POT'!G27 -> 65.414183 | AP27: ='[18]PIB POT'!H27 -> 5.1388793 | AQ27: =(((1+(AH27/100))/(1+(AP27/100)))-1)*100 -> 0.44828788 | AR27: =(AK27)/CC27 -> 2202.268 | AS27: =((AR27/AR26)-1)*100 -> 15.735165 | AT27: =(AR27*1000000)/Y27 -> 106.12885 | AU27: =((AT27/AT26)-1)*100 -> 12.631898 | AV27: =(BL27+BK27)/AH27 -> 1.6963552 | AW27: 1.38 | AX27: ='[18]Inv Nom'!C27 -> 1016.5 | AY27: =((AX27/AX26)-1)*100 -> 2.5007563 | AZ27: ='[18]Inv Nom'!D27 -> 524 | BA27: =((AZ27/AZ26)-1)*100 -> -13.815789 | BB27: ='[18]Inv Nom'!E27 -> 492.5 | BC27: =((BB27/BB26)-1)*100 -> 28.355486 | BD27: =(AX27/AK27)*100 -> 9.5168992 | BE27: =DO27 -> 0.55851512 | BF27: =BD27-BE27 -> 8.958384 | BG27: =BF27-BH27 -> 6.152467 | BH27: =BJ27+BK27 -> 2.805917 | BI27: =BG27-BL27 -> 1.2465593 | BJ27: =DW27 -> -1.8050744 | BK27: =(BB27/AK27)*100 -> 4.6109915 | BL27: =(AZ27/AK27)*100 -> 4.9059077 | BM27: - | BN27: - | BO27: - | BP27: - | BQ27: - | BR27: - | BS27: - | BT27: - | BU27: - | BV27: ='[15]Precios M Anual'!B27 -> 38.600122 | BW27: =((BV27/BV26)-1)*100 -> 10.362971 | BX27: ='[15]Precios M Anual'!D27 -> 37.221963 | BY27: =((BX27/BX26)-1)*100 -> 11.140584 | BZ27: ='[15]Fuente Bortz y otros'!G27 -> 34.259259 | CA27: ='[15]Fuente Bortz y otros'!I27 -> 15.625 | CB27: ='[15]Tasas int'!$B27 -> 8 | CC27: ='[19]TCA B64'!$B27 -> 4.85 | CD27: =((CC27/CC26)-1)*100 -> -0.034352456 | CE27: =[19]TCA!$D27 -> 4.85 | CF27: =((CE27/CE26)-1)*100 -> 0 | CG27: ='[19]TCA B64'!$I27 -> 90.221918 | CH27: =((CG27/CG26)-1)*100 -> -2.412528 | CI27: =[19]TCA!$H27 -> 92.516807 | CJ27: =((CI27/CI26)-1)*100 -> 3.4757157 | CK27: =[22]SMIN!$E27 -> 1.52 | CL27: 1.15 | CM27: =[22]SMIN!$G27 -> 45.373134 | CN27: =(CM27/BV27)*100 -> 117.54661 | CO27: =[22]SIND!$B$19 -> 182.95902 | CP27: ='[15]Terminos de Int'!B27 -> 153.39753 | CQ27: ='[15]Terminos de Int'!C27 -> -8.7328767 | CR27: =[16]bp!G27 -> 12.3 | CS27: =[16]bp!H27 -> 272.5 | CT27: =[16]bp!I27 -> 207.5 | CU27: =[16]bp!J27 -> 59.2 | CV27: =[16]bp!K27 -> 5.8 | CW27: =[16]bp!L27 -> 0 | CX27: =[16]bp!M27 -> 260.2 | CY27: =[16]bp!N27 -> 172.2 | ... DG27: =[16]bp!V27 -> 0 | DH27: ='[18]Inv Ext'!B27 -> 5.543 | DI27: =(DH27/AR27)*100 -> 0.25169507 | DJ27: =((CT27+CY27)/AR27)*100 -> 17.241316 | DK27: =CT27-CY27 -> 35.3 | DL27: =(DK27/AR27)*100 -> 1.602893 | DM27: =((CT27/CT26)-1)*100 -> 17.563739 | DN27: =((CY27/CY26)-1)*100 -> -13.684211 | DO27: =(CR27/AR27)*100 -> 0.55851512 | DP27: =(DC27/AR27)*100 -> 0.82642075 | DQ27: - | DR27: =[20]GobFed!$X27 -> 447.6 | DS27: =[20]GobFed!$X96 -> 4.1906189 | DT27: =[20]GobFed!$AO27 -> 640.4 | DU27: =[20]GobFed!$AO96 -> 5.9956933 | DV27: =[20]GobFed!$BG27 -> -192.8 | DW27: =[20]GobFed!$BG96 -> -1.8050744 | DX27: - | DY27: - | DZ27: - | EA27: - | EB27: - | EC27: - | ED27: ='[20]Deuda Ext'!K27 -> 276.29856 | EE27: =(ED27/AR27)*100 -> 12.546091 | EG27: ='[21]Rec y Obligaciones'!$EA27 -> 1314 | EH27: =(EG27/AK27)*100 -> 12.302219 | EI27: =((EG27/EG26)-1)*100 -> 51.208285 | EJ27: ='[21]Rec y Obligaciones'!C27 -> 493 | EK27: =(EJ27/AK27)*100 -> 4.6156727 | EL27: =((EJ27/EJ26)-1)*100 -> 64.333333 | EM27: ='[21]Rec y Obligaciones'!$DE27+'[21]Rec y Obligaciones'!$DF27+'[21]Rec y Obligaciones'!$DG27 -> 821 | EN27: =(EM27/AK27)*100 -> 7.6865462 | EO27: =((EM27/EM26)-1)*100 -> 44.288225 | EP27: ='[21]Rec y Obligaciones'!$DF27 -> 593 | EQ27: =(EP27/AK27)*100 -> 5.5519146 | ER27: =((EP27/EP26)-1)*100 -> 30.61674 | ES27: ='[21]Rec y Obligaciones'!$DC27+'[21]Rec y Obligaciones'!$DD27 -> 95 | ET27: =(ES27/AK27)*100 -> 0.88942983 | EU27: =((ES27/ES26)-1)*100 -> 280 | EV27: ='[21]Rec y Obligaciones'!$DG27 -> 133 | EW27: =(EV27/AK27)*100 -> 1.2452018 | EX27: =((EV27/EV26)-1)*100 -> 47.777778 | EZ27: ='[21]Rec y Obligaciones'!$DS27 -> 2025 | FA27: =(EZ27/AK27)*100 -> 18.958899 | FB27: ='[21]Rec y Obligaciones'!$DF27+'[21]Rec y Obligaciones'!$DG27 -> 726 | FC27: =(FB27/AK27)*100 -> 6.7971164 | FD27: ='[21]Rec y Obligaciones'!$DH27+'[21]Rec y Obligaciones'!$DI27 -> 485 | FE27: =(FD27/AK27)*100 -> 4.5407733 | FF27: ='[21]Rec y Obligaciones'!$DL27+'[21]Rec y Obligaciones'!$DK27 -> 814 | FG27: =(FF27/AK27)*100 -> 7.6210093 | FH27: ='[21]Rec y Obligaciones'!$DH27 -> 154 | FI27: =(FH27/AK27)*100 -> 1.4418126 | FJ27: ='[21]Rec y Obligaciones'!$DK27 -> 21 | FK27: =(FJ27/AK27)*100 -> 0.1966108 | FL27: 1750 | FM27: =(FL27/AK27)*100 -> 16.384234 | FN27: =((FL27/FL26)-1)*100 -> 38.012618 | FO27: ='[21]Rec y Obligaciones'!DY27 -> 1445.6 | FP27: =(FO27/AK27)*100 -> 13.534313 | FQ27: =((FO27/FO26)-1)*100 -> 23.271084 | FR27: ='[21]Rec y Obligaciones'!$DZ27 -> 2000 | FS27: =(FR27/AK27)*100 -> 18.724838 | FT27: =((FR27/FR26)-1)*100 -> 42.857143 | FU27: =FL27/EG27 -> 1.3318113 | FV27: =(FL27/AK27)*100 -> 16.384234 | FW27: =AK27/FL27 -> 6.1034286 | FX27: - | FY27: - | FZ27: - | GA27: - | GB27: - | GC27: - | GD27: - | GE27: - | GF27: ='[21]Reservas Int'!C27 -> 108.3 | GG27: =(GF27/(AR27))*100 -> 4.9176575 | GH27: =GF27-GF26 -> 46 | GI27: =(GH27/AR27)*100 -> 2.0887557 | GJ27: =(GF27*CE27) -> 525.255 | GK27: =((GJ27/GJ26)-1)*100 -> 73.836276 | GL27: =GF27/(CY27/12) -> 7.5470383
A28: 1943 | B28: ='[14]EU Pob'!C28 -> 136739000 | C28: ='[14]EU PIB'!B28 -> 2178.39 | D28: ='[14]EU PIB'!C28 -> 17 | E28: ='[14]EU PIB'!D28 -> 203.084 | F28: ='[14]EU PIB'!E28 -> 4.5732544 | G28: ='[14]EU PIB'!F28 -> 9.3226649 | H28: ='[14]EU PIB'!G28 -> 4.5732544 | I28: ='[14]EU PIB'!H28 -> 1485.1944 | J28: ='[14]EU INF A'!$J28 -> 65.041146 | K28: =((J28/J27)-1)*100 -> 4.5053869 | L28: ='[14]EU INF A'!$L28 -> 65.102103 | M28: =((L28/L27)-1)*100 -> 2.2988506 | N28: ='[14]EU INF A'!$F28 -> 71.918283 | O28: =((N28/N27)-1)*100 -> 5.9693878 | P28: ='[14]EU INF A'!$H28 -> 69.6 | Q28: =((P28/P27)-1)*100 -> 2.9585799 | R28: - | S28: - | T28: ='[14]EU tasas'!D28 -> 0.38 | U28: ='[14]EU tasas'!E28 -> 0.38 | V28: ='[14]EU Bal Fis'!B28 -> -26.86066 | W28: ='[14]UK Pet'!B87 -> 1.2 | X28: ='[14]UK Pet'!C87 -> 0.84033613 | Y28: =[17]POBLACIÓN!$E28 -> 21322624 | Z28: =((Y28/Y27)-1)*100 -> 2.7552293 | AA28: =[17]POBLACIÓN!$F28 -> 7929483.5 | AB28: =(AA28/Y28)*100 -> 37.188122 | AC28: =[17]POBLACIÓN!$G28 -> 13393141 | AD28: =(AC28/Y28)*100 -> 62.811878 | AE28: =[17]POBLACIÓN!$M28 -> 6497034.9 | AF28: =(AE28/Y28)*100 -> 30.470147 | AG28: =[18]PIB!D28 -> 28404.33 | AH28: =[18]PIB!E28 -> 3.7034752 | AI28: =[18]PIB!H28 -> 45.89089 | AJ28: =[18]PIB!I28 -> 17.680854 | AK28: =[18]PIB!B28 -> 13035 | AL28: =[18]PIB!C28 -> 22.039135 | AM28: =(AG28*1000)/AE28 -> 4.3718913 | AN28: ='[18]PIB POT'!F28 -> 28822.989 | AO28: ='[18]PIB POT'!G28 -> 68.815417 | AP28: ='[18]PIB POT'!H28 -> 5.1995364 | AQ28: =(((1+(AH28/100))/(1+(AP28/100)))-1)*100 -> -1.4221176 | AR28: =(AK28)/CC28 -> 2684.861 | AS28: =((AR28/AR27)-1)*100 -> 21.913451 | AT28: =(AR28*1000000)/Y28 -> 125.91607 | AU28: =((AT28/AT27)-1)*100 -> 18.644522 | AV28: =(BL28+BK28)/AH28 -> 2.6620514 | AW28: 1.38 | AX28: ='[18]Inv Nom'!C28 -> 1285.1 | AY28: =((AX28/AX27)-1)*100 -> 26.424004 | AZ28: ='[18]Inv Nom'!D28 -> 659 | BA28: =((AZ28/AZ27)-1)*100 -> 25.763359 | BB28: ='[18]Inv Nom'!E28 -> 626.1 | BC28: =((BB28/BB27)-1)*100 -> 27.126904 | BD28: =(AX28/AK28)*100 -> 9.8588416 | BE28: =DO28 -> 4.0895972 | BF28: =BD28-BE28 -> 5.7692443 | BG28: =BF28-BH28 -> 0.76272344 | BH28: =BJ28+BK28 -> 5.0065209 | BI28: =BG28-BL28 -> -4.292896 | BJ28: =DW28 -> 0.20329881 | BK28: =(BB28/AK28)*100 -> 4.8032221 | BL28: =(AZ28/AK28)*100 -> 5.0556195 | BM28: - | BN28: - | BO28: - | BP28: - | BQ28: - | BR28: - | BS28: - | BT28: - | BU28: - | BV28: ='[15]Precios M Anual'!B28 -> 46.630591 | BW28: =((BV28/BV27)-1)*100 -> 20.804256 | BX28: ='[15]Precios M Anual'!D28 -> 46.371992 | BY28: =((BX28/BX27)-1)*100 -> 24.582339 | BZ28: ='[15]Fuente Bortz y otros'!G28 -> 44.444444 | CA28: ='[15]Fuente Bortz y otros'!I28 -> 29.72973 | CB28: ='[15]Tasas int'!$B28 -> 8 | CC28: ='[19]TCA B64'!$B28 -> 4.855 | CD28: =((CC28/CC27)-1)*100 -> 0.10309278 | CE28: =[19]TCA!$D28 -> 4.86 | CF28: =((CE28/CE27)-1)*100 -> 0.20618557 | CG28: ='[19]TCA B64'!$I28 -> 104.1857 | CH28: =((CG28/CG27)-1)*100 -> 15.477152 | CI28: =[19]TCA!$H28 -> 112.43767 | CJ28: =((CI28/CI27)-1)*100 -> 21.532154 | CK28: =[22]SMIN!$E28 -> 1.52 | CL28: 1.15 | CM28: =[22]SMIN!$G28 -> 45.373134 | CN28: =(CM28/BV28)*100 -> 97.303366 | CO28: =[22]SIND!$B$19 -> 182.95902 | CP28: ='[15]Terminos de Int'!B28 -> 131.32876 | CQ28: ='[15]Terminos de Int'!C28 -> -14.386655 | CR28: =[16]bp!G28 -> 109.8 | CS28: =[16]bp!H28 -> 410.1 | CT28: =[16]bp!I28 -> 291.6 | CU28: =[16]bp!J28 -> 73 | CV28: =[16]bp!K28 -> 9.2 | CW28: =[16]bp!L28 -> 36.3 | CX28: =[16]bp!M28 -> 300.3 | CY28: =[16]bp!N28 -> 212.2 | ... DG28: =[16]bp!V28 -> 0 | DH28: ='[18]Inv Ext'!B28 -> 8.929 | DI28: =(DH28/AR28)*100 -> 0.33256843 | DJ28: =((CT28+CY28)/AR28)*100 -> 18.764473 | DK28: =CT28-CY28 -> 79.4 | DL28: =(DK28/AR28)*100 -> 2.9573226 | DM28: =((CT28/CT27)-1)*100 -> 40.53012 | DN28: =((CY28/CY27)-1)*100 -> 23.228804 | DO28: =(CR28/AR28)*100 -> 4.0895972 | DP28: =(DC28/AR28)*100 -> -0.17505562 | DQ28: - | DR28: =[20]GobFed!$X28 -> 732.9 | DS28: =[20]GobFed!$X97 -> 5.6225547 | DT28: =[20]GobFed!$AO28 -> 706.4 | DU28: =[20]GobFed!$AO97 -> 5.4192558 | DV28: =[20]GobFed!$BG28 -> 26.5 | DW28: =[20]GobFed!$BG97 -> 0.20329881 | DX28: - | DY28: - | DZ28: - | EA28: - | EB28: - | EC28: - | ED28: ='[20]Deuda Ext'!K28 -> 49.563749 | EE28: =(ED28/AR28)*100 -> 1.8460453 | EG28: ='[21]Rec y Obligaciones'!$EA28 -> 2052 | EH28: =(EG28/AK28)*100 -> 15.742232 | EI28: =((EG28/EG27)-1)*100 -> 56.164384 | EJ28: ='[21]Rec y Obligaciones'!C28 -> 1174 | EK28: =(EJ28/AK28)*100 -> 9.0065209 | EL28: =((EJ28/EJ27)-1)*100 -> 138.13387 | EM28: ='[21]Rec y Obligaciones'!$DE28+'[21]Rec y Obligaciones'!$DF28+'[21]Rec y Obligaciones'!$DG28 -> 878 | EN28: =(EM28/AK28)*100 -> 6.7357115 | EO28: =((EM28/EM27)-1)*100 -> 6.9427527 | EP28: ='[21]Rec y Obligaciones'!$DF28 -> 531 | EQ28: =(EP28/AK28)*100 -> 4.0736479 | ER28: =((EP28/EP27)-1)*100 -> -10.455312 | ES28: ='[21]Rec y Obligaciones'!$DC28+'[21]Rec y Obligaciones'!$DD28 -> 145 | ET28: =(ES28/AK28)*100 -> 1.1123897 | EU28: =((ES28/ES27)-1)*100 -> 52.631579 | EV28: ='[21]Rec y Obligaciones'!$DG28 -> 202 | EW28: =(EV28/AK28)*100 -> 1.549674 | EX28: =((EV28/EV27)-1)*100 -> 51.879699 | EZ28: ='[21]Rec y Obligaciones'!$DS28 -> 2426 | FA28: =(EZ28/AK28)*100 -> 18.611431 | FB28: ='[21]Rec y Obligaciones'!$DF28+'[21]Rec y Obligaciones'!$DG28 -> 733 | FC28: =(FB28/AK28)*100 -> 5.6233218 | FD28: ='[21]Rec y Obligaciones'!$DH28+'[21]Rec y Obligaciones'!$DI28 -> 663 | FE28: =(FD28/AK28)*100 -> 5.0863061 | FF28: ='[21]Rec y Obligaciones'!$DL28+'[21]Rec y Obligaciones'!$DK28 -> 1030 | FG28: =(FF28/AK28)*100 -> 7.9018028 | FH28: ='[21]Rec y Obligaciones'!$DH28 -> 199 | FI28: =(FH28/AK28)*100 -> 1.526659 | FJ28: ='[21]Rec y Obligaciones'!$DK28 -> 35 | FK28: =(FJ28/AK28)*100 -> 0.26850786 | FL28: 2672 | FM28: =(FL28/AK28)*100 -> 20.498657 | FN28: =((FL28/FL27)-1)*100 -> 52.685714 | FO28: ='[21]Rec y Obligaciones'!DY28 -> 2247.3 | FP28: =(FO28/AK28)*100 -> 17.240506 | FQ28: =((FO28/FO27)-1)*100 -> 55.457941 | FR28: ='[21]Rec y Obligaciones'!$DZ28 -> 3000 | FS28: =(FR28/AK28)*100 -> 23.01496 | FT28: =((FR28/FR27)-1)*100 -> 50 | FU28: =FL28/EG28 -> 1.3021442 | FV28: =(FL28/AK28)*100 -> 20.498657 | FW28: =AK28/FL28 -> 4.8783683 | FX28: - | FY28: - | FZ28: - | GA28: - | GB28: - | GC28: - | GD28: - | GE28: - | GF28: ='[21]Reservas Int'!C28 -> 242.5 | GG28: =(GF28/(AR28))*100 -> 9.032125 | GH28: =GF28-GF27 -> 134.2 | GI28: =(GH28/AR28)*100 -> 4.9983966 | GJ28: =(GF28*CE28) -> 1178.55 | GK28: =((GJ28/GJ27)-1)*100 -> 124.37673 | GL28: =GF28/(CY28/12) -> 13.713478
A29: 1944 | B29: ='[14]EU Pob'!C29 -> 138397000 | C29: ='[14]EU PIB'!B29 -> 2351.627 | D29: ='[14]EU PIB'!C29 -> 8 | E29: ='[14]EU PIB'!D29 -> 224.447 | F29: ='[14]EU PIB'!E29 -> 2.3776822 | G29: ='[14]EU PIB'!F29 -> 9.5443282 | H29: ='[14]EU PIB'!G29 -> 2.3776822 | I29: ='[14]EU PIB'!H29 -> 1621.762 | J29: ='[14]EU INF A'!$J29 -> 65.498324 | K29: =((J29/J28)-1)*100 -> 0.70290534 | L29: ='[14]EU INF A'!$L29 -> 65.833587 | M29: =((L29/L28)-1)*100 -> 1.1235955 | N29: ='[14]EU INF A'!$F29 -> 73.095568 | O29: =((N29/N28)-1)*100 -> 1.6369764 | P29: ='[14]EU INF A'!$H29 -> 71.2 | Q29: =((P29/P28)-1)*100 -> 2.2988506 | R29: - | S29: - | T29: ='[14]EU tasas'!D29 -> 0.38 | U29: ='[14]EU tasas'!E29 -> 0.38 | V29: ='[14]EU Bal Fis'!B29 -> -21.17409 | W29: ='[14]UK Pet'!B88 -> 1.21 | X29: ='[14]UK Pet'!C88 -> 0.83333333 | Y29: =[17]POBLACIÓN!$E29 -> 21910111 | Z29: =((Y29/Y28)-1)*100 -> 2.7552293 | AA29: =[17]POBLACIÓN!$F29 -> 8307273 | AB29: =(AA29/Y29)*100 -> 37.915248 | AC29: =[17]POBLACIÓN!$G29 -> 13602838 | AD29: =(AC29/Y29)*100 -> 62.084752 | AE29: =[17]POBLACIÓN!$M29 -> 6725134 | AF29: =(AE29/Y29)*100 -> 30.694203 | AG29: =[18]PIB!D29 -> 30723.01 | AH29: =[18]PIB!E29 -> 8.1631196 | AI29: =[18]PIB!H29 -> 61.195176 | AJ29: =[18]PIB!I29 -> 33.34929 | AK29: =[18]PIB!B29 -> 18801 | AL29: =[18]PIB!C29 -> 44.234753 | AM29: =(AG29*1000)/AE29 -> 4.5683863 | AN29: ='[18]PIB POT'!F29 -> 30335.017 | AO29: ='[18]PIB POT'!G29 -> 72.425412 | AP29: ='[18]PIB POT'!H29 -> 5.2459104 | AQ29: =(((1+(AH29/100))/(1+(AP29/100)))-1)*100 -> 2.7718029 | AR29: =(AK29)/CC29 -> 3873.8324 | AS29: =((AR29/AR28)-1)*100 -> 44.284284 | AT29: =(AR29*1000000)/Y29 -> 176.80569 | AU29: =((AT29/AT28)-1)*100 -> 40.415514 | AV29: =(BL29+BK29)/AH29 -> 1.1334107 | AW29: 1.38 | AX29: ='[18]Inv Nom'!C29 -> 1739.5 | AY29: =((AX29/AX28)-1)*100 -> 35.359116 | AZ29: ='[18]Inv Nom'!D29 -> 1016 | BA29: =((AZ29/AZ28)-1)*100 -> 54.172989 | BB29: ='[18]Inv Nom'!E29 -> 723.5 | BC29: =((BB29/BB28)-1)*100 -> 15.55662 | BD29: =(AX29/AK29)*100 -> 9.2521674 | BE29: =DO29 -> 0.84412531 | BF29: =BD29-BE29 -> 8.4080421 | BG29: =BF29-BH29 -> 4.7858944 | BH29: =BJ29+BK29 -> 3.6221478 | BI29: =BG29-BL29 -> -0.61807351 | BJ29: =DW29 -> -0.22605181 | BK29: =(BB29/AK29)*100 -> 3.8481996 | BL29: =(AZ29/AK29)*100 -> 5.4039679 | BM29: - | BN29: - | BO29: - | BP29: - | BQ29: - | BR29: - | BS29: - | BT29: - | BU29: - | BV29: ='[15]Precios M Anual'!B29 -> 57.128075 | BW29: =((BV29/BV28)-1)*100 -> 22.512011 | BX29: ='[15]Precios M Anual'!D29 -> 55.610856 | BY29: =((BX29/BX28)-1)*100 -> 19.923372 | BZ29: ='[15]Fuente Bortz y otros'!G29 -> 56.481481 | CA29: ='[15]Fuente Bortz y otros'!I29 -> 27.083333 | CB29: ='[15]Tasas int'!$B29 -> 8 | CC29: ='[19]TCA B64'!$B29 -> 4.8533333 | CD29: =((CC29/CC28)-1)*100 -> -0.034328871 | CE29: =[19]TCA!$D29 -> 4.85 | CF29: =((CE29/CE28)-1)*100 -> -0.20576132 | CG29: ='[19]TCA B64'!$I29 -> 126.7926 | CH29: =((CG29/CG28)-1)*100 -> 21.698656 | CI29: =[19]TCA!$H29 -> 133.61576 | CJ29: =((CI29/CI28)-1)*100 -> 18.835407 | CK29: =[22]SMIN!$E29 -> 1.9 | CL29: 1.15 | CM29: =[22]SMIN!$G29 -> 56.716418 | CN29: =(CM29/BV29)*100 -> 99.279414 | CO29: =[22]SIND!$B$19 -> 182.95902 | CP29: ='[15]Terminos de Int'!B29 -> 115.51923 | CQ29: ='[15]Terminos de Int'!C29 -> -12.038134 | CR29: =[16]bp!G29 -> 32.7 | CS29: =[16]bp!H29 -> 432.2 | CT29: =[16]bp!I29 -> 283.7 | CU29: =[16]bp!J29 -> 86 | CV29: =[16]bp!K29 -> 12.1 | CW29: =[16]bp!L29 -> 50.4 | CX29: =[16]bp!M29 -> 399.5 | CY29: =[16]bp!N29 -> 311 | ... DG29: =[16]bp!V29 -> 0 | DH29: ='[18]Inv Ext'!B29 -> 39.911 | DI29: =(DH29/AR29)*100 -> 1.0302717 | DJ29: =((CT29+CY29)/AR29)*100 -> 15.351722 | DK29: =CT29-CY29 -> -27.3 | DL29: =(DK29/AR29)*100 -> -0.70472847 | DM29: =((CT29/CT28)-1)*100 -> -2.7091907 | DN29: =((CY29/CY28)-1)*100 -> 46.559849 | DO29: =(CR29/AR29)*100 -> 0.84412531 | DP29: =(DC29/AR29)*100 -> 0.73570555 | DQ29: - | DR29: =[20]GobFed!$X29 -> 1093.4 | DS29: =[20]GobFed!$X98 -> 5.8156481 | DT29: =[20]GobFed!$AO29 -> 1135.9 | DU29: =[20]GobFed!$AO98 -> 6.0416999 | DV29: =[20]GobFed!$BG29 -> -42.5 | DW29: =[20]GobFed!$BG98 -> -0.22605181 | DX29: - | DY29: - | DZ29: - | EA29: - | EB29: - | EC29: - | ED29: ='[20]Deuda Ext'!K29 -> 49.580769 | EE29: =(ED29/AR29)*100 -> 1.2798894 | EG29: ='[21]Rec y Obligaciones'!$EA29 -> 2605 | EH29: =(EG29/AK29)*100 -> 13.855646 | EI29: =((EG29/EG28)-1)*100 -> 26.949318 | EJ29: ='[21]Rec y Obligaciones'!C29 -> 1357 | EK29: =(EJ29/AK29)*100 -> 7.2177012 | EL29: =((EJ29/EJ28)-1)*100 -> 15.587734 | EM29: ='[21]Rec y Obligaciones'!$DE29+'[21]Rec y Obligaciones'!$DF29+'[21]Rec y Obligaciones'!$DG29 -> 1248 | EN29: =(EM29/AK29)*100 -> 6.6379448 | EO29: =((EM29/EM28)-1)*100 -> 42.14123 | EP29: ='[21]Rec y Obligaciones'!$DF29 -> 616 | EQ29: =(EP29/AK29)*100 -> 3.2764215 | ER29: =((EP29/EP28)-1)*100 -> 16.007533 | ES29: ='[21]Rec y Obligaciones'!$DC29+'[21]Rec y Obligaciones'!$DD29 -> 196 | ET29: =(ES29/AK29)*100 -> 1.0424977 | EU29: =((ES29/ES28)-1)*100 -> 35.172414 | EV29: ='[21]Rec y Obligaciones'!$DG29 -> 436 | EW29: =(EV29/AK29)*100 -> 2.3190256 | EX29: =((EV29/EV28)-1)*100 -> 115.84158 | EZ29: ='[21]Rec y Obligaciones'!$DS29 -> 3252 | FA29: =(EZ29/AK29)*100 -> 17.296952 | FB29: ='[21]Rec y Obligaciones'!$DF29+'[21]Rec y Obligaciones'!$DG29 -> 1052 | FC29: =(FB29/AK29)*100 -> 5.5954471 | FD29: ='[21]Rec y Obligaciones'!$DH29+'[21]Rec y Obligaciones'!$DI29 -> 765 | FE29: =(FD29/AK29)*100 -> 4.0689325 | FF29: ='[21]Rec y Obligaciones'!$DL29+'[21]Rec y Obligaciones'!$DK29 -> 1435 | FG29: =(FF29/AK29)*100 -> 7.6325727 | FH29: ='[21]Rec y Obligaciones'!$DH29 -> 251 | FI29: =(FH29/AK29)*100 -> 1.3350354 | FJ29: ='[21]Rec y Obligaciones'!$DK29 -> 73 | FK29: =(FJ29/AK29)*100 -> 0.38827722 | FL29: 3309 | FM29: =(FL29/AK29)*100 -> 17.600128 | FN29: =((FL29/FL28)-1)*100 -> 23.83982 | FO29: ='[21]Rec y Obligaciones'!DY29 -> 2982.7 | FP29: =(FO29/AK29)*100 -> 15.864582 | FQ29: =((FO29/FO28)-1)*100 -> 32.723713 | FR29: ='[21]Rec y Obligaciones'!$DZ29 -> 3900 | FS29: =(FR29/AK29)*100 -> 20.743577 | FT29: =((FR29/FR28)-1)*100 -> 30 | FU29: =FL29/EG29 -> 1.2702495 | FV29: =(FL29/AK29)*100 -> 17.600128 | FW29: =AK29/FL29 -> 5.681777 | FX29: - | FY29: - | FZ29: - | GA29: - | GB29: - | GC29: - | GD29: - | GE29: - | GF29: ='[21]Reservas Int'!C29 -> 279.5 | GG29: =(GF29/(AR29))*100 -> 7.2150772 | GH29: =GF29-GF28 -> 37 | GI29: =(GH29/AR29)*100 -> 0.9551265 | GJ29: =(GF29*CE29) -> 1355.575 | GK29: =((GJ29/GJ28)-1)*100 -> 15.020576 | GL29: =GF29/(CY29/12) -> 10.784566
A30: 1945 | B30: ='[14]EU Pob'!C30 -> 139928000 | C30: ='[14]EU PIB'!B30 -> 2328.626 | D30: ='[14]EU PIB'!C30 -> -1 | E30: ='[14]EU PIB'!D30 -> 228.007 | F30: ='[14]EU PIB'!E30 -> 2.5895373 | G30: ='[14]EU PIB'!F30 -> 9.7914822 | H30: ='[14]EU PIB'!G30 -> 2.5895373 | I30: ='[14]EU PIB'!H30 -> 1629.4594 | J30: ='[14]EU INF A'!$J30 -> 66.656507 | K30: =((J30/J29)-1)*100 -> 1.7682643 | L30: ='[14]EU INF A'!$L30 -> 67.296556 | M30: =((L30/L29)-1)*100 -> 2.2222222 | N30: ='[14]EU INF A'!$F30 -> 74.757618 | O30: =((N30/N29)-1)*100 -> 2.2738039 | P30: ='[14]EU INF A'!$H30 -> 72.8 | Q30: =((P30/P29)-1)*100 -> 2.247191 | R30: - | S30: - | T30: ='[14]EU tasas'!D30 -> 0.38 | U30: ='[14]EU tasas'!E30 -> 0.38 | V30: ='[14]EU Bal Fis'!B30 -> -20.8383 | W30: ='[14]UK Pet'!B89 -> 1.05 | X30: ='[14]UK Pet'!C89 -> -13.22314 | Y30: =[17]POBLACIÓN!$E30 -> 22513785 | Z30: =((Y30/Y29)-1)*100 -> 2.7552293 | AA30: =[17]POBLACIÓN!$F30 -> 8703061.8 | AB30: =(AA30/Y30)*100 -> 38.656591 | AC30: =[17]POBLACIÓN!$G30 -> 13810723 | AD30: =(AC30/Y30)*100 -> 61.343409 | AE30: =[17]POBLACIÓN!$M30 -> 6961241.3 | AF30: =(AE30/Y30)*100 -> 30.919906 | AG30: =[18]PIB!D30 -> 31688.056 | AH30: =[18]PIB!E30 -> 3.1411194 | AI30: =[18]PIB!H30 -> 64.901425 | AJ30: =[18]PIB!I30 -> 6.0564391 | AK30: =[18]PIB!B30 -> 20566 | AL30: =[18]PIB!C30 -> 9.3877985 | AM30: =(AG30*1000)/AE30 -> 4.5520698 | AN30: ='[18]PIB POT'!F30 -> 31946.019 | AO30: ='[18]PIB POT'!G30 -> 76.271708 | AP30: ='[18]PIB POT'!H30 -> 5.3106989 | AQ30: =(((1+(AH30/100))/(1+(AP30/100)))-1)*100 -> -2.06017 | AR30: =(AK30)/CC30 -> 4236.7725 | AS30: =((AR30/AR29)-1)*100 -> 9.3690195 | AT30: =(AR30*1000000)/Y30 -> 188.1857 | AU30: =((AT30/AT29)-1)*100 -> 6.4364512 | AV30: =(BL30+BK30)/AH30 -> 3.5612859 | AW30: 1.38 | AX30: ='[18]Inv Nom'!C30 -> 2300.6 | AY30: =((AX30/AX29)-1)*100 -> 32.256396 | AZ30: ='[18]Inv Nom'!D30 -> 1348 | BA30: =((AZ30/AZ29)-1)*100 -> 32.677165 | BB30: ='[18]Inv Nom'!E30 -> 952.6 | BC30: =((BB30/BB29)-1)*100 -> 31.665515 | BD30: =(AX30/AK30)*100 -> 11.186424 | BE30: =DO30 -> 0.52162347 | BF30: =BD30-BE30 -> 10.664801 | BG30: =BF30-BH30 -> 6.7564082 | BH30: =BJ30+BK30 -> 3.9083925 | BI30: =BG30-BL30 -> 0.20190079 | BJ30: =DW30 -> -0.72352426 | BK30: =(BB30/AK30)*100 -> 4.6319168 | BL30: =(AZ30/AK30)*100 -> 6.5545074 | BM30: - | BN30: - | BO30: - | BP30: - | BQ30: - | BR30: - | BS30: - | BT30: - | BU30: - | BV30: ='[15]Precios M Anual'!B30 -> 63.587654 | BW30: =((BV30/BV29)-1)*100 -> 11.30719 | BX30: ='[15]Precios M Anual'!D30 -> 61.62204 | BY30: =((BX30/BX29)-1)*100 -> 10.809372 | BZ30: ='[15]Fuente Bortz y otros'!G30 -> 60.185185 | CA30: ='[15]Fuente Bortz y otros'!I30 -> 6.557377 | CB30: ='[15]Tasas int'!$B30 -> 8 | CC30: ='[19]TCA B64'!$B30 -> 4.8541667 | CD30: =((CC30/CC29)-1)*100 -> 0.01717033 | CE30: =[19]TCA!$D30 -> 4.85 | CF30: =((CE30/CE29)-1)*100 -> 0 | CG30: ='[19]TCA B64'!$I30 -> 138.65329 | CH30: =((CG30/CG29)-1)*100 -> 9.3544061 | CI30: =[19]TCA!$H30 -> 144.84012 | CJ30: =((CI30/CI29)-1)*100 -> 8.4004723 | CK30: =[22]SMIN!$E30 -> 1.9 | CL30: 1.15 | CM30: =[22]SMIN!$G30 -> 56.716418 | CN30: =(CM30/BV30)*100 -> 89.194072 | CO30: =[22]SIND!$B$19 -> 182.95902 | CP30: ='[15]Terminos de Int'!B30 -> 105.52594 | CQ30: ='[15]Terminos de Int'!C30 -> -8.6507584 | CR30: =[16]bp!G30 -> 22.1 | CS30: =[16]bp!H30 -> 500.7 | CT30: =[16]bp!I30 -> 320.8 | CU30: =[16]bp!J30 -> 110.7 | CV30: =[16]bp!K30 -> 14.1 | CW30: =[16]bp!L30 -> 55.1 | CX30: =[16]bp!M30 -> 478.6 | CY30: =[16]bp!N30 -> 372.5 | ... DG30: =[16]bp!V30 -> 0 | DH30: ='[18]Inv Ext'!B30 -> 46.004 | DI30: =(DH30/AR30)*100 -> 1.0858265 | DJ30: =((CT30+CY30)/AR30)*100 -> 16.363871 | DK30: =CT30-CY30 -> -51.7 | DL30: =(DK30/AR30)*100 -> -1.2202685 | DM30: =((CT30/CT29)-1)*100 -> 13.077194 | DN30: =((CY30/CY29)-1)*100 -> 19.77492 | DO30: =(CR30/AR30)*100 -> 0.52162347 | DP30: =(DC30/AR30)*100 -> 0.17938183 | DQ30: - | DR30: =[20]GobFed!$X30 -> 1052.8 | DS30: =[20]GobFed!$X99 -> 5.1191287 | DT30: =[20]GobFed!$AO30 -> 1201.6 | DU30: =[20]GobFed!$AO99 -> 5.8426529 | DV30: =[20]GobFed!$BG30 -> -148.8 | DW30: =[20]GobFed!$BG99 -> -0.72352426 | DX30: - | DY30: - | DZ30: - | EA30: - | EB30: - | EC30: - | ED30: ='[20]Deuda Ext'!K30 -> 49.572258 | EE30: =(ED30/AR30)*100 -> 1.1700477 | EG30: ='[21]Rec y Obligaciones'!$EA30 -> 3309 | EH30: =(EG30/AK30)*100 -> 16.089663 | EI30: =((EG30/EG29)-1)*100 -> 27.024952 | EJ30: ='[21]Rec y Obligaciones'!C30 -> 1801 | EK30: =(EJ30/AK30)*100 -> 8.757172 | EL30: =((EJ30/EJ29)-1)*100 -> 32.719234 | EM30: ='[21]Rec y Obligaciones'!$DE30+'[21]Rec y Obligaciones'!$DF30+'[21]Rec y Obligaciones'!$DG30 -> 1508 | EN30: =(EM30/AK30)*100 -> 7.3324905 | EO30: =((EM30/EM29)-1)*100 -> 20.833333 | EP30: ='[21]Rec y Obligaciones'!$DF30 -> 693 | EQ30: =(EP30/AK30)*100 -> 3.3696392 | ER30: =((EP30/EP29)-1)*100 -> 12.5 | ES30: ='[21]Rec y Obligaciones'!$DC30+'[21]Rec y Obligaciones'!$DD30 -> 341 | ET30: =(ES30/AK30)*100 -> 1.6580764 | EU30: =((ES30/ES29)-1)*100 -> 73.979592 | EV30: ='[21]Rec y Obligaciones'!$DG30 -> 474 | EW30: =(EV30/AK30)*100 -> 2.3047749 | EX30: =((EV30/EV29)-1)*100 -> 8.7155963 | EZ30: ='[21]Rec y Obligaciones'!$DS30 -> 4077 | FA30: =(EZ30/AK30)*100 -> 19.823981 | FB30: ='[21]Rec y Obligaciones'!$DF30+'[21]Rec y Obligaciones'!$DG30 -> 1167 | FC30: =(FB30/AK30)*100 -> 5.6744141 | FD30: ='[21]Rec y Obligaciones'!$DH30+'[21]Rec y Obligaciones'!$DI30 -> 1060 | FE30: =(FD30/AK30)*100 -> 5.1541379 | FF30: ='[21]Rec y Obligaciones'!$DL30+'[21]Rec y Obligaciones'!$DK30 -> 1850 | FG30: =(FF30/AK30)*100 -> 8.9954293 | FH30: ='[21]Rec y Obligaciones'!$DH30 -> 293 | FI30: =(FH30/AK30)*100 -> 1.4246815 | FJ30: ='[21]Rec y Obligaciones'!$DK30 -> 153 | FK30: =(FJ30/AK30)*100 -> 0.74394632 | FL30: 3539 | FM30: =(FL30/AK30)*100 -> 17.208013 | FN30: =((FL30/FL29)-1)*100 -> 6.9507404 | FO30: ='[21]Rec y Obligaciones'!DY30 -> 3534.7 | FP30: =(FO30/AK30)*100 -> 17.187105 | FQ30: =((FO30/FO29)-1)*100 -> 18.506722 | FR30: ='[21]Rec y Obligaciones'!$DZ30 -> 4400 | FS30: =(FR30/AK30)*100 -> 21.394535 | FT30: =((FR30/FR29)-1)*100 -> 12.820513 | FU30: =FL30/EG30 -> 1.0695074 | FV30: =(FL30/AK30)*100 -> 17.208013 | FW30: =AK30/FL30 -> 5.8112461 | FX30: - | FY30: - | FZ30: - | GA30: - | GB30: - | GC30: - | GD30: - | GE30: - | GF30: ='[21]Reservas Int'!C30 -> 372.7 | GG30: =(GF30/(AR30))*100 -> 8.7967904 | GH30: =GF30-GF29 -> 93.2 | GI30: =(GH30/AR30)*100 -> 2.1997877 | GJ30: =(GF30*CE30) -> 1807.595 | GK30: =((GJ30/GJ29)-1)*100 -> 33.345259 | GL30: =GF30/(CY30/12) -> 12.006443
A31: 1946 | B31: ='[14]EU Pob'!C31 -> 141389000 | C31: ='[14]EU PIB'!B31 -> 2058.375 | D31: ='[14]EU PIB'!C31 -> -11.6 | E31: ='[14]EU PIB'!D31 -> 227.535 | F31: ='[14]EU PIB'!E31 -> 12.895147 | G31: ='[14]EU PIB'!F31 -> 11.054108 | H31: ='[14]EU PIB'!G31 -> 12.895147 | I31: ='[14]EU PIB'!H31 -> 1609.2836 | J31: ='[14]EU INF A'!$J31 -> 76.135325 | K31: =((J31/J30)-1)*100 -> 14.220393 | L31: ='[14]EU INF A'!$L31 -> 88.875343 | M31: =((L31/L30)-1)*100 -> 32.065217 | N31: ='[14]EU INF A'!$F31 -> 81.094183 | O31: =((N31/N30)-1)*100 -> 8.4761464 | P31: ='[14]EU INF A'!$H31 -> 86 | Q31: =((P31/P30)-1)*100 -> 18.131868 | R31: - | S31: - | T31: ='[14]EU tasas'!D31 -> 0.38 | U31: ='[14]EU tasas'!E31 -> 0.38 | V31: ='[14]EU Bal Fis'!B31 -> -6.99561 | W31: ='[14]UK Pet'!B90 -> 1.12 | X31: ='[14]UK Pet'!C90 -> 6.6666667 | Y31: =[17]POBLACIÓN!$E31 -> 23134092 | Z31: =((Y31/Y30)-1)*100 -> 2.7552293 | AA31: =[17]POBLACIÓN!$F31 -> 9117707.4 | AB31: =(AA31/Y31)*100 -> 39.412429 | AC31: =[17]POBLACIÓN!$G31 -> 14016384 | AD31: =(AC31/Y31)*100 -> 60.587571 | AE31: =[17]POBLACIÓN!$M31 -> 7205637.9 | AF31: =(AE31/Y31)*100 -> 31.14727 | AG31: =[18]PIB!D31 -> 33770.543 | AH31: =[18]PIB!E31 -> 6.5718338 | AI31: =[18]PIB!H31 -> 82.705215 | AJ31: =[18]PIB!I31 -> 27.432049 | AK31: =[18]PIB!B31 -> 27930 | AL31: =[18]PIB!C31 -> 35.806671 | AM31: =(AG31*1000)/AE31 -> 4.6866833 | AN31: ='[18]PIB POT'!F31 -> 33662.414 | AO31: ='[18]PIB POT'!G31 -> 80.369632 | AP31: ='[18]PIB POT'!H31 -> 5.3727979 | AQ31: =(((1+(AH31/100))/(1+(AP31/100)))-1)*100 -> 1.1378988 | AR31: =(AK31)/CC31 -> 5748.8851 | AS31: =((AR31/AR30)-1)*100 -> 35.690199 | AT31: =(AR31*1000000)/Y31 -> 248.50274 | AU31: =((AT31/AT30)-1)*100 -> 32.051867 | AV31: =(BL31+BK31)/AH31 -> 1.7905074 | AW31: 1.38 | AX31: ='[18]Inv Nom'!C31 -> 3286.5 | AY31: =((AX31/AX30)-1)*100 -> 42.854038 | AZ31: ='[18]Inv Nom'!D31 -> 2156 | BA31: =((AZ31/AZ30)-1)*100 -> 59.940653 | BB31: ='[18]Inv Nom'!E31 -> 1130.5 | BC31: =((BB31/BB30)-1)*100 -> 18.675205 | BD31: =(AX31/AK31)*100 -> 11.766917 | BE31: =DO31 -> -2.7831483 | BF31: =BD31-BE31 -> 14.550066 | BG31: =BF31-BH31 -> 10.488125 | BH31: =BJ31+BK31 -> 4.0619406 | BI31: =BG31-BL31 -> 2.7688268 | BJ31: =DW31 -> 0.014321518 | BK31: =(BB31/AK31)*100 -> 4.047619 | BL31: =(AZ31/AK31)*100 -> 7.7192982 | BM31: - | BN31: - | BO31: - | BP31: - | BQ31: - | BR31: - | BS31: - | BT31: - | BU31: - | BV31: ='[15]Precios M Anual'!B31 -> 73.189011 | BW31: =((BV31/BV30)-1)*100 -> 15.099404 | BX31: ='[15]Precios M Anual'!D31 -> 72.607997 | BY31: =((BX31/BX30)-1)*100 -> 17.827967 | BZ31: ='[15]Fuente Bortz y otros'!G31 -> 75 | CA31: ='[15]Fuente Bortz y otros'!I31 -> 24.615385 | CB31: ='[15]Tasas int'!$B31 -> 8 | CC31: ='[19]TCA B64'!$B31 -> 4.8583333 | CD31: =((CC31/CC30)-1)*100 -> 0.08583691 | CE31: =[19]TCA!$D31 -> 4.86 | CF31: =((CE31/CE30)-1)*100 -> 0.20618557 | CG31: ='[19]TCA B64'!$I31 -> 139.6005 | CH31: =((CG31/CG30)-1)*100 -> 0.68315133 | CI31: =[19]TCA!$H31 -> 128.95977 | CJ31: =((CI31/CI30)-1)*100 -> -10.964048 | CK31: =[22]SMIN!$E31 -> 2.48 | CL31: 1.15 | CM31: =[22]SMIN!$G31 -> 74.029851 | CN31: =(CM31/BV31)*100 -> 101.14886 | CO31: =[22]SIND!$B$19 -> 182.95902 | CP31: ='[15]Terminos de Int'!B31 -> 106.90963 | CQ31: ='[15]Terminos de Int'!C31 -> 1.3112321 | CR31: =[16]bp!G31 -> -160 | CS31: =[16]bp!H31 -> 570.1 | CT31: =[16]bp!I31 -> 368.5 | CU31: =[16]bp!J31 -> 151.6 | CV31: =[16]bp!K31 -> 16.1 | CW31: =[16]bp!L31 -> 33.9 | CX31: =[16]bp!M31 -> 730.1 | CY31: =[16]bp!N31 -> 600.6 | ... DG31: =[16]bp!V31 -> 0 | DH31: ='[18]Inv Ext'!B31 -> 11.467 | DI31: =(DH31/AR31)*100 -> 0.19946476 | DJ31: =((CT31+CY31)/AR31)*100 -> 16.857182 | DK31: =CT31-CY31 -> -232.1 | DL31: =(DK31/AR31)*100 -> -4.0373046 | DM31: =((CT31/CT30)-1)*100 -> 14.869077 | DN31: =((CY31/CY30)-1)*100 -> 61.234899 | DO31: =(CR31/AR31)*100 -> -2.7831483 | DP31: =(DC31/AR31)*100 -> 0.62446891 | DQ31: - | DR31: =[20]GobFed!$X31 -> 1476.9 | DS31: =[20]GobFed!$X100 -> 5.2878625 | DT31: =[20]GobFed!$AO31 -> 1472.9 | DU31: =[20]GobFed!$AO100 -> 5.273541 | DV31: =[20]GobFed!$BG31 -> 4 | DW31: =[20]GobFed!$BG100 -> 0.014321518 | DX31: - | DY31: - | DZ31: - | EA31: - | EB31: - | EC31: - | ED31: ='[20]Deuda Ext'!K31 -> 49.529743 | EE31: =(ED31/AR31)*100 -> 0.86155388 | EG31: ='[21]Rec y Obligaciones'!$EA31 -> 3256 | EH31: =(EG31/AK31)*100 -> 11.657716 | EI31: =((EG31/EG30)-1)*100 -> -1.6016924 | EJ31: ='[21]Rec y Obligaciones'!C31 -> 1313 | EK31: =(EJ31/AK31)*100 -> 4.7010383 | EL31: =((EJ31/EJ30)-1)*100 -> -27.096058 | EM31: ='[21]Rec y Obligaciones'!$DE31+'[21]Rec y Obligaciones'!$DF31+'[21]Rec y Obligaciones'!$DG31 -> 1943 | EN31: =(EM31/AK31)*100 -> 6.9566774 | EO31: =((EM31/EM30)-1)*100 -> 28.846154 | EP31: ='[21]Rec y Obligaciones'!$DF31 -> 976 | EQ31: =(EP31/AK31)*100 -> 3.4944504 | ER31: =((EP31/EP30)-1)*100 -> 40.836941 | ES31: ='[21]Rec y Obligaciones'!$DC31+'[21]Rec y Obligaciones'!$DD31 -> 360 | ET31: =(ES31/AK31)*100 -> 1.2889366 | EU31: =((ES31/ES30)-1)*100 -> 5.5718475 | EV31: ='[21]Rec y Obligaciones'!$DG31 -> 607 | EW31: =(EV31/AK31)*100 -> 2.1732904 | EX31: =((EV31/EV30)-1)*100 -> 28.059072 | EZ31: ='[21]Rec y Obligaciones'!$DS31 -> 4908 | FA31: =(EZ31/AK31)*100 -> 17.572503 | FB31: ='[21]Rec y Obligaciones'!$DF31+'[21]Rec y Obligaciones'!$DG31 -> 1583 | FC31: =(FB31/AK31)*100 -> 5.6677408 | FD31: ='[21]Rec y Obligaciones'!$DH31+'[21]Rec y Obligaciones'!$DI31 -> 1245 | FE31: =(FD31/AK31)*100 -> 4.4575725 | FF31: ='[21]Rec y Obligaciones'!$DL31+'[21]Rec y Obligaciones'!$DK31 -> 2080 | FG31: =(FF31/AK31)*100 -> 7.4471894 | FH31: ='[21]Rec y Obligaciones'!$DH31 -> 214 | FI31: =(FH31/AK31)*100 -> 0.76620122 | FJ31: ='[21]Rec y Obligaciones'!$DK31 -> 138 | FK31: =(FJ31/AK31)*100 -> 0.49409237 | FL31: 3461 | FM31: =(FL31/AK31)*100 -> 12.391694 | FN31: =((FL31/FL30)-1)*100 -> -2.2040124 | FO31: ='[21]Rec y Obligaciones'!DY31 -> 3480.1 | FP31: =(FO31/AK31)*100 -> 12.460079 | FQ31: =((FO31/FO30)-1)*100 -> -1.5446855 | FR31: ='[21]Rec y Obligaciones'!$DZ31 -> 4400 | FS31: =(FR31/AK31)*100 -> 15.75367 | FT31: =((FR31/FR30)-1)*100 -> 0 | FU31: =FL31/EG31 -> 1.0629607 | FV31: =(FL31/AK31)*100 -> 12.391694 | FW31: =AK31/FL31 -> 8.069922 | FX31: - | FY31: - | FZ31: - | GA31: - | GB31: - | GC31: - | GD31: - | GE31: - | GF31: ='[21]Reservas Int'!C31 -> 273.7 | GG31: =(GF31/(AR31))*100 -> 4.7609231 | GH31: =GF31-GF30 -> -99 | GI31: =(GH31/AR31)*100 -> -1.722073 | GJ31: =(GF31*CE31) -> 1330.182 | GK31: =((GJ31/GJ30)-1)*100 -> -26.411503 | GL31: =GF31/(CY31/12) -> 5.4685315
A32: 1947 | B32: ='[14]EU Pob'!C32 -> 144126000 | C32: ='[14]EU PIB'!B32 -> 2034.814 | D32: ='[14]EU PIB'!C32 -> -1.1 | E32: ='[14]EU PIB'!D32 -> 249.616 | F32: ='[14]EU PIB'!E32 -> 10.974703 | G32: ='[14]EU PIB'!F32 -> 12.267264 | H32: ='[14]EU PIB'!G32 -> 10.974703 | I32: ='[14]EU PIB'!H32 -> 1731.929 | J32: ='[14]EU INF A'!$J32 -> 93.538555 | K32: =((J32/J31)-1)*100 -> 22.858287 | L32: ='[14]EU INF A'!$L32 -> 99.481865 | M32: =((L32/L31)-1)*100 -> 11.934156 | N32: ='[14]EU INF A'!$F32 -> 92.763158 | O32: =((N32/N31)-1)*100 -> 14.389411 | P32: ='[14]EU INF A'!$H32 -> 93.6 | Q32: =((P32/P31)-1)*100 -> 8.8372093 | R32: - | S32: - | T32: ='[14]EU tasas'!D32 -> 0.95 | U32: ='[14]EU tasas'!E32 -> 0.60083333 | V32: ='[14]EU Bal Fis'!B32 -> 1.60784 | W32: ='[14]UK Pet'!B91 -> 1.9 | X32: ='[14]UK Pet'!C91 -> 69.642857 | Y32: =[17]POBLACIÓN!$E32 -> 23771489 | Z32: =((Y32/Y31)-1)*100 -> 2.7552293 | AA32: =[17]POBLACIÓN!$F32 -> 9552108.2 | AB32: =(AA32/Y32)*100 -> 40.183046 | AC32: =[17]POBLACIÓN!$G32 -> 14219381 | AD32: =(AC32/Y32)*100 -> 59.816954 | AE32: =[17]POBLACIÓN!$M32 -> 7458614.8 | AF32: =(AE32/Y32)*100 -> 31.376305 | AG32: =[18]PIB!D32 -> 34933.599 | AH32: =[18]PIB!E32 -> 3.4439975 | AI32: =[18]PIB!H32 -> 88.805621 | AJ32: =[18]PIB!I32 -> 7.3760842 | AK32: =[18]PIB!B32 -> 31023 | AL32: =[18]PIB!C32 -> 11.074114 | AM32: =(AG32*1000)/AE32 -> 4.6836578 | AN32: ='[18]PIB POT'!F32 -> 35501.033 | AO32: ='[18]PIB POT'!G32 -> 84.75937 | AP32: ='[18]PIB POT'!H32 -> 5.4619359 | AQ32: =(((1+(AH32/100))/(1+(AP32/100)))-1)*100 -> -1.9134282 | AR32: =(AK32)/CC32 -> 6383.3333 | AS32: =((AR32/AR31)-1)*100 -> 11.036023 | AT32: =(AR32*1000000)/Y32 -> 268.52897 | AU32: =((AT32/AT31)-1)*100 -> 8.0587561 | AV32: =(BL32+BK32)/AH32 -> 3.8908443 | AW32: 1.38 | AX32: ='[18]Inv Nom'!C32 -> 4157.1 | AY32: =((AX32/AX31)-1)*100 -> 26.490187 | AZ32: ='[18]Inv Nom'!D32 -> 2726 | BA32: =((AZ32/AZ31)-1)*100 -> 26.437848 | BB32: ='[18]Inv Nom'!E32 -> 1431.1 | BC32: =((BB32/BB31)-1)*100 -> 26.590004 | BD32: =(AX32/AK32)*100 -> 13.400058 | BE32: =DO32 -> -2.3028721 | BF32: =BD32-BE32 -> 15.70293 | BG32: =BF32-BH32 -> 10.809786 | BH32: =BJ32+BK32 -> 4.8931438 | BI32: =BG32-BL32 -> 2.0227573 | BJ32: =DW32 -> 0.28011475 | BK32: =(BB32/AK32)*100 -> 4.613029 | BL32: =(AZ32/AK32)*100 -> 8.787029 | BM32: - | BN32: - | BO32: - | BP32: - | BQ32: - | BR32: - | BS32: - | BT32: - | BU32: - | BV32: ='[15]Precios M Anual'!B32 -> 77.533625 | BW32: =((BV32/BV31)-1)*100 -> 5.9361563 | BX32: ='[15]Precios M Anual'!D32 -> 71.838092 | BY32: =((BX32/BX31)-1)*100 -> -1.0603589 | BZ32: ='[15]Fuente Bortz y otros'!G32 -> 84.259259 | CA32: ='[15]Fuente Bortz y otros'!I32 -> 12.345679 | CB32: ='[15]Tasas int'!$B32 -> 8 | CC32: ='[19]TCA B64'!$B32 -> 4.86 | CD32: =((CC32/CC31)-1)*100 -> 0.034305317 | CE32: =[19]TCA!$D32 -> 4.86 | CF32: =((CE32/CE31)-1)*100 -> 0 | CG32: ='[19]TCA B64'!$I32 -> 120.33107 | CH32: =((CG32/CG31)-1)*100 -> -13.803269 | CI32: =[19]TCA!$H32 -> 113.98874 | CJ32: =((CI32/CI31)-1)*100 -> -11.609071 | CK32: =[22]SMIN!$E32 -> 2.48 | CL32: 1.15 | CM32: =[22]SMIN!$G32 -> 74.029851 | CN32: =(CM32/BV32)*100 -> 95.480961 | CO32: =[22]SIND!$B$19 -> 182.95902 | CP32: ='[15]Terminos de Int'!B32 -> 99.582213 | CQ32: ='[15]Terminos de Int'!C32 -> -6.8538398 | CR32: =[16]bp!G32 -> -147 | CS32: =[16]bp!H32 -> 713.9 | CT32: =[16]bp!I32 -> 483 | CU32: =[16]bp!J32 -> 147.3 | CV32: =[16]bp!K32 -> 54.4 | CW32: =[16]bp!L32 -> 29.2 | CX32: =[16]bp!M32 -> 860.9 | CY32: =[16]bp!N32 -> 720.3 | ... DG32: =[16]bp!V32 -> 0 | DH32: ='[18]Inv Ext'!B32 -> 37.303 | DI32: =(DH32/AR32)*100 -> 0.5843812 | DJ32: =((CT32+CY32)/AR32)*100 -> 18.850653 | DK32: =CT32-CY32 -> -237.3 | DL32: =(DK32/AR32)*100 -> -3.7174935 | DM32: =((CT32/CT31)-1)*100 -> 31.071913 | DN32: =((CY32/CY31)-1)*100 -> 19.93007 | DO32: =(CR32/AR32)*100 -> -2.3028721 | DP32: =(DC32/AR32)*100 -> 0.80835509 | DQ32: - | DR32: =[20]GobFed!$X32 -> 1510.5 | DS32: =[20]GobFed!$X101 -> 4.8689682 | DT32: =[20]GobFed!$AO32 -> 1423.6 | DU32: =[20]GobFed!$AO101 -> 4.5888534 | DV32: =[20]GobFed!$BG32 -> 86.9 | DW32: =[20]GobFed!$BG101 -> 0.28011475 | DX32: - | DY32: - | DZ32: - | EA32: - | EB32: - | EC32: - | ED32: ='[20]Deuda Ext'!K32 -> 49.512757 | EE32: =(ED32/AR32)*100 -> 0.77565677 | EG32: ='[21]Rec y Obligaciones'!$EA32 -> 3054 | EH32: =(EG32/AK32)*100 -> 9.8443091 | EI32: =((EG32/EG31)-1)*100 -> -6.2039312 | EJ32: ='[21]Rec y Obligaciones'!C32 -> 777 | EK32: =(EJ32/AK32)*100 -> 2.5045934 | EL32: =((EJ32/EJ31)-1)*100 -> -40.822544 | EM32: ='[21]Rec y Obligaciones'!$DE32+'[21]Rec y Obligaciones'!$DF32+'[21]Rec y Obligaciones'!$DG32 -> 2277 | EN32: =(EM32/AK32)*100 -> 7.3397157 | EO32: =((EM32/EM31)-1)*100 -> 17.189913 | EP32: ='[21]Rec y Obligaciones'!$DF32 -> 958 | EQ32: =(EP32/AK32)*100 -> 3.0880315 | ER32: =((EP32/EP31)-1)*100 -> -1.8442623 | ES32: ='[21]Rec y Obligaciones'!$DC32+'[21]Rec y Obligaciones'!$DD32 -> 483 | ET32: =(ES32/AK32)*100 -> 1.5569094 | EU32: =((ES32/ES31)-1)*100 -> 34.166667 | EV32: ='[21]Rec y Obligaciones'!$DG32 -> 836 | EW32: =(EV32/AK32)*100 -> 2.6947748 | EX32: =((EV32/EV31)-1)*100 -> 37.726524 | EZ32: ='[21]Rec y Obligaciones'!$DS32 -> 5746 | FA32: =(EZ32/AK32)*100 -> 18.521742 | FB32: ='[21]Rec y Obligaciones'!$DF32+'[21]Rec y Obligaciones'!$DG32 -> 1794 | FC32: =(FB32/AK32)*100 -> 5.7828063 | FD32: ='[21]Rec y Obligaciones'!$DH32+'[21]Rec y Obligaciones'!$DI32 -> 1460 | FE32: =(FD32/AK32)*100 -> 4.7061857 | FF32: ='[21]Rec y Obligaciones'!$DL32+'[21]Rec y Obligaciones'!$DK32 -> 2492 | FG32: =(FF32/AK32)*100 -> 8.0327499 | FH32: ='[21]Rec y Obligaciones'!$DH32 -> 194 | FI32: =(FH32/AK32)*100 -> 0.62534249 | FJ32: ='[21]Rec y Obligaciones'!$DK32 -> 164 | FK32: =(FJ32/AK32)*100 -> 0.52864004 | FL32: 3438 | FM32: =(FL32/AK32)*100 -> 11.0821 | FN32: =((FL32/FL31)-1)*100 -> -0.66454782 | FO32: ='[21]Rec y Obligaciones'!DY32 -> 3367.8 | FP32: =(FO32/AK32)*100 -> 10.855817 | FQ32: =((FO32/FO31)-1)*100 -> -3.2269188 | FR32: ='[21]Rec y Obligaciones'!$DZ32 -> 4400 | FS32: =(FR32/AK32)*100 -> 14.183025 | FT32: =((FR32/FR31)-1)*100 -> 0 | FU32: =FL32/EG32 -> 1.1257367 | FV32: =(FL32/AK32)*100 -> 11.0821 | FW32: =AK32/FL32 -> 9.0235602 | FX32: - | FY32: - | FZ32: - | GA32: - | GB32: - | GC32: - | GD32: - | GE32: - | GF32: ='[21]Reservas Int'!C32 -> 162.9 | GG32: =(GF32/(AR32))*100 -> 2.5519582 | GH32: =GF32-GF31 -> -110.8 | GI32: =(GH32/AR32)*100 -> -1.7357702 | GJ32: =(GF32*CE32) -> 791.694 | GK32: =((GJ32/GJ31)-1)*100 -> -40.48228 | GL32: =GF32/(CY32/12) -> 2.7138692
A33: 1948 | B33: ='[14]EU Pob'!C33 -> 146631000 | C33: ='[14]EU PIB'!B33 -> 2118.512 | D33: ='[14]EU PIB'!C33 -> 4.1 | E33: ='[14]EU PIB'!D33 -> 274.468 | F33: ='[14]EU PIB'!E33 -> 5.6119562 | G33: ='[14]EU PIB'!F33 -> 12.955697 | H33: ='[14]EU PIB'!G33 -> 5.6119562 | I33: ='[14]EU PIB'!H33 -> 1871.8279 | J33: ='[14]EU INF A'!$J33 -> 101.24962 | K33: =((J33/J32)-1)*100 -> 8.2437276 | L33: ='[14]EU INF A'!$L33 -> 100.94483 | M33: =((L33/L32)-1)*100 -> 1.4705882 | N33: ='[14]EU INF A'!$F33 -> 99.896122 | O33: =((N33/N32)-1)*100 -> 7.6894364 | P33: ='[14]EU INF A'!$H33 -> 96.4 | Q33: =((P33/P32)-1)*100 -> 2.991453 | R33: - | S33: - | T33: ='[14]EU tasas'!D33 -> 1.16 | U33: ='[14]EU tasas'!E33 -> 1.045 | V33: ='[14]EU Bal Fis'!B33 -> 4.29258 | W33: ='[14]UK Pet'!B92 -> 1.99 | X33: ='[14]UK Pet'!C92 -> 4.7368421 | Y33: =[17]POBLACIÓN!$E33 -> 24426448 | Z33: =((Y33/Y32)-1)*100 -> 2.7552293 | AA33: =[17]POBLACIÓN!$F33 -> 10007205 | AB33: =(AA33/Y33)*100 -> 40.96873 | AC33: =[17]POBLACIÓN!$G33 -> 14419242 | AD33: =(AC33/Y33)*100 -> 59.03127 | AE33: =[17]POBLACIÓN!$M33 -> 7720473.2 | AF33: =(AE33/Y33)*100 -> 31.607024 | AG33: =[18]PIB!D33 -> 36373.059 | AH33: =[18]PIB!E33 -> 4.1205602 | AI33: =[18]PIB!H33 -> 91.004168 | AJ33: =[18]PIB!I33 -> 2.4756838 | AK33: =[18]PIB!B33 -> 33101 | AL33: =[18]PIB!C33 -> 6.6982561 | AM33: =(AG33*1000)/AE33 -> 4.7112474 | AN33: ='[18]PIB POT'!F33 -> 37472.299 | AO33: ='[18]PIB POT'!G33 -> 89.465804 | AP33: ='[18]PIB POT'!H33 -> 5.5527008 | AQ33: =(((1+(AH33/100))/(1+(AP33/100)))-1)*100 -> -1.3568015 | AR33: =(AK33)/CC33 -> 5843.9311 | AS33: =((AR33/AR32)-1)*100 -> -8.4501648 | AT33: =(AR33*1000000)/Y33 -> 239.24605 | AU33: =((AT33/AT32)-1)*100 -> -10.904938 | AV33: =(BL33+BK33)/AH33 -> 3.3346612 | AW33: 1.38 | AX33: ='[18]Inv Nom'!C33 -> 4548.3 | AY33: =((AX33/AX32)-1)*100 -> 9.4104063 | AZ33: ='[18]Inv Nom'!D33 -> 2917 | BA33: =((AZ33/AZ32)-1)*100 -> 7.0066031 | BB33: ='[18]Inv Nom'!E33 -> 1631.3 | BC33: =((BB33/BB32)-1)*100 -> 13.989239 | BD33: =(AX33/AK33)*100 -> 13.740672 | BE33: =DO33 -> -0.84874374 | BF33: =BD33-BE33 -> 14.589416 | BG33: =BF33-BH33 -> 10.692253 | BH33: =BJ33+BK33 -> 3.8971632 | BI33: =BG33-BL33 -> 1.8798304 | BJ33: =DW33 -> -1.0310867 | BK33: =(BB33/AK33)*100 -> 4.9282499 | BL33: =(AZ33/AK33)*100 -> 8.8124226 | BM33: - | BN33: - | BO33: - | BP33: - | BQ33: - | BR33: - | BS33: - | BT33: - | BU33: - | BV33: ='[15]Precios M Anual'!B33 -> 83.211761 | BW33: =((BV33/BV32)-1)*100 -> 7.3234495 | BX33: ='[15]Precios M Anual'!D33 -> 79.477922 | BY33: =((BX33/BX32)-1)*100 -> 10.63479 | BZ33: ='[15]Fuente Bortz y otros'!G33 -> 89.814815 | CA33: ='[15]Fuente Bortz y otros'!I33 -> 6.5934066 | CB33: ='[15]Tasas int'!$B33 -> 8 | CC33: ='[19]TCA B64'!$B33 -> 5.6641667 | CD33: =((CC33/CC32)-1)*100 -> 16.546639 | CE33: =[19]TCA!$D33 -> 6.88 | CF33: =((CE33/CE32)-1)*100 -> 41.563786 | CG33: ='[19]TCA B64'!$I33 -> 102.36934 | CH33: =((CG33/CG32)-1)*100 -> -14.926925 | CI33: =[19]TCA!$H33 -> 87.793292 | CJ33: =((CI33/CI32)-1)*100 -> -22.980735 | CK33: =[22]SMIN!$E33 -> 3.01 | CL33: 1.15 | CM33: =[22]SMIN!$G33 -> 89.850746 | CN33: =(CM33/BV33)*100 -> 107.97842 | CO33: =[22]SIND!$B$19 -> 182.95902 | CP33: ='[15]Terminos de Int'!B33 -> 92.795696 | CQ33: ='[15]Terminos de Int'!C33 -> -6.8149883 | CR33: =[16]bp!G33 -> -49.6 | CS33: =[16]bp!H33 -> 715.5 | CT33: =[16]bp!I33 -> 473.1 | CU33: =[16]bp!J33 -> 194.7 | CV33: =[16]bp!K33 -> 26.1 | CW33: =[16]bp!L33 -> 21.6 | CX33: =[16]bp!M33 -> 765.1 | CY33: =[16]bp!N33 -> 591.4 | ... DG33: =[16]bp!V33 -> 0 | DH33: ='[18]Inv Ext'!B33 -> 33.279 | DI33: =(DH33/AR33)*100 -> 0.56946256 | DJ33: =((CT33+CY33)/AR33)*100 -> 18.215478 | DK33: =CT33-CY33 -> -118.3 | DL33: =(DK33/AR33)*100 -> -2.0243223 | DM33: =((CT33/CT32)-1)*100 -> -2.0496894 | DN33: =((CY33/CY32)-1)*100 -> -17.895321 | DO33: =(CR33/AR33)*100 -> -0.84874374 | DP33: =(DC33/AR33)*100 -> 0.29432243 | DQ33: - | DR33: =[20]GobFed!$X33 -> 1538 | DS33: =[20]GobFed!$X102 -> 4.6463853 | DT33: =[20]GobFed!$AO33 -> 1879.3 | DU33: =[20]GobFed!$AO102 -> 5.677472 | DV33: =[20]GobFed!$BG33 -> -341.3 | DW33: =[20]GobFed!$BG102 -> -1.0310867 | DX33: - | DY33: - | DZ33: - | EA33: - | EB33: - | EC33: - | ED33: - | EE33: - | EG33: ='[21]Rec y Obligaciones'!$EA33 -> 3443 | EH33: =(EG33/AK33)*100 -> 10.401498 | EI33: =((EG33/EG32)-1)*100 -> 12.737394 | EJ33: ='[21]Rec y Obligaciones'!C33 -> 824 | EK33: =(EJ33/AK33)*100 -> 2.4893508 | EL33: =((EJ33/EJ32)-1)*100 -> 6.048906 | EM33: ='[21]Rec y Obligaciones'!$DE33+'[21]Rec y Obligaciones'!$DF33+'[21]Rec y Obligaciones'!$DG33 -> 2619 | EN33: =(EM33/AK33)*100 -> 7.9121477 | EO33: =((EM33/EM32)-1)*100 -> 15.019763 | EP33: ='[21]Rec y Obligaciones'!$DF33 -> 1424 | EQ33: =(EP33/AK33)*100 -> 4.3019848 | ER33: =((EP33/EP32)-1)*100 -> 48.643006 | ES33: ='[21]Rec y Obligaciones'!$DC33+'[21]Rec y Obligaciones'!$DD33 -> 363 | ET33: =(ES33/AK33)*100 -> 1.0966436 | EU33: =((ES33/ES32)-1)*100 -> -24.84472 | EV33: ='[21]Rec y Obligaciones'!$DG33 -> 832 | EW33: =(EV33/AK33)*100 -> 2.5135192 | EX33: =((EV33/EV32)-1)*100 -> -0.4784689 | EZ33: ='[21]Rec y Obligaciones'!$DS33 -> 7040 | FA33: =(EZ33/AK33)*100 -> 21.26824 | FB33: ='[21]Rec y Obligaciones'!$DF33+'[21]Rec y Obligaciones'!$DG33 -> 2256 | FC33: =(FB33/AK33)*100 -> 6.8155041 | FD33: ='[21]Rec y Obligaciones'!$DH33+'[21]Rec y Obligaciones'!$DI33 -> 1940 | FE33: =(FD33/AK33)*100 -> 5.8608501 | FF33: ='[21]Rec y Obligaciones'!$DL33+'[21]Rec y Obligaciones'!$DK33 -> 2844 | FG33: =(FF33/AK33)*100 -> 8.5918854 | FH33: ='[21]Rec y Obligaciones'!$DH33 -> 198 | FI33: =(FH33/AK33)*100 -> 0.59816924 | FJ33: ='[21]Rec y Obligaciones'!$DK33 -> 155 | FK33: =(FJ33/AK33)*100 -> 0.4682638 | FL33: 3916 | FM33: =(FL33/AK33)*100 -> 11.830458 | FN33: =((FL33/FL32)-1)*100 -> 13.903432 | FO33: ='[21]Rec y Obligaciones'!DY33 -> 3563.2 | FP33: =(FO33/AK33)*100 -> 10.764629 | FQ33: =((FO33/FO32)-1)*100 -> 5.8020072 | FR33: ='[21]Rec y Obligaciones'!$DZ33 -> 5100 | FS33: =(FR33/AK33)*100 -> 15.40739 | FT33: =((FR33/FR32)-1)*100 -> 15.909091 | FU33: =FL33/EG33 -> 1.1373802 | FV33: =(FL33/AK33)*100 -> 11.830458 | FW33: =AK33/FL33 -> 8.4527579 | FX33: ='[21]Fin Gob Fed '!I33 -> 3796 | FY33: ='[21]Fin Gob Fed '!L33 -> 11.467931 | FZ33: - | GA33: ='[21]Fin Gob Fed '!N33 -> 2972 | GB33: ='[21]Fin Gob Fed '!O33 -> 8.9785807 | GC33: - | GD33: ='[21]Fin Gob Fed '!$H33 -> 1.066433 | GE33: ='[21]Fin Gob Fed '!$G33 -> 5.3684179 | GF33: ='[21]Reservas Int'!C33 -> 122.6 | GG33: =(GF33/(AR33))*100 -> 2.0979029 | GH33: =GF33-GF32 -> -40.3 | GI33: =(GH33/AR33)*100 -> -0.68960429 | GJ33: =(GF33*CE33) -> 843.488 | GK33: =((GJ33/GJ32)-1)*100 -> 6.5421741 | GL33: =GF33/(CY33/12) -> 2.4876564
A34: 1949 | B34: ='[14]EU Pob'!C34 -> 149188000 | C34: ='[14]EU PIB'!B34 -> 2106.559 | D34: ='[14]EU PIB'!C34 -> -0.6 | E34: ='[14]EU PIB'!D34 -> 272.475 | F34: ='[14]EU PIB'!E34 -> -0.16283397 | G34: ='[14]EU PIB'!F34 -> 12.934601 | H34: ='[14]EU PIB'!G34 -> -0.16283397 | I34: ='[14]EU PIB'!H34 -> 1826.3868 | J34: ='[14]EU INF A'!$J34 -> 96.220664 | K34: =((J34/J33)-1)*100 -> -4.9668874 | L34: ='[14]EU INF A'!$L34 -> 94.727217 | M34: =((L34/L33)-1)*100 -> -6.1594203 | N34: ='[14]EU INF A'!$F34 -> 98.926593 | O34: =((N34/N33)-1)*100 -> -0.97053726 | P34: ='[14]EU INF A'!$H34 -> 94.4 | Q34: =((P34/P33)-1)*100 -> -2.0746888 | R34: ='[14]EU tasas'!B34 -> 2 | S34: ='[14]EU tasas'!C34 -> 2 | T34: ='[14]EU tasas'!D34 -> 1.1 | U34: ='[14]EU tasas'!E34 -> 1.115 | V34: ='[14]EU Bal Fis'!B34 -> 0.21261 | W34: ='[14]UK Pet'!B93 -> 1.78 | X34: ='[14]UK Pet'!C93 -> -10.552764 | Y34: =[17]POBLACIÓN!$E34 -> 25099453 | Z34: =((Y34/Y33)-1)*100 -> 2.7552293 | AA34: =[17]POBLACIÓN!$F34 -> 10483985 | AB34: =(AA34/Y34)*100 -> 41.769777 | AC34: =[17]POBLACIÓN!$G34 -> 14615467 | AD34: =(AC34/Y34)*100 -> 58.230223 | AE34: =[17]POBLACIÓN!$M34 -> 7991525 | AF34: =(AE34/Y34)*100 -> 31.83944 | AG34: =[18]PIB!D34 -> 38366.678 | AH34: =[18]PIB!E34 -> 5.4810301 | AI34: =[18]PIB!H34 -> 94.905273 | AJ34: =[18]PIB!I34 -> 4.2867318 | AK34: =[18]PIB!B34 -> 36412 | AL34: =[18]PIB!C34 -> 10.002719 | AM34: =(AG34*1000)/AE34 -> 4.8009207 | AN34: ='[18]PIB POT'!F34 -> 39596.628 | AO34: ='[18]PIB POT'!G34 -> 94.537677 | AP34: ='[18]PIB POT'!H34 -> 5.6690628 | AQ34: =(((1+(AH34/100))/(1+(AP34/100)))-1)*100 -> -0.17794496 | AR34: =(AK34)/CC34 -> 4556.1511 | AS34: =((AR34/AR33)-1)*100 -> -22.036195 | AT34: =(AR34*1000000)/Y34 -> 181.52392 | AU34: =((AT34/AT33)-1)*100 -> -24.126679 | AV34: =(BL34+BK34)/AH34 -> 2.5309749 | AW34: 1.38 | AX34: ='[18]Inv Nom'!C34 -> 5051.2 | AY34: =((AX34/AX33)-1)*100 -> 11.056878 | AZ34: ='[18]Inv Nom'!D34 -> 3087 | BA34: =((AZ34/AZ33)-1)*100 -> 5.8279054 | BB34: ='[18]Inv Nom'!E34 -> 1964.2 | BC34: =((BB34/BB33)-1)*100 -> 20.407037 | BD34: =(AX34/AK34)*100 -> 13.87235 | BE34: =DO34 -> 1.5912554 | BF34: =BD34-BE34 -> 12.281094 | BG34: =BF34-BH34 -> 6.6098871 | BH34: =BJ34+BK34 -> 5.6712073 | BI34: =BG34-BL34 -> -1.8680872 | BJ34: =DW34 -> 0.27683181 | BK34: =(BB34/AK34)*100 -> 5.3943755 | BL34: =(AZ34/AK34)*100 -> 8.4779743 | BM34: - | BN34: - | BO34: - | BP34: - | BQ34: - | BR34: - | BS34: - | BT34: - | BU34: - | BV34: ='[15]Precios M Anual'!B34 -> 91.162218 | BW34: =((BV34/BV33)-1)*100 -> 9.5544872 | BX34: ='[15]Precios M Anual'!D34 -> 86.880858 | BY34: =((BX34/BX33)-1)*100 -> 9.314456 | BZ34: ='[15]Fuente Bortz y otros'!G34 -> 94.444444 | CA34: ='[15]Fuente Bortz y otros'!I34 -> 5.1546392 | CB34: ='[15]Tasas int'!$B34 -> 8 | CC34: ='[19]TCA B64'!$B34 -> 7.9918333 | CD34: =((CC34/CC33)-1)*100 -> 41.094601 | CE34: =[19]TCA!$D34 -> 8.64 | CF34: =((CE34/CE33)-1)*100 -> 25.581395 | CG34: ='[19]TCA B64'!$I34 -> 83.640136 | CH34: =((CG34/CG33)-1)*100 -> -18.295717 | CI34: =[19]TCA!$H34 -> 81.437221 | CJ34: =((CI34/CI33)-1)*100 -> -7.2398138 | CK34: =[22]SMIN!$E34 -> 3.01 | CL34: 1.15 | CM34: =[22]SMIN!$G34 -> 89.850746 | CN34: =(CM34/BV34)*100 -> 98.561386 | CO34: =[22]SIND!$B$19 -> 182.95902 | CP34: ='[15]Terminos de Int'!B34 -> 110.2317 | CQ34: ='[15]Terminos de Int'!C34 -> 18.789663 | CR34: =[16]bp!G34 -> 72.5 | CS34: =[16]bp!H34 -> 701.1 | CT34: =[16]bp!I34 -> 455.9 | CU34: =[16]bp!J34 -> 186.4 | CV34: =[16]bp!K34 -> 41.2 | CW34: =[16]bp!L34 -> 17.6 | CX34: =[16]bp!M34 -> 628.6 | CY34: =[16]bp!N34 -> 514.4 | ... DG34: =[16]bp!V34 -> 0 | DH34: ='[18]Inv Ext'!B34 -> 30.447 | DI34: =(DH34/AR34)*100 -> 0.66826142 | DJ34: =((CT34+CY34)/AR34)*100 -> 21.296484 | DK34: =CT34-CY34 -> -58.5 | DL34: =(DK34/AR34)*100 -> -1.2839785 | DM34: =((CT34/CT33)-1)*100 -> -3.635595 | DN34: =((CY34/CY33)-1)*100 -> -13.019953 | DO34: =(CR34/AR34)*100 -> 1.5912554 | DP34: =(DC34/AR34)*100 -> 0.38629097 | DQ34: - | DR34: =[20]GobFed!$X34 -> 2685.9 | DS34: =[20]GobFed!$X103 -> 7.3764144 | DT34: =[20]GobFed!$AO34 -> 2585.1 | DU34: =[20]GobFed!$AO103 -> 7.0995826 | DV34: =[20]GobFed!$BG34 -> 100.8 | DW34: =[20]GobFed!$BG103 -> 0.27683181 | DX34: - | DY34: - | DZ34: - | EA34: - | EB34: - | EC34: - | ED34: - | EE34: - | EG34: ='[21]Rec y Obligaciones'!$EA34 -> 4040 | EH34: =(EG34/AK34)*100 -> 11.095243 | EI34: =((EG34/EG33)-1)*100 -> 17.339529 | EJ34: ='[21]Rec y Obligaciones'!C34 -> 1402 | EK34: =(EJ34/AK34)*100 -> 3.850379 | EL34: =((EJ34/EJ33)-1)*100 -> 70.145631 | EM34: ='[21]Rec y Obligaciones'!$DE34+'[21]Rec y Obligaciones'!$DF34+'[21]Rec y Obligaciones'!$DG34 -> 2638 | EN34: =(EM34/AK34)*100 -> 7.2448643 | EO34: =((EM34/EM33)-1)*100 -> 0.72546774 | EP34: ='[21]Rec y Obligaciones'!$DF34 -> 1910 | EQ34: =(EP34/AK34)*100 -> 5.2455235 | ER34: =((EP34/EP33)-1)*100 -> 34.129213 | ES34: ='[21]Rec y Obligaciones'!$DC34+'[21]Rec y Obligaciones'!$DD34 -> 273 | ET34: =(ES34/AK34)*100 -> 0.74975283 | EU34: =((ES34/ES33)-1)*100 -> -24.793388 | EV34: ='[21]Rec y Obligaciones'!$DG34 -> 455 | EW34: =(EV34/AK34)*100 -> 1.249588 | EX34: =((EV34/EV33)-1)*100 -> -45.3125 | EZ34: ='[21]Rec y Obligaciones'!$DS34 -> 8149 | FA34: =(EZ34/AK34)*100 -> 22.379985 | FB34: ='[21]Rec y Obligaciones'!$DF34+'[21]Rec y Obligaciones'!$DG34 -> 2365 | FC34: =(FB34/AK34)*100 -> 6.4951115 | FD34: ='[21]Rec y Obligaciones'!$DH34+'[21]Rec y Obligaciones'!$DI34 -> 2695 | FE34: =(FD34/AK34)*100 -> 7.4014061 | FF34: ='[21]Rec y Obligaciones'!$DL34+'[21]Rec y Obligaciones'!$DK34 -> 3089 | FG34: =(FF34/AK34)*100 -> 8.483467 | FH34: ='[21]Rec y Obligaciones'!$DH34 -> 138 | FI34: =(FH34/AK34)*100 -> 0.37899594 | FJ34: ='[21]Rec y Obligaciones'!$DK34 -> 177 | FK34: =(FJ34/AK34)*100 -> 0.48610348 | FL34: 4353 | FM34: =(FL34/AK34)*100 -> 11.95485 | FN34: =((FL34/FL33)-1)*100 -> 11.159346 | FO34: ='[21]Rec y Obligaciones'!DY34 -> 3970.8 | FP34: =(FO34/AK34)*100 -> 10.905196 | FQ34: =((FO34/FO33)-1)*100 -> 11.439156 | FR34: ='[21]Rec y Obligaciones'!$DZ34 -> 5600 | FS34: =(FR34/AK34)*100 -> 15.379545 | FT34: =((FR34/FR33)-1)*100 -> 9.8039216 | FU34: =FL34/EG34 -> 1.0774752 | FV34: =(FL34/AK34)*100 -> 11.95485 | FW34: =AK34/FL34 -> 8.3648059 | FX34: ='[21]Fin Gob Fed '!I34 -> 4355 | FY34: ='[21]Fin Gob Fed '!L34 -> 11.960343 | FZ34: ='[21]Fin Gob Fed '!M34 -> 14.726027 | GA34: ='[21]Fin Gob Fed '!N34 -> 2953 | GB34: ='[21]Fin Gob Fed '!O34 -> 8.1099637 | GC34: ='[21]Fin Gob Fed '!P34 -> -0.63930013 | GD34: ='[21]Fin Gob Fed '!$H34 -> 0.86509942 | GE34: ='[21]Fin Gob Fed '!$G34 -> 6.1106229 | GF34: ='[21]Reservas Int'!C34 -> 164 | GG34: =(GF34/(AR34))*100 -> 3.5995295 | GH34: =GF34-GF33 -> 41.4 | GI34: =(GH34/AR34)*100 -> 0.9086617 | GJ34: =(GF34*CE34) -> 1416.96 | GK34: =((GJ34/GJ33)-1)*100 -> 67.988163 | GL34: =GF34/(CY34/12) -> 3.8258165
A35: 1950 | B35: ='[14]EU Pob'!C35 -> 151684000 | C35: ='[14]EU PIB'!B35 -> 2289.546 | D35: ='[14]EU PIB'!C35 -> 8.7 | E35: ='[14]EU PIB'!D35 -> 299.827 | F35: ='[14]EU PIB'!E35 -> 1.2437754 | G35: ='[14]EU PIB'!F35 -> 13.095478 | H35: ='[14]EU PIB'!G35 -> 1.2437754 | I35: ='[14]EU PIB'!H35 -> 1976.6554 | J35: ='[14]EU INF A'!$J35 -> 100 | K35: =((J35/J34)-1)*100 -> 3.9277795 | L35: ='[14]EU INF A'!$L35 -> 108.62542 | M35: =((L35/L34)-1)*100 -> 14.671815 | N35: ='[14]EU INF A'!$F35 -> 100 | O35: =((N35/N34)-1)*100 -> 1.0850543 | P35: ='[14]EU INF A'!$H35 -> 100 | Q35: =((P35/P34)-1)*100 -> 5.9322034 | R35: ='[14]EU tasas'!B35 -> 2.25 | S35: ='[14]EU tasas'!C35 -> 2.0691667 | T35: ='[14]EU tasas'!D35 -> 1.34 | U35: ='[14]EU tasas'!E35 -> 1.2033333 | V35: ='[14]EU Bal Fis'!B35 -> -1.03897 | W35: ='[14]UK Pet'!B94 -> 1.71 | X35: ='[14]UK Pet'!C94 -> -3.9325843 | Y35: =[17]POBLACIÓN!$E35 -> 25791000 | Z35: =((Y35/Y34)-1)*100 -> 2.7552293 | AA35: =[17]POBLACIÓN!$F35 -> 10983481 | AB35: =(AA35/Y35)*100 -> 42.586486 | AC35: =[17]POBLACIÓN!$G35 -> 14807519 | AD35: =(AC35/Y35)*100 -> 57.413514 | AE35: =[17]POBLACIÓN!$M35 -> 8272093 | AF35: =(AE35/Y35)*100 -> 32.073564 | AG35: =[18]PIB!D35 -> 42163 | AH35: =[18]PIB!E35 -> 9.8948425 | AI35: =[18]PIB!H35 -> 100 | AJ35: =[18]PIB!I35 -> 5.3682238 | AK35: =[18]PIB!B35 -> 42163 | AL35: =[18]PIB!C35 -> 15.794244 | AM35: =(AG35*1000)/AE35 -> 5.0970172 | AN35: ='[18]PIB POT'!F35 -> 41884.494 | AO35: ='[18]PIB POT'!G35 -> 100 | AP35: ='[18]PIB POT'!H35 -> 5.7779322 | AQ35: =(((1+(AH35/100))/(1+(AP35/100)))-1)*100 -> 3.8920314 | AR35: =(AK35)/CC35 -> 4879.0357 | AS35: =((AR35/AR34)-1)*100 -> 7.0867845 | AT35: =(AR35*1000000)/Y35 -> 189.1759 | AU35: =((AT35/AT34)-1)*100 -> 4.215411 | AV35: =(BL35+BK35)/AH35 -> 1.3434924 | AW35: 1.38 | AX35: ='[18]Inv Nom'!C35 -> 5605 | AY35: =((AX35/AX34)-1)*100 -> 10.963731 | AZ35: ='[18]Inv Nom'!D35 -> 2765 | BA35: =((AZ35/AZ34)-1)*100 -> -10.430839 | BB35: ='[18]Inv Nom'!E35 -> 2840 | BC35: =((BB35/BB34)-1)*100 -> 44.588127 | BD35: =(AX35/AK35)*100 -> 13.293646 | BE35: =DO35 -> 3.3428737 | BF35: =BD35-BE35 -> 9.9507724 | BG35: =BF35-BH35 -> 2.5791432 | BH35: =BJ35+BK35 -> 7.3716292 | BI35: =BG35-BL35 -> -3.9787393 | BJ35: =DW35 -> 0.63586557 | BK35: =(BB35/AK35)*100 -> 6.7357636 | BL35: =(AZ35/AK35)*100 -> 6.5578825 | BM35: - | BN35: - | BO35: - | BP35: - | BQ35: - | BR35: - | BS35: - | BT35: - | BU35: - | BV35: ='[15]Precios M Anual'!B35 -> 100 | BW35: =((BV35/BV34)-1)*100 -> 9.6945662 | BX35: ='[15]Precios M Anual'!D35 -> 100 | BY35: =((BX35/BX34)-1)*100 -> 15.100152 | BZ35: ='[15]Fuente Bortz y otros'!G35 -> 100 | CA35: ='[15]Fuente Bortz y otros'!I35 -> 5.8823529 | CB35: ='[15]Tasas int'!$B35 -> 8 | CC35: ='[19]TCA B64'!$B35 -> 8.6416667 | CD35: =((CC35/CC34)-1)*100 -> 8.1312173 | CE35: =[19]TCA!$D35 -> 8.65 | CF35: =((CE35/CE34)-1)*100 -> 0.11574074 | CG35: ='[19]TCA B64'!$I35 -> 81.642653 | CH35: =((CG35/CG34)-1)*100 -> -2.3881881 | CI35: =[19]TCA!$H35 -> 81.089915 | CJ35: =((CI35/CI34)-1)*100 -> -0.42647117 | CK35: =[22]SMIN!$E35 -> 3.35 | CL35: 1.15 | CM35: =[22]SMIN!$G35 -> 100 | CN35: =(CM35/BV35)*100 -> 100 | CO35: =[22]SIND!$B$19 -> 182.95902 | CP35: ='[15]Terminos de Int'!B35 -> 100 | CQ35: ='[15]Terminos de Int'!C35 -> -9.2819903 | CR35: =[16]bp!G35 -> 163.1 | CS35: =[16]bp!H35 -> 994.1 | CT35: =[16]bp!I35 -> 699.4 | CU35: =[16]bp!J35 -> 232.8 | CV35: =[16]bp!K35 -> 23.4 | CW35: =[16]bp!L35 -> 38.5 | CX35: =[16]bp!M35 -> 831 | CY35: =[16]bp!N35 -> 556.4 | ... DG35: =[16]bp!V35 -> 0 | DH35: ='[18]Inv Ext'!B35 -> 72.383 | DI35: =(DH35/AR35)*100 -> 1.4835514 | DJ35: =((CT35+CY35)/AR35)*100 -> 25.738693 | DK35: =CT35-CY35 -> 143 | DL35: =(DK35/AR35)*100 -> 2.930907 | DM35: =((CT35/CT34)-1)*100 -> 53.410836 | DN35: =((CY35/CY34)-1)*100 -> 8.1648523 | DO35: =(CR35/AR35)*100 -> 3.3428737 | DP35: =(DC35/AR35)*100 -> 1.0862802 | DQ35: - | DR35: =[20]GobFed!$X35 -> 3023.5 | DS35: =[20]GobFed!$X104 -> 7.1709793 | DT35: =[20]GobFed!$AO35 -> 2755.4 | DU35: =[20]GobFed!$AO104 -> 6.5351137 | DV35: =[20]GobFed!$BG35 -> 268.1 | DW35: =[20]GobFed!$BG104 -> 0.63586557 | DX35: - | DY35: - | DZ35: - | EA35: - | EB35: - | EC35: - | ED35: - | EE35: - | EG35: ='[21]Rec y Obligaciones'!$EA35 -> 5184 | EH35: =(EG35/AK35)*100 -> 12.29514 | EI35: =((EG35/EG34)-1)*100 -> 28.316832 | EJ35: ='[21]Rec y Obligaciones'!C35 -> 2846 | EK35: =(EJ35/AK35)*100 -> 6.7499941 | EL35: =((EJ35/EJ34)-1)*100 -> 102.99572 | EM35: ='[21]Rec y Obligaciones'!$DE35+'[21]Rec y Obligaciones'!$DF35+'[21]Rec y Obligaciones'!$DG35 -> 2338 | EN35: =(EM35/AK35)*100 -> 5.5451462 | EO35: =((EM35/EM34)-1)*100 -> -11.372252 | EP35: ='[21]Rec y Obligaciones'!$DF35 -> 1421 | EQ35: =(EP35/AK35)*100 -> 3.3702535 | ER35: =((EP35/EP34)-1)*100 -> -25.602094 | ES35: ='[21]Rec y Obligaciones'!$DC35+'[21]Rec y Obligaciones'!$DD35 -> 482 | ET35: =(ES35/AK35)*100 -> 1.1431824 | EU35: =((ES35/ES34)-1)*100 -> 76.556777 | EV35: ='[21]Rec y Obligaciones'!$DG35 -> 435 | EW35: =(EV35/AK35)*100 -> 1.0317103 | EX35: =((EV35/EV34)-1)*100 -> -4.3956044 | EZ35: ='[21]Rec y Obligaciones'!$DS35 -> 8925 | FA35: =(EZ35/AK35)*100 -> 21.167849 | FB35: ='[21]Rec y Obligaciones'!$DF35+'[21]Rec y Obligaciones'!$DG35 -> 1856 | FC35: =(FB35/AK35)*100 -> 4.4019638 | FD35: ='[21]Rec y Obligaciones'!$DH35+'[21]Rec y Obligaciones'!$DI35 -> 3293 | FE35: =(FD35/AK35)*100 -> 7.8101653 | FF35: ='[21]Rec y Obligaciones'!$DL35+'[21]Rec y Obligaciones'!$DK35 -> 3776 | FG35: =(FF35/AK35)*100 -> 8.9557195 | FH35: ='[21]Rec y Obligaciones'!$DH35 -> 281 | FI35: =(FH35/AK35)*100 -> 0.66646112 | FJ35: ='[21]Rec y Obligaciones'!$DK35 -> 317 | FK35: =(FJ35/AK35)*100 -> 0.75184403 | FL35: 5987 | FM35: =(FL35/AK35)*100 -> 14.199654 | FN35: =((FL35/FL34)-1)*100 -> 37.537331 | FO35: ='[21]Rec y Obligaciones'!DY35 -> 4857.4 | FP35: =(FO35/AK35)*100 -> 11.520527 | FQ35: =((FO35/FO34)-1)*100 -> 22.327994 | FR35: ='[21]Rec y Obligaciones'!$DZ35 -> 7600 | FS35: =(FR35/AK35)*100 -> 18.025283 | FT35: =((FR35/FR34)-1)*100 -> 35.714286 | FU35: =FL35/EG35 -> 1.1548997 | FV35: =(FL35/AK35)*100 -> 14.199654 | FW35: =AK35/FL35 -> 7.0424253 | FX35: ='[21]Fin Gob Fed '!I35 -> 5782 | FY35: ='[21]Fin Gob Fed '!L35 -> 13.713445 | FZ35: ='[21]Fin Gob Fed '!M35 -> 32.766935 | GA35: ='[21]Fin Gob Fed '!N35 -> 2936 | GB35: ='[21]Fin Gob Fed '!O35 -> 6.9634514 | GC35: ='[21]Fin Gob Fed '!P35 -> -0.57568574 | GD35: ='[21]Fin Gob Fed '!$H35 -> 1.4183051 | GE35: ='[21]Fin Gob Fed '!$G35 -> 4.7885587 | GF35: ='[21]Reservas Int'!C35 -> 335.9 | GG35: =(GF35/(AR35))*100 -> 6.8845572 | GH35: =GF35-GF34 -> 171.9 | GI35: =(GH35/AR35)*100 -> 3.5232372 | GJ35: =(GF35*CE35) -> 2905.535 | GK35: =((GJ35/GJ34)-1)*100 -> 105.05413 | GL35: =GF35/(CY35/12) -> 7.2444285
A36: 1951 | B36: ='[14]EU Pob'!C36 -> 154287000 | C36: ='[14]EU PIB'!B36 -> 2473.758 | D36: ='[14]EU PIB'!C36 -> 8 | E36: ='[14]EU PIB'!D36 -> 346.914 | F36: ='[14]EU PIB'!E36 -> 7.088602 | G36: ='[14]EU PIB'!F36 -> 14.023765 | H36: ='[14]EU PIB'!G36 -> 7.088602 | I36: ='[14]EU PIB'!H36 -> 2248.4979 | J36: ='[14]EU INF A'!$J36 -> 111.27705 | K36: =((J36/J35)-1)*100 -> 11.27705 | L36: ='[14]EU INF A'!$L36 -> 110.08839 | M36: =((L36/L35)-1)*100 -> 1.3468013 | N36: ='[14]EU INF A'!$F36 -> 107.86011 | O36: =((N36/N35)-1)*100 -> 7.8601108 | P36: ='[14]EU INF A'!$H36 -> 106 | Q36: =((P36/P35)-1)*100 -> 6 | R36: ='[14]EU tasas'!B36 -> 2.85 | S36: ='[14]EU tasas'!C36 -> 2.555 | T36: ='[14]EU tasas'!D36 -> 1.73 | U36: ='[14]EU tasas'!E36 -> 1.5175 | V36: ='[14]EU Bal Fis'!B36 -> 1.75698 | W36: ='[14]UK Pet'!B95 -> 1.71 | X36: ='[14]UK Pet'!C95 -> 0 | Y36: =[17]POBLACIÓN!$E36 -> 26584746 | Z36: =((Y36/Y35)-1)*100 -> 3.077609 | AA36: =[17]POBLACIÓN!$F36 -> 11520620 | AB36: =(AA36/Y36)*100 -> 43.335453 | AC36: =[17]POBLACIÓN!$G36 -> 15064126 | AD36: =(AC36/Y36)*100 -> 56.664547 | AE36: =[17]POBLACIÓN!$M36 -> 8530644.5 | AF36: =(AE36/Y36)*100 -> 32.088493 | AG36: =[18]PIB!D36 -> 45423.749 | AH36: =[18]PIB!E36 -> 7.7336731 | AI36: =[18]PIB!H36 -> 119.7061 | AJ36: =[18]PIB!I36 -> 19.706105 | AK36: =[18]PIB!B36 -> 54375 | AL36: =[18]PIB!C36 -> 28.963783 | AM36: =(AG36*1000)/AE36 -> 5.3247733 | AN36: ='[18]PIB POT'!F36 -> 44352.99 | AO36: ='[18]PIB POT'!G36 -> 105.89358 | AP36: ='[18]PIB POT'!H36 -> 5.8935809 | AQ36: =(((1+(AH36/100))/(1+(AP36/100)))-1)*100 -> 1.7376806 | AR36: =(AK36)/CC36 -> 6301.9123 | AS36: =((AR36/AR35)-1)*100 -> 29.163071 | AT36: =(AR36*1000000)/Y36 -> 237.04993 | AU36: =((AT36/AT35)-1)*100 -> 25.306623 | AV36: =(BL36+BK36)/AH36 -> 1.9835038 | AW36: 1.38 | AX36: ='[18]Inv Nom'!C36 -> 8341 | AY36: =((AX36/AX35)-1)*100 -> 48.813559 | AZ36: ='[18]Inv Nom'!D36 -> 5330 | BA36: =((AZ36/AZ35)-1)*100 -> 92.766727 | BB36: ='[18]Inv Nom'!E36 -> 3011 | BC36: =((BB36/BB35)-1)*100 -> 6.0211268 | BD36: =(AX36/AK36)*100 -> 15.33977 | BE36: =DO36 -> -3.2260049 | BF36: =BD36-BE36 -> 18.565775 | BG36: =BF36-BH36 -> 12.124212 | BH36: =BJ36+BK36 -> 6.4415632 | BI36: =BG36-BL36 -> 2.321913 | BJ36: =DW36 -> 0.90409195 | BK36: =(BB36/AK36)*100 -> 5.5374713 | BL36: =(AZ36/AK36)*100 -> 9.8022989 | BM36: - | BN36: - | BO36: - | BP36: - | BQ36: - | BR36: - | BS36: - | BT36: - | BU36: - | BV36: ='[15]Precios M Anual'!B36 -> 124.39946 | BW36: =((BV36/BV35)-1)*100 -> 24.399461 | BX36: ='[15]Precios M Anual'!D36 -> 119.70781 | BY36: =((BX36/BX35)-1)*100 -> 19.707812 | BZ36: ='[15]Fuente Bortz y otros'!G36 -> 112.96296 | CA36: ='[15]Fuente Bortz y otros'!I36 -> 12.962963 | CB36: ='[15]Tasas int'!$B36 -> 8 | CC36: ='[19]TCA B64'!$B36 -> 8.6283333 | CD36: =((CC36/CC35)-1)*100 -> -0.15429122 | CE36: =[19]TCA!$D36 -> 8.6 | CF36: =((CE36/CE35)-1)*100 -> -0.57803468 | CG36: ='[19]TCA B64'!$I36 -> 91.41145 | CH36: =((CG36/CG35)-1)*100 -> 11.965311 | CI36: =[19]TCA!$H36 -> 96.337849 | CJ36: =((CI36/CI35)-1)*100 -> 18.803737 | CK36: =[22]SMIN!$E36 -> 3.35 | CL36: 1.15 | CM36: =[22]SMIN!$G36 -> 100 | CN36: =(CM36/BV36)*100 -> 80.386201 | CO36: =[22]SIND!$B$19 -> 182.95902 | CP36: ='[15]Terminos de Int'!B36 -> 97.048659 | CQ36: ='[15]Terminos de Int'!C36 -> -2.9513408 | CR36: =[16]bp!G36 -> -203.3 | CS36: =[16]bp!H36 -> 1042.6 | CT36: =[16]bp!I36 -> 720.1 | CU36: =[16]bp!J36 -> 259.2 | CV36: =[16]bp!K36 -> 22.3 | CW36: =[16]bp!L36 -> 40.9 | CX36: =[16]bp!M36 -> 1245.8 | CY36: =[16]bp!N36 -> 936 | ... DG36: =[16]bp!V36 -> 0 | DH36: ='[18]Inv Ext'!B36 -> 120.609 | DI36: =(DH36/AR36)*100 -> 1.9138476 | DJ36: =((CT36+CY36)/AR36)*100 -> 26.279325 | DK36: =CT36-CY36 -> -215.9 | DL36: =(DK36/AR36)*100 -> -3.4259442 | DM36: =((CT36/CT35)-1)*100 -> 2.9596797 | DN36: =((CY36/CY35)-1)*100 -> 68.224299 | DO36: =(CR36/AR36)*100 -> -3.2260049 | DP36: =(DC36/AR36)*100 -> 0.8759246 | DQ36: - | DR36: =[20]GobFed!$X36 -> 4388 | DS36: =[20]GobFed!$X105 -> 8.0698851 | DT36: =[20]GobFed!$AO36 -> 3896.4 | DU36: =[20]GobFed!$AO105 -> 7.1657931 | DV36: =[20]GobFed!$BG36 -> 491.6 | DW36: =[20]GobFed!$BG105 -> 0.90409195 | DX36: - | DY36: - | DZ36: - | EA36: - | EB36: - | EC36: - | ED36: ='[20]Deuda Ext'!K36 -> 506.2 | EE36: =(ED36/AR36)*100 -> 8.0324825 | EG36: ='[21]Rec y Obligaciones'!$EA36 -> 5369 | EH36: =(EG36/AK36)*100 -> 9.874023 | EI36: =((EG36/EG35)-1)*100 -> 3.5686728 | EJ36: ='[21]Rec y Obligaciones'!C36 -> 2647 | EK36: =(EJ36/AK36)*100 -> 4.868046 | EL36: =((EJ36/EJ35)-1)*100 -> -6.9922699 | EM36: ='[21]Rec y Obligaciones'!$DE36+'[21]Rec y Obligaciones'!$DF36+'[21]Rec y Obligaciones'!$DG36 -> 2722 | EN36: =(EM36/AK36)*100 -> 5.005977 | EO36: =((EM36/EM35)-1)*100 -> 16.424294 | EP36: ='[21]Rec y Obligaciones'!$DF36 -> 1433 | EQ36: =(EP36/AK36)*100 -> 2.6354023 | ER36: =((EP36/EP35)-1)*100 -> 0.84447572 | ES36: ='[21]Rec y Obligaciones'!$DC36+'[21]Rec y Obligaciones'!$DD36 -> 630 | ET36: =(ES36/AK36)*100 -> 1.1586207 | EU36: =((ES36/ES35)-1)*100 -> 30.705394 | EV36: ='[21]Rec y Obligaciones'!$DG36 -> 659 | EW36: =(EV36/AK36)*100 -> 1.211954 | EX36: =((EV36/EV35)-1)*100 -> 51.494253 | EZ36: ='[21]Rec y Obligaciones'!$DS36 -> 10724 | FA36: =(EZ36/AK36)*100 -> 19.722299 | FB36: ='[21]Rec y Obligaciones'!$DF36+'[21]Rec y Obligaciones'!$DG36 -> 2092 | FC36: =(FB36/AK36)*100 -> 3.8473563 | FD36: ='[21]Rec y Obligaciones'!$DH36+'[21]Rec y Obligaciones'!$DI36 -> 4114 | FE36: =(FD36/AK36)*100 -> 7.565977 | FF36: ='[21]Rec y Obligaciones'!$DL36+'[21]Rec y Obligaciones'!$DK36 -> 4518 | FG36: =(FF36/AK36)*100 -> 8.3089655 | FH36: ='[21]Rec y Obligaciones'!$DH36 -> 77 | FI36: =(FH36/AK36)*100 -> 0.1416092 | FJ36: ='[21]Rec y Obligaciones'!$DK36 -> 265 | FK36: =(FJ36/AK36)*100 -> 0.48735632 | FL36: 6800 | FM36: =(FL36/AK36)*100 -> 12.505747 | FN36: =((FL36/FL35)-1)*100 -> 13.579422 | FO36: ='[21]Rec y Obligaciones'!DY36 -> 6290.3 | FP36: =(FO36/AK36)*100 -> 11.568368 | FQ36: =((FO36/FO35)-1)*100 -> 29.499321 | FR36: ='[21]Rec y Obligaciones'!$DZ36 -> 9100 | FS36: =(FR36/AK36)*100 -> 16.735632 | FT36: =((FR36/FR35)-1)*100 -> 19.736842 | FU36: =FL36/EG36 -> 1.2665301 | FV36: =(FL36/AK36)*100 -> 12.505747 | FW36: =AK36/FL36 -> 7.9963235 | FX36: ='[21]Fin Gob Fed '!I36 -> 5711 | FY36: ='[21]Fin Gob Fed '!L36 -> 10.502989 | FZ36: ='[21]Fin Gob Fed '!M36 -> -1.2279488 | GA36: ='[21]Fin Gob Fed '!N36 -> 3064 | GB36: ='[21]Fin Gob Fed '!O36 -> 5.6349425 | GC36: ='[21]Fin Gob Fed '!P36 -> 4.359673 | GD36: ='[21]Fin Gob Fed '!$H36 -> 0.62896552 | GE36: ='[21]Fin Gob Fed '!$G36 -> 3.2643678 | GF36: ='[21]Reservas Int'!C36 -> 328.4 | GG36: =(GF36/(AR36))*100 -> 5.2111166 | GH36: =GF36-GF35 -> -7.5 | GI36: =(GH36/AR36)*100 -> -0.11901149 | GJ36: =(GF36*CE36) -> 2824.24 | GK36: =((GJ36/GJ35)-1)*100 -> -2.7979357 | GL36: =GF36/(CY36/12) -> 4.2102564
A37: 1952 | B37: ='[14]EU Pob'!C37 -> 156954000 | C37: ='[14]EU PIB'!B37 -> 2574.898 | D37: ='[14]EU PIB'!C37 -> 4.1 | E37: ='[14]EU PIB'!D37 -> 367.341 | F37: ='[14]EU PIB'!E37 -> 1.7289962 | G37: ='[14]EU PIB'!F37 -> 14.266235 | H37: ='[14]EU PIB'!G37 -> 1.7289962 | I37: ='[14]EU PIB'!H37 -> 2340.4373 | J37: ='[14]EU INF A'!$J37 -> 108.25968 | K37: =((J37/J36)-1)*100 -> -2.7115859 | L37: ='[14]EU INF A'!$L37 -> 106.43097 | M37: =((L37/L36)-1)*100 -> -3.3222591 | N37: ='[14]EU INF A'!$F37 -> 110.31856 | O37: =((N37/N36)-1)*100 -> 2.2792937 | P37: ='[14]EU INF A'!$H37 -> 106.8 | Q37: =((P37/P36)-1)*100 -> 0.75471698 | R37: ='[14]EU tasas'!B37 -> 3 | S37: ='[14]EU tasas'!C37 -> 3 | T37: ='[14]EU tasas'!D37 -> 2.09 | U37: ='[14]EU tasas'!E37 -> 1.7225 | V37: ='[14]EU Bal Fis'!B37 -> -0.41311 | W37: ='[14]UK Pet'!B96 -> 1.71 | X37: ='[14]UK Pet'!C96 -> 0 | Y37: =[17]POBLACIÓN!$E37 -> 27402921 | Z37: =((Y37/Y36)-1)*100 -> 3.077609 | AA37: =[17]POBLACIÓN!$F37 -> 12084028 | AB37: =(AA37/Y37)*100 -> 44.097592 | AC37: =[17]POBLACIÓN!$G37 -> 15318892 | AD37: =(AC37/Y37)*100 -> 55.902408 | AE37: =[17]POBLACIÓN!$M37 -> 8797277.3 | AF37: =(AE37/Y37)*100 -> 32.103429 | AG37: =[18]PIB!D37 -> 47230.17 | AH37: =[18]PIB!E37 -> 3.9768205 | AI37: =[18]PIB!H37 -> 129.13991 | AJ37: =[18]PIB!I37 -> 7.8808084 | AK37: =[18]PIB!B37 -> 60993 | AL37: =[18]PIB!C37 -> 12.171034 | AM37: =(AG37*1000)/AE37 -> 5.3687258 | AN37: ='[18]PIB POT'!F37 -> 47001.22 | AO37: ='[18]PIB POT'!G37 -> 112.21628 | AP37: ='[18]PIB POT'!H37 -> 5.9708026 | AQ37: =(((1+(AH37/100))/(1+(AP37/100)))-1)*100 -> -1.8816335 | AR37: =(AK37)/CC37 -> 7085.3437 | AS37: =((AR37/AR36)-1)*100 -> 12.431645 | AT37: =(AR37*1000000)/Y37 -> 258.56162 | AU37: =((AT37/AT36)-1)*100 -> 9.0747504 | AV37: =(BL37+BK37)/AH37 -> 3.9722424 | AW37: 1.38 | AX37: ='[18]Inv Nom'!C37 -> 9635 | AY37: =((AX37/AX36)-1)*100 -> 15.513727 | AZ37: ='[18]Inv Nom'!D37 -> 6157 | BA37: =((AZ37/AZ36)-1)*100 -> 15.515947 | BB37: ='[18]Inv Nom'!E37 -> 3478 | BC37: =((BB37/BB36)-1)*100 -> 15.509797 | BD37: =(AX37/AK37)*100 -> 15.796895 | BE37: =DO37 -> -3.007617 | BF37: =BD37-BE37 -> 18.804512 | BG37: =BF37-BH37 -> 13.368642 | BH37: =BJ37+BK37 -> 5.4358697 | BI37: =BG37-BL37 -> 3.274041 | BJ37: =DW37 -> -0.26642402 | BK37: =(BB37/AK37)*100 -> 5.7022937 | BL37: =(AZ37/AK37)*100 -> 10.094601 | BM37: - | BN37: - | BO37: - | BP37: - | BQ37: - | BR37: - | BS37: - | BT37: - | BU37: - | BV37: ='[15]Precios M Anual'!B37 -> 128.89744 | BW37: =((BV37/BV36)-1)*100 -> 3.6157582 | BX37: ='[15]Precios M Anual'!D37 -> 117.08408 | BY37: =((BX37/BX36)-1)*100 -> -2.1917808 | BZ37: ='[15]Fuente Bortz y otros'!G37 -> 128.7037 | CA37: ='[15]Fuente Bortz y otros'!I37 -> 13.934426 | CB37: ='[15]Tasas int'!$B37 -> 8 | CC37: ='[19]TCA B64'!$B37 -> 8.6083333 | CD37: =((CC37/CC36)-1)*100 -> -0.23179448 | CE37: =[19]TCA!$D37 -> 8.6 | CF37: =((CE37/CE36)-1)*100 -> 0 | CG37: ='[19]TCA B64'!$I37 -> 97.582766 | CH37: =((CG37/CG36)-1)*100 -> 6.7511407 | CI37: =[19]TCA!$H37 -> 97.464353 | CJ37: =((CI37/CI36)-1)*100 -> 1.1693264 | CK37: =[22]SMIN!$E37 -> 5.35 | CL37: 1.15 | CM37: =[22]SMIN!$G37 -> 159.70149 | CN37: =(CM37/BV37)*100 -> 123.89811 | CO37: =[22]SIND!$B$19 -> 182.95902 | CP37: ='[15]Terminos de Int'!B37 -> 98.261826 | CQ37: ='[15]Terminos de Int'!C37 -> 1.2500605 | CR37: =[16]bp!G37 -> -213.1 | CS37: =[16]bp!H37 -> 1070.8 | CT37: =[16]bp!I37 -> 729.4 | CU37: =[16]bp!J37 -> 278 | CV37: =[16]bp!K37 -> 27.1 | CW37: =[16]bp!L37 -> 36.4 | CX37: =[16]bp!M37 -> 1284 | CY37: =[16]bp!N37 -> 945.7 | ... DG37: =[16]bp!V37 -> 0 | DH37: ='[18]Inv Ext'!B37 -> 68.172 | DI37: =(DH37/AR37)*100 -> 0.96215517 | DJ37: =((CT37+CY37)/AR37)*100 -> 23.641761 | DK37: =CT37-CY37 -> -216.3 | DL37: =(DK37/AR37)*100 -> -3.0527806 | DM37: =((CT37/CT36)-1)*100 -> 1.2914873 | DN37: =((CY37/CY36)-1)*100 -> 1.0363248 | DO37: =(CR37/AR37)*100 -> -3.007617 | DP37: =(DC37/AR37)*100 -> 0.49962291 | DQ37: - | DR37: =[20]GobFed!$X37 -> 4818.8 | DS37: =[20]GobFed!$X106 -> 7.9005788 | DT37: =[20]GobFed!$AO37 -> 4981.3 | DU37: =[20]GobFed!$AO106 -> 8.1670028 | DV37: =[20]GobFed!$BG37 -> -162.5 | DW37: =[20]GobFed!$BG106 -> -0.26642402 | DX37: - | DY37: - | DZ37: - | EA37: - | EB37: - | EC37: - | ED37: - | EE37: - | EG37: ='[21]Rec y Obligaciones'!$EA37 -> 5670 | EH37: =(EG37/AK37)*100 -> 9.2961487 | EI37: =((EG37/EG36)-1)*100 -> 5.6062581 | EJ37: ='[21]Rec y Obligaciones'!C37 -> 2563 | EK37: =(EJ37/AK37)*100 -> 4.2021216 | EL37: =((EJ37/EJ36)-1)*100 -> -3.1734039 | EM37: ='[21]Rec y Obligaciones'!$DE37+'[21]Rec y Obligaciones'!$DF37+'[21]Rec y Obligaciones'!$DG37 -> 3107 | EN37: =(EM37/AK37)*100 -> 5.0940272 | EO37: =((EM37/EM36)-1)*100 -> 14.144012 | EP37: ='[21]Rec y Obligaciones'!$DF37 -> 1539 | EQ37: =(EP37/AK37)*100 -> 2.5232404 | ER37: =((EP37/EP36)-1)*100 -> 7.3970691 | ES37: ='[21]Rec y Obligaciones'!$DC37+'[21]Rec y Obligaciones'!$DD37 -> 784 | ET37: =(ES37/AK37)*100 -> 1.2853934 | EU37: =((ES37/ES36)-1)*100 -> 24.444444 | EV37: ='[21]Rec y Obligaciones'!$DG37 -> 784 | EW37: =(EV37/AK37)*100 -> 1.2853934 | EX37: =((EV37/EV36)-1)*100 -> 18.968134 | EZ37: ='[21]Rec y Obligaciones'!$DS37 -> 11799 | FA37: =(EZ37/AK37)*100 -> 19.344843 | FB37: ='[21]Rec y Obligaciones'!$DF37+'[21]Rec y Obligaciones'!$DG37 -> 2323 | FC37: =(FB37/AK37)*100 -> 3.8086338 | FD37: ='[21]Rec y Obligaciones'!$DH37+'[21]Rec y Obligaciones'!$DI37 -> 4509 | FE37: =(FD37/AK37)*100 -> 7.3926516 | FF37: ='[21]Rec y Obligaciones'!$DL37+'[21]Rec y Obligaciones'!$DK37 -> 4967 | FG37: =(FF37/AK37)*100 -> 8.1435575 | FH37: ='[21]Rec y Obligaciones'!$DH37 -> 139 | FI37: =(FH37/AK37)*100 -> 0.227895 | FJ37: ='[21]Rec y Obligaciones'!$DK37 -> 212 | FK37: =(FJ37/AK37)*100 -> 0.34758087 | FL37: 7079 | FM37: =(FL37/AK37)*100 -> 11.60625 | FN37: =((FL37/FL36)-1)*100 -> 4.1029412 | FO37: ='[21]Rec y Obligaciones'!DY37 -> 6544.1 | FP37: =(FO37/AK37)*100 -> 10.729264 | FQ37: =((FO37/FO36)-1)*100 -> 4.0347837 | FR37: ='[21]Rec y Obligaciones'!$DZ37 -> 9500 | FS37: =(FR37/AK37)*100 -> 15.575558 | FT37: =((FR37/FR36)-1)*100 -> 4.3956044 | FU37: =FL37/EG37 -> 1.2485009 | FV37: =(FL37/AK37)*100 -> 11.60625 | FW37: =AK37/FL37 -> 8.6160475 | FX37: ='[21]Fin Gob Fed '!I37 -> 6021 | FY37: ='[21]Fin Gob Fed '!L37 -> 9.8716246 | FZ37: ='[21]Fin Gob Fed '!M37 -> 5.4281212 | GA37: ='[21]Fin Gob Fed '!N37 -> 3458 | GB37: ='[21]Fin Gob Fed '!O37 -> 5.6695031 | GC37: ='[21]Fin Gob Fed '!P37 -> 12.859008 | GD37: ='[21]Fin Gob Fed '!$H37 -> 0.57547587 | GE37: ='[21]Fin Gob Fed '!$G37 -> 3.0987162 | GF37: ='[21]Reservas Int'!C37 -> 307.8 | GG37: =(GF37/(AR37))*100 -> 4.3441788 | GH37: =GF37-GF36 -> -20.6 | GI37: =(GH37/AR37)*100 -> -0.29074101 | GJ37: =(GF37*CE37) -> 2647.08 | GK37: =((GJ37/GJ36)-1)*100 -> -6.272838 | GL37: =GF37/(CY37/12) -> 3.9056783
A38: 1953 | B38: ='[14]EU Pob'!C38 -> 159565000 | C38: ='[14]EU PIB'!B38 -> 2695.614 | D38: ='[14]EU PIB'!C38 -> 4.7 | E38: ='[14]EU PIB'!D38 -> 389.218 | F38: ='[14]EU PIB'!E38 -> 1.2105627 | G38: ='[14]EU PIB'!F38 -> 14.438937 | H38: ='[14]EU PIB'!G38 -> 1.2105627 | I38: ='[14]EU PIB'!H38 -> 2439.2442 | J38: ='[14]EU INF A'!$J38 -> 106.70527 | K38: =((J38/J37)-1)*100 -> -1.4358108 | L38: ='[14]EU INF A'!$L38 -> 106.79671 | M38: =((L38/L37)-1)*100 -> 0.34364261 | N38: ='[14]EU INF A'!$F38 -> 111.21884 | O38: =((N38/N37)-1)*100 -> 0.81607031 | P38: ='[14]EU INF A'!$H38 -> 107.6 | Q38: =((P38/P37)-1)*100 -> 0.74906367 | R38: ='[14]EU tasas'!B38 -> 3.25 | S38: ='[14]EU tasas'!C38 -> 3.1691667 | T38: ='[14]EU tasas'!D38 -> 1.6 | U38: ='[14]EU tasas'!E38 -> 1.8908333 | V38: ='[14]EU Bal Fis'!B38 -> -1.66615 | W38: ='[14]UK Pet'!B97 -> 1.93 | X38: ='[14]UK Pet'!C97 -> 12.865497 | Y38: =[17]POBLACIÓN!$E38 -> 28246275 | Z38: =((Y38/Y37)-1)*100 -> 3.077609 | AA38: =[17]POBLACIÓN!$F38 -> 12674989 | AB38: =(AA38/Y38)*100 -> 44.873136 | AC38: =[17]POBLACIÓN!$G38 -> 15571286 | AD38: =(AC38/Y38)*100 -> 55.126864 | AE38: =[17]POBLACIÓN!$M38 -> 9072244 | AF38: =(AE38/Y38)*100 -> 32.118372 | AG38: =[18]PIB!D38 -> 47359.586 | AH38: =[18]PIB!E38 -> 0.2740118 | AI38: =[18]PIB!H38 -> 128.09234 | AJ38: =[18]PIB!I38 -> -0.8111952 | AK38: =[18]PIB!B38 -> 60664 | AL38: =[18]PIB!C38 -> -0.53940616 | AM38: =(AG38*1000)/AE38 -> 5.2202725 | AN38: ='[18]PIB POT'!F38 -> 49825.796 | AO38: ='[18]PIB POT'!G38 -> 118.96001 | AP38: ='[18]PIB POT'!H38 -> 6.0095815 | AQ38: =(((1+(AH38/100))/(1+(AP38/100)))-1)*100 -> -5.4104257 | AR38: =(AK38)/CC38 -> 7047.1249 | AS38: =((AR38/AR37)-1)*100 -> -0.53940616 | AT38: =(AR38*1000000)/Y38 -> 249.48864 | AU38: =((AT38/AT37)-1)*100 -> -3.5090213 | AV38: =(BL38+BK38)/AH38 -> 52.885664 | AW38: 1.38 | AX38: ='[18]Inv Nom'!C38 -> 8791 | AY38: =((AX38/AX37)-1)*100 -> -8.7597302 | AZ38: ='[18]Inv Nom'!D38 -> 5533 | BA38: =((AZ38/AZ37)-1)*100 -> -10.134806 | BB38: ='[18]Inv Nom'!E38 -> 3258 | BC38: =((BB38/BB37)-1)*100 -> -6.3254744 | BD38: =(AX38/AK38)*100 -> 14.491296 | BE38: =DO38 -> -2.9004736 | BF38: =BD38-BE38 -> 17.39177 | BG38: =BF38-BH38 -> 12.497104 | BH38: =BJ38+BK38 -> 4.8946657 | BI38: =BG38-BL38 -> 3.3763737 | BJ38: =DW38 -> -0.47590004 | BK38: =(BB38/AK38)*100 -> 5.3705657 | BL38: =(AZ38/AK38)*100 -> 9.1207306 | BM38: - | BN38: - | BO38: - | BP38: - | BQ38: - | BR38: - | BS38: - | BT38: - | BU38: - | BV38: ='[15]Precios M Anual'!B38 -> 126.4833 | BW38: =((BV38/BV37)-1)*100 -> -1.8729167 | BX38: ='[15]Precios M Anual'!D38 -> 117.94872 | BY38: =((BX38/BX37)-1)*100 -> 0.73847721 | BZ38: ='[15]Fuente Bortz y otros'!G38 -> 126.85185 | CA38: ='[15]Fuente Bortz y otros'!I38 -> -1.4388489 | CB38: ='[15]Tasas int'!$B38 -> 8 | CC38: ='[19]TCA B64'!$B38 -> 8.6083333 | CD38: =((CC38/CC37)-1)*100 -> 2.220446e-14 | CE38: =[19]TCA!$D38 -> 8.61 | CF38: =((CE38/CE37)-1)*100 -> 0.11627907 | CG38: ='[19]TCA B64'!$I38 -> 97.150012 | CH38: =((CG38/CG37)-1)*100 -> -0.44347329 | CI38: =[19]TCA!$H38 -> 97.734214 | CJ38: =((CI38/CI37)-1)*100 -> 0.2768814 | CK38: =[22]SMIN!$E38 -> 5.35 | CL38: 1.15 | CM38: =[22]SMIN!$G38 -> 159.70149 | CN38: =(CM38/BV38)*100 -> 126.26291 | CO38: =[22]SIND!$B$19 -> 182.95902 | CP38: ='[15]Terminos de Int'!B38 -> 100.49505 | CQ38: ='[15]Terminos de Int'!C38 -> 2.2727273 | CR38: =[16]bp!G38 -> -204.4 | CS38: =[16]bp!H38 -> 1016.1 | CT38: =[16]bp!I38 -> 638.1 | CU38: =[16]bp!J38 -> 310.6 | CV38: =[16]bp!K38 -> 25.5 | CW38: =[16]bp!L38 -> 42 | CX38: =[16]bp!M38 -> 1220.6 | CY38: =[16]bp!N38 -> 835.8 | ... DG38: =[16]bp!V38 -> 0 | DH38: ='[18]Inv Ext'!B38 -> 41.816 | DI38: =(DH38/AR38)*100 -> 0.59337674 | DJ38: =((CT38+CY38)/AR38)*100 -> 20.914912 | DK38: =CT38-CY38 -> -197.7 | DL38: =(DK38/AR38)*100 -> -2.8053994 | DM38: =((CT38/CT37)-1)*100 -> -12.517137 | DN38: =((CY38/CY37)-1)*100 -> -11.621021 | DO38: =(CR38/AR38)*100 -> -2.9004736 | DP38: =(DC38/AR38)*100 -> 0.49949448 | DQ38: - | DR38: =[20]GobFed!$X38 -> 4492.3 | DS38: =[20]GobFed!$X107 -> 7.4052156 | DT38: =[20]GobFed!$AO38 -> 4781 | DU38: =[20]GobFed!$AO107 -> 7.8811157 | DV38: =[20]GobFed!$BG38 -> -288.7 | DW38: =[20]GobFed!$BG107 -> -0.47590004 | DX38: - | DY38: - | DZ38: - | EA38: - | EB38: - | EC38: - | ED38: - | EE38: - | EG38: ='[21]Rec y Obligaciones'!$EA38 -> 5998 | EH38: =(EG38/AK38)*100 -> 9.8872478 | EI38: =((EG38/EG37)-1)*100 -> 5.7848325 | EJ38: ='[21]Rec y Obligaciones'!C38 -> 2337 | EK38: =(EJ38/AK38)*100 -> 3.8523671 | EL38: =((EJ38/EJ37)-1)*100 -> -8.8177917 | EM38: ='[21]Rec y Obligaciones'!$DE38+'[21]Rec y Obligaciones'!$DF38+'[21]Rec y Obligaciones'!$DG38 -> 3661 | EN38: =(EM38/AK38)*100 -> 6.0348807 | EO38: =((EM38/EM37)-1)*100 -> 17.830705 | EP38: ='[21]Rec y Obligaciones'!$DF38 -> 1761 | EQ38: =(EP38/AK38)*100 -> 2.9028749 | ER38: =((EP38/EP37)-1)*100 -> 14.424951 | ES38: ='[21]Rec y Obligaciones'!$DC38+'[21]Rec y Obligaciones'!$DD38 -> 871 | ET38: =(ES38/AK38)*100 -> 1.4357774 | EU38: =((ES38/ES37)-1)*100 -> 11.096939 | EV38: ='[21]Rec y Obligaciones'!$DG38 -> 1029 | EW38: =(EV38/AK38)*100 -> 1.6962284 | EX38: =((EV38/EV37)-1)*100 -> 31.25 | EZ38: ='[21]Rec y Obligaciones'!$DS38 -> 13475 | FA38: =(EZ38/AK38)*100 -> 22.212515 | FB38: ='[21]Rec y Obligaciones'!$DF38+'[21]Rec y Obligaciones'!$DG38 -> 2790 | FC38: =(FB38/AK38)*100 -> 4.5991033 | FD38: ='[21]Rec y Obligaciones'!$DH38+'[21]Rec y Obligaciones'!$DI38 -> 5487 | FE38: =(FD38/AK38)*100 -> 9.0449031 | FF38: ='[21]Rec y Obligaciones'!$DL38+'[21]Rec y Obligaciones'!$DK38 -> 5198 | FG38: =(FF38/AK38)*100 -> 8.5685085 | FH38: ='[21]Rec y Obligaciones'!$DH38 -> 266 | FI38: =(FH38/AK38)*100 -> 0.43848081 | FJ38: ='[21]Rec y Obligaciones'!$DK38 -> 318 | FK38: =(FJ38/AK38)*100 -> 0.52419887 | FL38: 7652 | FM38: =(FL38/AK38)*100 -> 12.613741 | FN38: =((FL38/FL37)-1)*100 -> 8.0943636 | FO38: ='[21]Rec y Obligaciones'!DY38 -> 7042.4 | FP38: =(FO38/AK38)*100 -> 11.608862 | FQ38: =((FO38/FO37)-1)*100 -> 7.6144924 | FR38: ='[21]Rec y Obligaciones'!$DZ38 -> 11400 | FS38: =(FR38/AK38)*100 -> 18.792035 | FT38: =((FR38/FR37)-1)*100 -> 20 | FU38: =FL38/EG38 -> 1.2757586 | FV38: =(FL38/AK38)*100 -> 12.613741 | FW38: =AK38/FL38 -> 7.927862 | FX38: ='[21]Fin Gob Fed '!I38 -> 6582 | FY38: ='[21]Fin Gob Fed '!L38 -> 10.849927 | FZ38: ='[21]Fin Gob Fed '!M38 -> 9.3173891 | GA38: ='[21]Fin Gob Fed '!N38 -> 4245 | GB38: ='[21]Fin Gob Fed '!O38 -> 6.9975603 | GC38: ='[21]Fin Gob Fed '!P38 -> 22.75882 | GD38: ='[21]Fin Gob Fed '!$H38 -> 0.96267968 | GE38: ='[21]Fin Gob Fed '!$G38 -> 3.8655545 | GF38: ='[21]Reservas Int'!C38 -> 266 | GG38: =(GF38/(AR38))*100 -> 3.774589 | GH38: =GF38-GF37 -> -41.8 | GI38: =(GH38/AR38)*100 -> -0.5931497 | GJ38: =(GF38*CE38) -> 2290.26 | GK38: =((GJ38/GJ37)-1)*100 -> -13.479759 | GL38: =GF38/(CY38/12) -> 3.8190955
